Workbook
Name _GCR1: #REF!
Name _GCR1: #REF!
Name _GCR1: #REF!
Name _GCR2: #REF!
Name _GCR2: #REF!
Name _GCR2: #REF!
Name _GCR3: #REF!
Name _GCR3: #REF!
Name _GCR3: #REF!
Name _KPR1: #REF!
Name _KPR1: #REF!
Name _KPR1: #REF!
Name _KPR2: #REF!
Name _KPR2: #REF!
Name _KPR2: #REF!
Name _KPR3: #REF!
Name _KPR3: #REF!
Name _KPR3: #REF!
Name CDF2AT: #REF!
Name CDF2AT: #REF!
Name CDF2AT: #REF!
Name CDF2ATMT: #REF!
Name CDF2ATMT: #REF!
Name CDF2ATMT: #REF!
Name CDF2BT: #REF!
Name CDF2BT: #REF!
Name CDF2BT: #REF!
Name CDF2BTES: #REF!
Name CDF2BTES: #REF!
Name CDF2BTES: #REF!
Name CDF2BTop: #REF!
Name CDF2BTop: #REF!
Name CDF2BTop: #REF!
Name CDF2MT: #REF!
Name CDF2MT: #REF!
Name CDF2MT: #REF!
Name CDF2MTBT: #REF!
Name CDF2MTBT: #REF!
Name CDF2MTBT: #REF!
Name CDFAP: #REF!
Name CDFAP: #REF!
Name CDFAP: #REF!
Name CDFATMT: #REF!
Name CDFATMT: #REF!
Name CDFATMT: #REF!
Name CDFG: #REF!
Name CDFG: #REF!
Name CDFG: #REF!
Name CDFR1: #REF!
Name CDFR1: #REF!
Name CDFR1: #REF!
Name CDFR2: #REF!
Name CDFR2: #REF!
Name CDFR2: #REF!
Name CDFR3: #REF!
Name CDFR3: #REF!
Name CDFR3: #REF!
Name CDFRiegoBT: #REF!
Name CDFRiegoBT: #REF!
Name CDFRiegoBT: #REF!

Sheet Carga de datos
B1: SIMULADOR DE ESTABILIZACIÓN DE LA FACTURA ELÉCTRICA DE RIEGO AGRÍCOLA
B3: El esquema de estabilización de la factura eléctrica es una alternativa que permite al productor trasladar costos eléctricos desde meses en los que debe afrontar elevados gastos en fertilizaciones, curaciones y trabajos con maquinaria (agosto a diciembre generalmente) hacia meses posteriores, permitiendo aliviar el bolsillo del productor en una etapa donde la provisión del recurso hidrico resulta esencial. Esto permite que el costo de la electricidad consumida durante esos meses se traslade a meses en los cuales el consumo es menor y el productor ya habrá llevado adelante la cosecha.
B5: El presente simulador estima la facturación eléctrica del productor desde agosto de 2021 a julio de 2022 asumiendo que no se producen nuevos incrementos tarifarios.
G6: 1
B7: Modificar solo celdas en amarillo y elegir entre las distintas opciones presentadas | G7: =+G6+7 -> 8 | H7: =IF(G7=1,DATE(2021,1,1),0)+IF(G7=2,DATE(2021,2,1),0)+IF(G7=3,DATE(2021,3,1),0)+IF(G7=4,DATE(2021,4,1),0)+IF(G7=5,DATE(2021,5,1),0)+IF(G7=6,DATE(2021,6,1),0)+IF(G7=7,DATE(2021,7,1),0)+IF(G7=8,DATE(2021,8,1),0)+IF(G7=9,DATE(2021,9,1),0)+IF(G7=10,DATE(2021,10,1),0)+IF(G7=11,DATE(2021,11,1),0)+IF(G7=12,DATE(2021,12,1),0)+IF(G7=13,DATE(2022,1,1),0)+IF(G7=14,DATE(2022,2,1),0)+IF(G7=15,DATE(2022,3,1),0)+IF(G7=16,DATE(2022,4,1),0)+IF(G7=17,DATE(2022,5,1),0)+IF(G7=18,DATE(2022,6,1),0)+IF(G7=19,DATE(2022,7,1),0)+IF(G7=20,DATE(2022,8,1),0)+IF(G7=21,DATE(2022,9,1),0)+IF(G7=22,DATE(2022,10,1),0)+IF(G7=23,DATE(2022,11,1),0)+IF(G7=24,DATE(2022,12,1),0) -> 44409
B8: En la hoja "Resultado" se muestra la estimación resultante | G8: =+G7+1 -> 9 | H8: =IF(G8=1,DATE(2021,1,1),0)+IF(G8=2,DATE(2021,2,1),0)+IF(G8=3,DATE(2021,3,1),0)+IF(G8=4,DATE(2021,4,1),0)+IF(G8=5,DATE(2021,5,1),0)+IF(G8=6,DATE(2021,6,1),0)+IF(G8=7,DATE(2021,7,1),0)+IF(G8=8,DATE(2021,8,1),0)+IF(G8=9,DATE(2021,9,1),0)+IF(G8=10,DATE(2021,10,1),0)+IF(G8=11,DATE(2021,11,1),0)+IF(G8=12,DATE(2021,12,1),0)+IF(G8=13,DATE(2022,1,1),0)+IF(G8=14,DATE(2022,2,1),0)+IF(G8=15,DATE(2022,3,1),0)+IF(G8=16,DATE(2022,4,1),0)+IF(G8=17,DATE(2022,5,1),0)+IF(G8=18,DATE(2022,6,1),0)+IF(G8=19,DATE(2022,7,1),0)+IF(G8=20,DATE(2022,8,1),0)+IF(G8=21,DATE(2022,9,1),0)+IF(G8=22,DATE(2022,10,1),0)+IF(G8=23,DATE(2022,11,1),0)+IF(G8=24,DATE(2022,12,1),0) -> 44440
G9: =+G8+1 -> 10 | H9: =IF(G9=1,DATE(2021,1,1),0)+IF(G9=2,DATE(2021,2,1),0)+IF(G9=3,DATE(2021,3,1),0)+IF(G9=4,DATE(2021,4,1),0)+IF(G9=5,DATE(2021,5,1),0)+IF(G9=6,DATE(2021,6,1),0)+IF(G9=7,DATE(2021,7,1),0)+IF(G9=8,DATE(2021,8,1),0)+IF(G9=9,DATE(2021,9,1),0)+IF(G9=10,DATE(2021,10,1),0)+IF(G9=11,DATE(2021,11,1),0)+IF(G9=12,DATE(2021,12,1),0)+IF(G9=13,DATE(2022,1,1),0)+IF(G9=14,DATE(2022,2,1),0)+IF(G9=15,DATE(2022,3,1),0)+IF(G9=16,DATE(2022,4,1),0)+IF(G9=17,DATE(2022,5,1),0)+IF(G9=18,DATE(2022,6,1),0)+IF(G9=19,DATE(2022,7,1),0)+IF(G9=20,DATE(2022,8,1),0)+IF(G9=21,DATE(2022,9,1),0)+IF(G9=22,DATE(2022,10,1),0)+IF(G9=23,DATE(2022,11,1),0)+IF(G9=24,DATE(2022,12,1),0) -> 44470
B10: TIPO DE USUARIO | G10: =+G9+1 -> 11 | H10: =IF(G10=1,DATE(2021,1,1),0)+IF(G10=2,DATE(2021,2,1),0)+IF(G10=3,DATE(2021,3,1),0)+IF(G10=4,DATE(2021,4,1),0)+IF(G10=5,DATE(2021,5,1),0)+IF(G10=6,DATE(2021,6,1),0)+IF(G10=7,DATE(2021,7,1),0)+IF(G10=8,DATE(2021,8,1),0)+IF(G10=9,DATE(2021,9,1),0)+IF(G10=10,DATE(2021,10,1),0)+IF(G10=11,DATE(2021,11,1),0)+IF(G10=12,DATE(2021,12,1),0)+IF(G10=13,DATE(2022,1,1),0)+IF(G10=14,DATE(2022,2,1),0)+IF(G10=15,DATE(2022,3,1),0)+IF(G10=16,DATE(2022,4,1),0)+IF(G10=17,DATE(2022,5,1),0)+IF(G10=18,DATE(2022,6,1),0)+IF(G10=19,DATE(2022,7,1),0)+IF(G10=20,DATE(2022,8,1),0)+IF(G10=21,DATE(2022,9,1),0)+IF(G10=22,DATE(2022,10,1),0)+IF(G10=23,DATE(2022,11,1),0)+IF(G10=24,DATE(2022,12,1),0) -> 44501
B11: Empadronado - Compensado: Usuario inscripto en el padrón de riego agrícola y alcanzado por la compensación tarifaria (art. 36 Ley 6498), Decreto 1569/09 y Decreto 1742/16. (Hasta 50 hectáreas de superficie empadronada). | C11: 1 | D11: FALSE | G11: =+G10+1 -> 12 | H11: =IF(G11=1,DATE(2021,1,1),0)+IF(G11=2,DATE(2021,2,1),0)+IF(G11=3,DATE(2021,3,1),0)+IF(G11=4,DATE(2021,4,1),0)+IF(G11=5,DATE(2021,5,1),0)+IF(G11=6,DATE(2021,6,1),0)+IF(G11=7,DATE(2021,7,1),0)+IF(G11=8,DATE(2021,8,1),0)+IF(G11=9,DATE(2021,9,1),0)+IF(G11=10,DATE(2021,10,1),0)+IF(G11=11,DATE(2021,11,1),0)+IF(G11=12,DATE(2021,12,1),0)+IF(G11=13,DATE(2022,1,1),0)+IF(G11=14,DATE(2022,2,1),0)+IF(G11=15,DATE(2022,3,1),0)+IF(G11=16,DATE(2022,4,1),0)+IF(G11=17,DATE(2022,5,1),0)+IF(G11=18,DATE(2022,6,1),0)+IF(G11=19,DATE(2022,7,1),0)+IF(G11=20,DATE(2022,8,1),0)+IF(G11=21,DATE(2022,9,1),0)+IF(G11=22,DATE(2022,10,1),0)+IF(G11=23,DATE(2022,11,1),0)+IF(G11=24,DATE(2022,12,1),0) -> 44531
B12: Empadronado - No Compensado: Usuario inscripto en el padrón de riego agrícola y NO alcanzado por la compensación tarifaria. (Más de 50 hectáreas de superficie empadronada). | G12: =+G11+1 -> 13 | H12: =IF(G12=1,DATE(2021,1,1),0)+IF(G12=2,DATE(2021,2,1),0)+IF(G12=3,DATE(2021,3,1),0)+IF(G12=4,DATE(2021,4,1),0)+IF(G12=5,DATE(2021,5,1),0)+IF(G12=6,DATE(2021,6,1),0)+IF(G12=7,DATE(2021,7,1),0)+IF(G12=8,DATE(2021,8,1),0)+IF(G12=9,DATE(2021,9,1),0)+IF(G12=10,DATE(2021,10,1),0)+IF(G12=11,DATE(2021,11,1),0)+IF(G12=12,DATE(2021,12,1),0)+IF(G12=13,DATE(2022,1,1),0)+IF(G12=14,DATE(2022,2,1),0)+IF(G12=15,DATE(2022,3,1),0)+IF(G12=16,DATE(2022,4,1),0)+IF(G12=17,DATE(2022,5,1),0)+IF(G12=18,DATE(2022,6,1),0)+IF(G12=19,DATE(2022,7,1),0)+IF(G12=20,DATE(2022,8,1),0)+IF(G12=21,DATE(2022,9,1),0)+IF(G12=22,DATE(2022,10,1),0)+IF(G12=23,DATE(2022,11,1),0)+IF(G12=24,DATE(2022,12,1),0) -> 44562
B13: No empadronado: Usuario NO inscripto en el padrón de riego agrícola. | G13: =+G12+1 -> 14 | H13: =IF(G13=1,DATE(2021,1,1),0)+IF(G13=2,DATE(2021,2,1),0)+IF(G13=3,DATE(2021,3,1),0)+IF(G13=4,DATE(2021,4,1),0)+IF(G13=5,DATE(2021,5,1),0)+IF(G13=6,DATE(2021,6,1),0)+IF(G13=7,DATE(2021,7,1),0)+IF(G13=8,DATE(2021,8,1),0)+IF(G13=9,DATE(2021,9,1),0)+IF(G13=10,DATE(2021,10,1),0)+IF(G13=11,DATE(2021,11,1),0)+IF(G13=12,DATE(2021,12,1),0)+IF(G13=13,DATE(2022,1,1),0)+IF(G13=14,DATE(2022,2,1),0)+IF(G13=15,DATE(2022,3,1),0)+IF(G13=16,DATE(2022,4,1),0)+IF(G13=17,DATE(2022,5,1),0)+IF(G13=18,DATE(2022,6,1),0)+IF(G13=19,DATE(2022,7,1),0)+IF(G13=20,DATE(2022,8,1),0)+IF(G13=21,DATE(2022,9,1),0)+IF(G13=22,DATE(2022,10,1),0)+IF(G13=23,DATE(2022,11,1),0)+IF(G13=24,DATE(2022,12,1),0) -> 44593
G14: =+G13+1 -> 15 | H14: =IF(G14=1,DATE(2021,1,1),0)+IF(G14=2,DATE(2021,2,1),0)+IF(G14=3,DATE(2021,3,1),0)+IF(G14=4,DATE(2021,4,1),0)+IF(G14=5,DATE(2021,5,1),0)+IF(G14=6,DATE(2021,6,1),0)+IF(G14=7,DATE(2021,7,1),0)+IF(G14=8,DATE(2021,8,1),0)+IF(G14=9,DATE(2021,9,1),0)+IF(G14=10,DATE(2021,10,1),0)+IF(G14=11,DATE(2021,11,1),0)+IF(G14=12,DATE(2021,12,1),0)+IF(G14=13,DATE(2022,1,1),0)+IF(G14=14,DATE(2022,2,1),0)+IF(G14=15,DATE(2022,3,1),0)+IF(G14=16,DATE(2022,4,1),0)+IF(G14=17,DATE(2022,5,1),0)+IF(G14=18,DATE(2022,6,1),0)+IF(G14=19,DATE(2022,7,1),0)+IF(G14=20,DATE(2022,8,1),0)+IF(G14=21,DATE(2022,9,1),0)+IF(G14=22,DATE(2022,10,1),0)+IF(G14=23,DATE(2022,11,1),0)+IF(G14=24,DATE(2022,12,1),0) -> 44621
B15: MES DE ADHESIÓN | G15: =+G14+1 -> 16 | H15: =IF(G15=1,DATE(2021,1,1),0)+IF(G15=2,DATE(2021,2,1),0)+IF(G15=3,DATE(2021,3,1),0)+IF(G15=4,DATE(2021,4,1),0)+IF(G15=5,DATE(2021,5,1),0)+IF(G15=6,DATE(2021,6,1),0)+IF(G15=7,DATE(2021,7,1),0)+IF(G15=8,DATE(2021,8,1),0)+IF(G15=9,DATE(2021,9,1),0)+IF(G15=10,DATE(2021,10,1),0)+IF(G15=11,DATE(2021,11,1),0)+IF(G15=12,DATE(2021,12,1),0)+IF(G15=13,DATE(2022,1,1),0)+IF(G15=14,DATE(2022,2,1),0)+IF(G15=15,DATE(2022,3,1),0)+IF(G15=16,DATE(2022,4,1),0)+IF(G15=17,DATE(2022,5,1),0)+IF(G15=18,DATE(2022,6,1),0)+IF(G15=19,DATE(2022,7,1),0)+IF(G15=20,DATE(2022,8,1),0)+IF(G15=21,DATE(2022,9,1),0)+IF(G15=22,DATE(2022,10,1),0)+IF(G15=23,DATE(2022,11,1),0)+IF(G15=24,DATE(2022,12,1),0) -> 44652
B16: CATEGORÍA TARIFARIA | C16: 1 | G16: =+G15+1 -> 17 | H16: =IF(G16=1,DATE(2021,1,1),0)+IF(G16=2,DATE(2021,2,1),0)+IF(G16=3,DATE(2021,3,1),0)+IF(G16=4,DATE(2021,4,1),0)+IF(G16=5,DATE(2021,5,1),0)+IF(G16=6,DATE(2021,6,1),0)+IF(G16=7,DATE(2021,7,1),0)+IF(G16=8,DATE(2021,8,1),0)+IF(G16=9,DATE(2021,9,1),0)+IF(G16=10,DATE(2021,10,1),0)+IF(G16=11,DATE(2021,11,1),0)+IF(G16=12,DATE(2021,12,1),0)+IF(G16=13,DATE(2022,1,1),0)+IF(G16=14,DATE(2022,2,1),0)+IF(G16=15,DATE(2022,3,1),0)+IF(G16=16,DATE(2022,4,1),0)+IF(G16=17,DATE(2022,5,1),0)+IF(G16=18,DATE(2022,6,1),0)+IF(G16=19,DATE(2022,7,1),0)+IF(G16=20,DATE(2022,8,1),0)+IF(G16=21,DATE(2022,9,1),0)+IF(G16=22,DATE(2022,10,1),0)+IF(G16=23,DATE(2022,11,1),0)+IF(G16=24,DATE(2022,12,1),0) -> 44682
G17: =+G16+1 -> 18 | H17: =IF(G17=1,DATE(2021,1,1),0)+IF(G17=2,DATE(2021,2,1),0)+IF(G17=3,DATE(2021,3,1),0)+IF(G17=4,DATE(2021,4,1),0)+IF(G17=5,DATE(2021,5,1),0)+IF(G17=6,DATE(2021,6,1),0)+IF(G17=7,DATE(2021,7,1),0)+IF(G17=8,DATE(2021,8,1),0)+IF(G17=9,DATE(2021,9,1),0)+IF(G17=10,DATE(2021,10,1),0)+IF(G17=11,DATE(2021,11,1),0)+IF(G17=12,DATE(2021,12,1),0)+IF(G17=13,DATE(2022,1,1),0)+IF(G17=14,DATE(2022,2,1),0)+IF(G17=15,DATE(2022,3,1),0)+IF(G17=16,DATE(2022,4,1),0)+IF(G17=17,DATE(2022,5,1),0)+IF(G17=18,DATE(2022,6,1),0)+IF(G17=19,DATE(2022,7,1),0)+IF(G17=20,DATE(2022,8,1),0)+IF(G17=21,DATE(2022,9,1),0)+IF(G17=22,DATE(2022,10,1),0)+IF(G17=23,DATE(2022,11,1),0)+IF(G17=24,DATE(2022,12,1),0) -> 44713
G18: =+G17+1 -> 19 | H18: =IF(G18=1,DATE(2021,1,1),0)+IF(G18=2,DATE(2021,2,1),0)+IF(G18=3,DATE(2021,3,1),0)+IF(G18=4,DATE(2021,4,1),0)+IF(G18=5,DATE(2021,5,1),0)+IF(G18=6,DATE(2021,6,1),0)+IF(G18=7,DATE(2021,7,1),0)+IF(G18=8,DATE(2021,8,1),0)+IF(G18=9,DATE(2021,9,1),0)+IF(G18=10,DATE(2021,10,1),0)+IF(G18=11,DATE(2021,11,1),0)+IF(G18=12,DATE(2021,12,1),0)+IF(G18=13,DATE(2022,1,1),0)+IF(G18=14,DATE(2022,2,1),0)+IF(G18=15,DATE(2022,3,1),0)+IF(G18=16,DATE(2022,4,1),0)+IF(G18=17,DATE(2022,5,1),0)+IF(G18=18,DATE(2022,6,1),0)+IF(G18=19,DATE(2022,7,1),0)+IF(G18=20,DATE(2022,8,1),0)+IF(G18=21,DATE(2022,9,1),0)+IF(G18=22,DATE(2022,10,1),0)+IF(G18=23,DATE(2022,11,1),0)+IF(G18=24,DATE(2022,12,1),0) -> 44743
B19: Potencia Contratada | C19: 17 | D19: KW
B20: Consumo mensual | C20: Consumo en Alta (kw/h) | D20: Consumo en Baja (kw/h) | E20: Consumo Total (kw/h) | F20: Potencia contratada (Kw)
B21: 44013 | C21: 76.417749 | D21: 1618.5065 | E21: =D21+C21 -> 1694.9242 | F21: =$C$19 -> 17
B22: 44044 | C22: 307.88897 | D22: 2696.8577 | E22: =D22+C22 -> 3004.7467 | F22: =$C$19 -> 17
B23: 44075 | C23: 580.23667 | D23: 3233.1895 | E23: =D23+C23 -> 3813.4262 | F23: =$C$19 -> 17
B24: 44105 | C24: 693.05387 | D24: 3565.0645 | E24: =D24+C24 -> 4258.1184 | F24: =$C$19 -> 17
B25: 44136 | C25: 1151.4333 | D25: 3919.1772 | E25: =D25+C25 -> 5070.6105 | F25: =$C$19 -> 17
B26: 44166 | C26: 1068.0998 | D26: 3231.3831 | E26: =D26+C26 -> 4299.4829 | F26: =$C$19 -> 17
B27: 44197 | C27: 548.65858 | D27: 3452.8356 | E27: =D27+C27 -> 4001.4941 | F27: =$C$19 -> 17
B28: 44228 | C28: 488.59307 | D28: 2912.3755 | E28: =D28+C28 -> 3400.9686 | F28: =$C$19 -> 17
B29: 44256 | C29: 245.68723 | D29: 2761.0768 | E29: =D29+C29 -> 3006.7641 | F29: =$C$19 -> 17
B30: 44287 | C30: 306.29329 | D30: 1892.132 | E30: =D30+C30 -> 2198.4253 | F30: =$C$19 -> 17
B31: 44317 | C31: 65.021645 | D31: 1628.0047 | E31: =D31+C31 -> 1693.0264 | F31: =$C$19 -> 17
B32: 44348 | C32: 129.39679 | D32: 1062.0252 | E32: =D32+C32 -> 1191.422 | F32: =$C$19 -> 17
C33: Consumo en Alta (kw/h) | D33: Consumo en Alta (kw/h) | F33: Potencia contratada (Kw)
B34: Variación estimada en la temporada entrante | C34: 0 | D34: 0 | F34: 0 | G34: Al colocar el valor 0% se asume que el consumo eléctrico desde julio de 2021 en adelante se mantendrá en los mismos niveles que los observados en los respectivos meses ingresados
C36: Provincial | D36: Nacional
B37: Incremento en la factura electrica 2021 | C37: 0.168 | D37: 0
B38: Nota: los costos considerados en el análisis son los referentes a: cargo fijo, uso de red, consumo de energía en alta y baja, cargo transitorio Res. 1866/05, subsidio por riego agrícola, impuestos provinciales Ley 6922/8398, IVA, tasa de fiscalización y control, contribución para compensación de costos eléctricos (CCCE) e impuesto a los sellos. Se asumen solo consumos no excedidos.

Sheet Resultado
B2: Facturación sin Estabilización | C2: Facturación con Estabilización | D2: Ajuste | E2: Ahorro/Desahorro (eje derecho) | F2: Ahorro/Desahorro
A3: =+'Carga de datos'!H7 -> 44409 | B3: =IF(A3=DATE(2021,1,1),'Calculos Sin Estabilizacion'!$D$177,0)+IF(A3=DATE(2021,2,1),'Calculos Sin Estabilizacion'!$D$178,0)+IF(A3=DATE(2021,3,1),'Calculos Sin Estabilizacion'!$D$179,0)+IF(A3=DATE(2021,4,1),'Calculos Sin Estabilizacion'!$D$180,0)+IF(A3=DATE(2021,5,1),'Calculos Sin Estabilizacion'!$D$181,0)+IF(A3=DATE(2021,6,1),'Calculos Sin Estabilizacion'!$D$182,0)+IF(A3=DATE(2021,7,1),'Calculos Sin Estabilizacion'!$D$183,0)+IF(A3=DATE(2021,8,1),'Calculos Sin Estabilizacion'!$D$184,0)+IF(A3=DATE(2021,9,1),'Calculos Sin Estabilizacion'!$D$185,0)+IF(A3=DATE(2021,10,1),'Calculos Sin Estabilizacion'!$D$186,0)+IF(A3=DATE(2021,11,1),'Calculos Sin Estabilizacion'!$D$187,0)+IF(A3=DATE(2021,12,1),'Calculos Sin Estabilizacion'!$D$188,0)+IF(A3=DATE(2022,1,1),'Calculos Sin Estabilizacion'!$D$189,0)+IF(A3=DATE(2022,2,1),'Calculos Sin Estabilizacion'!$D$190,0)+IF(A3=DATE(2022,3,1),'Calculos Sin Estabilizacion'!$D$191,0)+IF(A3=DATE(2022,4,1),'Calculos Sin Estabilizacion'!$D$192,0)+IF(A3=DATE(2022,5,1),'Calculos Sin Estabilizacion'!$D$193,0)+IF(A3=DATE(2022,6,1),'Calculos Sin Estabilizacion'!$D$194,0)+IF(A3=DATE(2022,7,1),'Calculos Sin Estabilizacion'!$D$195,0) -> 10301.143 | C3: =IF(A3=DATE(2021,1,1),'Calculos Con Estabilizacion'!$D$177,0)+IF(A3=DATE(2021,2,1),'Calculos Con Estabilizacion'!$D$178,0)+IF(A3=DATE(2021,3,1),'Calculos Con Estabilizacion'!$D$179,0)+IF(A3=DATE(2021,4,1),'Calculos Con Estabilizacion'!$D$180,0)+IF(A3=DATE(2021,5,1),'Calculos Con Estabilizacion'!$D$181,0)+IF(A3=DATE(2021,6,1),'Calculos Con Estabilizacion'!$D$182,0)+IF(A3=DATE(2021,7,1),'Calculos Con Estabilizacion'!$D$183,0)+IF(A3=DATE(2021,8,1),'Calculos Con Estabilizacion'!$D$184,0)+IF(A3=DATE(2021,9,1),'Calculos Con Estabilizacion'!$D$185,0)+IF(A3=DATE(2021,10,1),'Calculos Con Estabilizacion'!$D$186,0)+IF(A3=DATE(2021,11,1),'Calculos Con Estabilizacion'!$D$187,0)+IF(A3=DATE(2021,12,1),'Calculos Con Estabilizacion'!$D$188,0)+IF(A3=DATE(2022,1,1),'Calculos Con Estabilizacion'!$D$189,0)+IF(A3=DATE(2022,2,1),'Calculos Con Estabilizacion'!$D$190,0)+IF(A3=DATE(2022,3,1),'Calculos Con Estabilizacion'!$D$191,0)+IF(A3=DATE(2022,4,1),'Calculos Con Estabilizacion'!$D$192,0)+IF(A3=DATE(2022,5,1),'Calculos Con Estabilizacion'!$D$193,0)+IF(A3=DATE(2022,6,1),'Calculos Con Estabilizacion'!$D$194,0)+IF(A3=DATE(2022,7,1),'Calculos Con Estabilizacion'!$D$195,0)+D3 -> 7648.5041 | D3: =IF(A3=DATE(2022,7,1),(IF('Carga de datos'!$G$7=8,'Calculos Sin Estabilizacion'!$E$184,0)+IF('Carga de datos'!$G$7=9,'Calculos Sin Estabilizacion'!$E$185,0)+IF('Carga de datos'!$G$7=10,'Calculos Sin Estabilizacion'!$E$186,0)+IF('Carga de datos'!$G$7=11,'Calculos Sin Estabilizacion'!$E$187,0)+IF('Carga de datos'!$G$7=12,'Calculos Sin Estabilizacion'!$E$188,0)+IF('Carga de datos'!$G$7=13,'Calculos Sin Estabilizacion'!$E$189,0)+IF('Carga de datos'!$G$7=14,'Calculos Sin Estabilizacion'!$E$190,0)+IF('Carga de datos'!$G$7=15,'Calculos Sin Estabilizacion'!$E$191,0)+IF('Carga de datos'!$G$7=16,'Calculos Sin Estabilizacion'!$E$192,0)+IF('Carga de datos'!$G$7=17,'Calculos Sin Estabilizacion'!$E$193,0)+IF('Carga de datos'!$G$7=18,'Calculos Sin Estabilizacion'!$E$194,0)+IF('Carga de datos'!$G$7=19,'Calculos Sin Estabilizacion'!$E$195,0))-(IF('Carga de datos'!$G$7=8,'Calculos Con Estabilizacion'!$E$184,0)+IF('Carga de datos'!$G$7=9,'Calculos Con Estabilizacion'!$E$185,0)+IF('Carga de datos'!$G$7=10,'Calculos Con Estabilizacion'!$E$186,0)+IF('Carga de datos'!$G$7=11,'Calculos Con Estabilizacion'!$E$187,0)+IF('Carga de datos'!$G$7=12,'Calculos Con Estabilizacion'!$E$188,0)+IF('Carga de datos'!$G$7=13,'Calculos Con Estabilizacion'!$E$189,0)+IF('Carga de datos'!$G$7=14,'Calculos Con Estabilizacion'!$E$190,0)+IF('Carga de datos'!$G$7=15,'Calculos Con Estabilizacion'!$E$191,0)+IF('Carga de datos'!$G$7=16,'Calculos Con Estabilizacion'!$E$192,0)+IF('Carga de datos'!$G$7=17,'Calculos Con Estabilizacion'!$E$193,0)+IF('Carga de datos'!$G$7=18,'Calculos Con Estabilizacion'!$E$194,0)+IF('Carga de datos'!$G$7=19,'Calculos Con Estabilizacion'!$E$195,0)),0) -> 0 | E3: =B3-C3 -> 2652.6394 | F3: =IF(E3>=0,E3,) -> 2652.6394
A4: =+'Carga de datos'!H8 -> 44440 | B4: =IF(A4=DATE(2021,1,1),'Calculos Sin Estabilizacion'!$D$177,0)+IF(A4=DATE(2021,2,1),'Calculos Sin Estabilizacion'!$D$178,0)+IF(A4=DATE(2021,3,1),'Calculos Sin Estabilizacion'!$D$179,0)+IF(A4=DATE(2021,4,1),'Calculos Sin Estabilizacion'!$D$180,0)+IF(A4=DATE(2021,5,1),'Calculos Sin Estabilizacion'!$D$181,0)+IF(A4=DATE(2021,6,1),'Calculos Sin Estabilizacion'!$D$182,0)+IF(A4=DATE(2021,7,1),'Calculos Sin Estabilizacion'!$D$183,0)+IF(A4=DATE(2021,8,1),'Calculos Sin Estabilizacion'!$D$184,0)+IF(A4=DATE(2021,9,1),'Calculos Sin Estabilizacion'!$D$185,0)+IF(A4=DATE(2021,10,1),'Calculos Sin Estabilizacion'!$D$186,0)+IF(A4=DATE(2021,11,1),'Calculos Sin Estabilizacion'!$D$187,0)+IF(A4=DATE(2021,12,1),'Calculos Sin Estabilizacion'!$D$188,0)+IF(A4=DATE(2022,1,1),'Calculos Sin Estabilizacion'!$D$189,0)+IF(A4=DATE(2022,2,1),'Calculos Sin Estabilizacion'!$D$190,0)+IF(A4=DATE(2022,3,1),'Calculos Sin Estabilizacion'!$D$191,0)+IF(A4=DATE(2022,4,1),'Calculos Sin Estabilizacion'!$D$192,0)+IF(A4=DATE(2022,5,1),'Calculos Sin Estabilizacion'!$D$193,0)+IF(A4=DATE(2022,6,1),'Calculos Sin Estabilizacion'!$D$194,0)+IF(A4=DATE(2022,7,1),'Calculos Sin Estabilizacion'!$D$195,0) -> 13397.119 | C4: =IF(A4=DATE(2021,1,1),'Calculos Con Estabilizacion'!$D$177,0)+IF(A4=DATE(2021,2,1),'Calculos Con Estabilizacion'!$D$178,0)+IF(A4=DATE(2021,3,1),'Calculos Con Estabilizacion'!$D$179,0)+IF(A4=DATE(2021,4,1),'Calculos Con Estabilizacion'!$D$180,0)+IF(A4=DATE(2021,5,1),'Calculos Con Estabilizacion'!$D$181,0)+IF(A4=DATE(2021,6,1),'Calculos Con Estabilizacion'!$D$182,0)+IF(A4=DATE(2021,7,1),'Calculos Con Estabilizacion'!$D$183,0)+IF(A4=DATE(2021,8,1),'Calculos Con Estabilizacion'!$D$184,0)+IF(A4=DATE(2021,9,1),'Calculos Con Estabilizacion'!$D$185,0)+IF(A4=DATE(2021,10,1),'Calculos Con Estabilizacion'!$D$186,0)+IF(A4=DATE(2021,11,1),'Calculos Con Estabilizacion'!$D$187,0)+IF(A4=DATE(2021,12,1),'Calculos Con Estabilizacion'!$D$188,0)+IF(A4=DATE(2022,1,1),'Calculos Con Estabilizacion'!$D$189,0)+IF(A4=DATE(2022,2,1),'Calculos Con Estabilizacion'!$D$190,0)+IF(A4=DATE(2022,3,1),'Calculos Con Estabilizacion'!$D$191,0)+IF(A4=DATE(2022,4,1),'Calculos Con Estabilizacion'!$D$192,0)+IF(A4=DATE(2022,5,1),'Calculos Con Estabilizacion'!$D$193,0)+IF(A4=DATE(2022,6,1),'Calculos Con Estabilizacion'!$D$194,0)+IF(A4=DATE(2022,7,1),'Calculos Con Estabilizacion'!$D$195,0)+D4 -> 8211.0274 | D4: =IF(A4=DATE(2022,7,1),(IF('Carga de datos'!$G$7=8,'Calculos Sin Estabilizacion'!$E$184,0)+IF('Carga de datos'!$G$7=9,'Calculos Sin Estabilizacion'!$E$185,0)+IF('Carga de datos'!$G$7=10,'Calculos Sin Estabilizacion'!$E$186,0)+IF('Carga de datos'!$G$7=11,'Calculos Sin Estabilizacion'!$E$187,0)+IF('Carga de datos'!$G$7=12,'Calculos Sin Estabilizacion'!$E$188,0)+IF('Carga de datos'!$G$7=13,'Calculos Sin Estabilizacion'!$E$189,0)+IF('Carga de datos'!$G$7=14,'Calculos Sin Estabilizacion'!$E$190,0)+IF('Carga de datos'!$G$7=15,'Calculos Sin Estabilizacion'!$E$191,0)+IF('Carga de datos'!$G$7=16,'Calculos Sin Estabilizacion'!$E$192,0)+IF('Carga de datos'!$G$7=17,'Calculos Sin Estabilizacion'!$E$193,0)+IF('Carga de datos'!$G$7=18,'Calculos Sin Estabilizacion'!$E$194,0)+IF('Carga de datos'!$G$7=19,'Calculos Sin Estabilizacion'!$E$195,0))-(IF('Carga de datos'!$G$7=8,'Calculos Con Estabilizacion'!$E$184,0)+IF('Carga de datos'!$G$7=9,'Calculos Con Estabilizacion'!$E$185,0)+IF('Carga de datos'!$G$7=10,'Calculos Con Estabilizacion'!$E$186,0)+IF('Carga de datos'!$G$7=11,'Calculos Con Estabilizacion'!$E$187,0)+IF('Carga de datos'!$G$7=12,'Calculos Con Estabilizacion'!$E$188,0)+IF('Carga de datos'!$G$7=13,'Calculos Con Estabilizacion'!$E$189,0)+IF('Carga de datos'!$G$7=14,'Calculos Con Estabilizacion'!$E$190,0)+IF('Carga de datos'!$G$7=15,'Calculos Con Estabilizacion'!$E$191,0)+IF('Carga de datos'!$G$7=16,'Calculos Con Estabilizacion'!$E$192,0)+IF('Carga de datos'!$G$7=17,'Calculos Con Estabilizacion'!$E$193,0)+IF('Carga de datos'!$G$7=18,'Calculos Con Estabilizacion'!$E$194,0)+IF('Carga de datos'!$G$7=19,'Calculos Con Estabilizacion'!$E$195,0)),0) -> 0 | E4: =B4-C4 -> 5186.0911 | F4: =IF(E4>=0,E4,) -> 5186.0911
A5: =+'Carga de datos'!H9 -> 44470 | B5: =IF(A5=DATE(2021,1,1),'Calculos Sin Estabilizacion'!$D$177,0)+IF(A5=DATE(2021,2,1),'Calculos Sin Estabilizacion'!$D$178,0)+IF(A5=DATE(2021,3,1),'Calculos Sin Estabilizacion'!$D$179,0)+IF(A5=DATE(2021,4,1),'Calculos Sin Estabilizacion'!$D$180,0)+IF(A5=DATE(2021,5,1),'Calculos Sin Estabilizacion'!$D$181,0)+IF(A5=DATE(2021,6,1),'Calculos Sin Estabilizacion'!$D$182,0)+IF(A5=DATE(2021,7,1),'Calculos Sin Estabilizacion'!$D$183,0)+IF(A5=DATE(2021,8,1),'Calculos Sin Estabilizacion'!$D$184,0)+IF(A5=DATE(2021,9,1),'Calculos Sin Estabilizacion'!$D$185,0)+IF(A5=DATE(2021,10,1),'Calculos Sin Estabilizacion'!$D$186,0)+IF(A5=DATE(2021,11,1),'Calculos Sin Estabilizacion'!$D$187,0)+IF(A5=DATE(2021,12,1),'Calculos Sin Estabilizacion'!$D$188,0)+IF(A5=DATE(2022,1,1),'Calculos Sin Estabilizacion'!$D$189,0)+IF(A5=DATE(2022,2,1),'Calculos Sin Estabilizacion'!$D$190,0)+IF(A5=DATE(2022,3,1),'Calculos Sin Estabilizacion'!$D$191,0)+IF(A5=DATE(2022,4,1),'Calculos Sin Estabilizacion'!$D$192,0)+IF(A5=DATE(2022,5,1),'Calculos Sin Estabilizacion'!$D$193,0)+IF(A5=DATE(2022,6,1),'Calculos Sin Estabilizacion'!$D$194,0)+IF(A5=DATE(2022,7,1),'Calculos Sin Estabilizacion'!$D$195,0) -> 14973.335 | C5: =IF(A5=DATE(2021,1,1),'Calculos Con Estabilizacion'!$D$177,0)+IF(A5=DATE(2021,2,1),'Calculos Con Estabilizacion'!$D$178,0)+IF(A5=DATE(2021,3,1),'Calculos Con Estabilizacion'!$D$179,0)+IF(A5=DATE(2021,4,1),'Calculos Con Estabilizacion'!$D$180,0)+IF(A5=DATE(2021,5,1),'Calculos Con Estabilizacion'!$D$181,0)+IF(A5=DATE(2021,6,1),'Calculos Con Estabilizacion'!$D$182,0)+IF(A5=DATE(2021,7,1),'Calculos Con Estabilizacion'!$D$183,0)+IF(A5=DATE(2021,8,1),'Calculos Con Estabilizacion'!$D$184,0)+IF(A5=DATE(2021,9,1),'Calculos Con Estabilizacion'!$D$185,0)+IF(A5=DATE(2021,10,1),'Calculos Con Estabilizacion'!$D$186,0)+IF(A5=DATE(2021,11,1),'Calculos Con Estabilizacion'!$D$187,0)+IF(A5=DATE(2021,12,1),'Calculos Con Estabilizacion'!$D$188,0)+IF(A5=DATE(2022,1,1),'Calculos Con Estabilizacion'!$D$189,0)+IF(A5=DATE(2022,2,1),'Calculos Con Estabilizacion'!$D$190,0)+IF(A5=DATE(2022,3,1),'Calculos Con Estabilizacion'!$D$191,0)+IF(A5=DATE(2022,4,1),'Calculos Con Estabilizacion'!$D$192,0)+IF(A5=DATE(2022,5,1),'Calculos Con Estabilizacion'!$D$193,0)+IF(A5=DATE(2022,6,1),'Calculos Con Estabilizacion'!$D$194,0)+IF(A5=DATE(2022,7,1),'Calculos Con Estabilizacion'!$D$195,0)+D5 -> 9324.2733 | D5: =IF(A5=DATE(2022,7,1),(IF('Carga de datos'!$G$7=8,'Calculos Sin Estabilizacion'!$E$184,0)+IF('Carga de datos'!$G$7=9,'Calculos Sin Estabilizacion'!$E$185,0)+IF('Carga de datos'!$G$7=10,'Calculos Sin Estabilizacion'!$E$186,0)+IF('Carga de datos'!$G$7=11,'Calculos Sin Estabilizacion'!$E$187,0)+IF('Carga de datos'!$G$7=12,'Calculos Sin Estabilizacion'!$E$188,0)+IF('Carga de datos'!$G$7=13,'Calculos Sin Estabilizacion'!$E$189,0)+IF('Carga de datos'!$G$7=14,'Calculos Sin Estabilizacion'!$E$190,0)+IF('Carga de datos'!$G$7=15,'Calculos Sin Estabilizacion'!$E$191,0)+IF('Carga de datos'!$G$7=16,'Calculos Sin Estabilizacion'!$E$192,0)+IF('Carga de datos'!$G$7=17,'Calculos Sin Estabilizacion'!$E$193,0)+IF('Carga de datos'!$G$7=18,'Calculos Sin Estabilizacion'!$E$194,0)+IF('Carga de datos'!$G$7=19,'Calculos Sin Estabilizacion'!$E$195,0))-(IF('Carga de datos'!$G$7=8,'Calculos Con Estabilizacion'!$E$184,0)+IF('Carga de datos'!$G$7=9,'Calculos Con Estabilizacion'!$E$185,0)+IF('Carga de datos'!$G$7=10,'Calculos Con Estabilizacion'!$E$186,0)+IF('Carga de datos'!$G$7=11,'Calculos Con Estabilizacion'!$E$187,0)+IF('Carga de datos'!$G$7=12,'Calculos Con Estabilizacion'!$E$188,0)+IF('Carga de datos'!$G$7=13,'Calculos Con Estabilizacion'!$E$189,0)+IF('Carga de datos'!$G$7=14,'Calculos Con Estabilizacion'!$E$190,0)+IF('Carga de datos'!$G$7=15,'Calculos Con Estabilizacion'!$E$191,0)+IF('Carga de datos'!$G$7=16,'Calculos Con Estabilizacion'!$E$192,0)+IF('Carga de datos'!$G$7=17,'Calculos Con Estabilizacion'!$E$193,0)+IF('Carga de datos'!$G$7=18,'Calculos Con Estabilizacion'!$E$194,0)+IF('Carga de datos'!$G$7=19,'Calculos Con Estabilizacion'!$E$195,0)),0) -> 0 | E5: =B5-C5 -> 5649.0613 | F5: =IF(E5>=0,E5,) -> 5649.0613
A6: =+'Carga de datos'!H10 -> 44501 | B6: =IF(A6=DATE(2021,1,1),'Calculos Sin Estabilizacion'!$D$177,0)+IF(A6=DATE(2021,2,1),'Calculos Sin Estabilizacion'!$D$178,0)+IF(A6=DATE(2021,3,1),'Calculos Sin Estabilizacion'!$D$179,0)+IF(A6=DATE(2021,4,1),'Calculos Sin Estabilizacion'!$D$180,0)+IF(A6=DATE(2021,5,1),'Calculos Sin Estabilizacion'!$D$181,0)+IF(A6=DATE(2021,6,1),'Calculos Sin Estabilizacion'!$D$182,0)+IF(A6=DATE(2021,7,1),'Calculos Sin Estabilizacion'!$D$183,0)+IF(A6=DATE(2021,8,1),'Calculos Sin Estabilizacion'!$D$184,0)+IF(A6=DATE(2021,9,1),'Calculos Sin Estabilizacion'!$D$185,0)+IF(A6=DATE(2021,10,1),'Calculos Sin Estabilizacion'!$D$186,0)+IF(A6=DATE(2021,11,1),'Calculos Sin Estabilizacion'!$D$187,0)+IF(A6=DATE(2021,12,1),'Calculos Sin Estabilizacion'!$D$188,0)+IF(A6=DATE(2022,1,1),'Calculos Sin Estabilizacion'!$D$189,0)+IF(A6=DATE(2022,2,1),'Calculos Sin Estabilizacion'!$D$190,0)+IF(A6=DATE(2022,3,1),'Calculos Sin Estabilizacion'!$D$191,0)+IF(A6=DATE(2022,4,1),'Calculos Sin Estabilizacion'!$D$192,0)+IF(A6=DATE(2022,5,1),'Calculos Sin Estabilizacion'!$D$193,0)+IF(A6=DATE(2022,6,1),'Calculos Sin Estabilizacion'!$D$194,0)+IF(A6=DATE(2022,7,1),'Calculos Sin Estabilizacion'!$D$195,0) -> 18731.228 | C6: =IF(A6=DATE(2021,1,1),'Calculos Con Estabilizacion'!$D$177,0)+IF(A6=DATE(2021,2,1),'Calculos Con Estabilizacion'!$D$178,0)+IF(A6=DATE(2021,3,1),'Calculos Con Estabilizacion'!$D$179,0)+IF(A6=DATE(2021,4,1),'Calculos Con Estabilizacion'!$D$180,0)+IF(A6=DATE(2021,5,1),'Calculos Con Estabilizacion'!$D$181,0)+IF(A6=DATE(2021,6,1),'Calculos Con Estabilizacion'!$D$182,0)+IF(A6=DATE(2021,7,1),'Calculos Con Estabilizacion'!$D$183,0)+IF(A6=DATE(2021,8,1),'Calculos Con Estabilizacion'!$D$184,0)+IF(A6=DATE(2021,9,1),'Calculos Con Estabilizacion'!$D$185,0)+IF(A6=DATE(2021,10,1),'Calculos Con Estabilizacion'!$D$186,0)+IF(A6=DATE(2021,11,1),'Calculos Con Estabilizacion'!$D$187,0)+IF(A6=DATE(2021,12,1),'Calculos Con Estabilizacion'!$D$188,0)+IF(A6=DATE(2022,1,1),'Calculos Con Estabilizacion'!$D$189,0)+IF(A6=DATE(2022,2,1),'Calculos Con Estabilizacion'!$D$190,0)+IF(A6=DATE(2022,3,1),'Calculos Con Estabilizacion'!$D$191,0)+IF(A6=DATE(2022,4,1),'Calculos Con Estabilizacion'!$D$192,0)+IF(A6=DATE(2022,5,1),'Calculos Con Estabilizacion'!$D$193,0)+IF(A6=DATE(2022,6,1),'Calculos Con Estabilizacion'!$D$194,0)+IF(A6=DATE(2022,7,1),'Calculos Con Estabilizacion'!$D$195,0)+D6 -> 11428.089 | D6: =IF(A6=DATE(2022,7,1),(IF('Carga de datos'!$G$7=8,'Calculos Sin Estabilizacion'!$E$184,0)+IF('Carga de datos'!$G$7=9,'Calculos Sin Estabilizacion'!$E$185,0)+IF('Carga de datos'!$G$7=10,'Calculos Sin Estabilizacion'!$E$186,0)+IF('Carga de datos'!$G$7=11,'Calculos Sin Estabilizacion'!$E$187,0)+IF('Carga de datos'!$G$7=12,'Calculos Sin Estabilizacion'!$E$188,0)+IF('Carga de datos'!$G$7=13,'Calculos Sin Estabilizacion'!$E$189,0)+IF('Carga de datos'!$G$7=14,'Calculos Sin Estabilizacion'!$E$190,0)+IF('Carga de datos'!$G$7=15,'Calculos Sin Estabilizacion'!$E$191,0)+IF('Carga de datos'!$G$7=16,'Calculos Sin Estabilizacion'!$E$192,0)+IF('Carga de datos'!$G$7=17,'Calculos Sin Estabilizacion'!$E$193,0)+IF('Carga de datos'!$G$7=18,'Calculos Sin Estabilizacion'!$E$194,0)+IF('Carga de datos'!$G$7=19,'Calculos Sin Estabilizacion'!$E$195,0))-(IF('Carga de datos'!$G$7=8,'Calculos Con Estabilizacion'!$E$184,0)+IF('Carga de datos'!$G$7=9,'Calculos Con Estabilizacion'!$E$185,0)+IF('Carga de datos'!$G$7=10,'Calculos Con Estabilizacion'!$E$186,0)+IF('Carga de datos'!$G$7=11,'Calculos Con Estabilizacion'!$E$187,0)+IF('Carga de datos'!$G$7=12,'Calculos Con Estabilizacion'!$E$188,0)+IF('Carga de datos'!$G$7=13,'Calculos Con Estabilizacion'!$E$189,0)+IF('Carga de datos'!$G$7=14,'Calculos Con Estabilizacion'!$E$190,0)+IF('Carga de datos'!$G$7=15,'Calculos Con Estabilizacion'!$E$191,0)+IF('Carga de datos'!$G$7=16,'Calculos Con Estabilizacion'!$E$192,0)+IF('Carga de datos'!$G$7=17,'Calculos Con Estabilizacion'!$E$193,0)+IF('Carga de datos'!$G$7=18,'Calculos Con Estabilizacion'!$E$194,0)+IF('Carga de datos'!$G$7=19,'Calculos Con Estabilizacion'!$E$195,0)),0) -> 0 | E6: =B6-C6 -> 7303.1387 | F6: =IF(E6>=0,E6,) -> 7303.1387
A7: =+'Carga de datos'!H11 -> 44531 | B7: =IF(A7=DATE(2021,1,1),'Calculos Sin Estabilizacion'!$D$177,0)+IF(A7=DATE(2021,2,1),'Calculos Sin Estabilizacion'!$D$178,0)+IF(A7=DATE(2021,3,1),'Calculos Sin Estabilizacion'!$D$179,0)+IF(A7=DATE(2021,4,1),'Calculos Sin Estabilizacion'!$D$180,0)+IF(A7=DATE(2021,5,1),'Calculos Sin Estabilizacion'!$D$181,0)+IF(A7=DATE(2021,6,1),'Calculos Sin Estabilizacion'!$D$182,0)+IF(A7=DATE(2021,7,1),'Calculos Sin Estabilizacion'!$D$183,0)+IF(A7=DATE(2021,8,1),'Calculos Sin Estabilizacion'!$D$184,0)+IF(A7=DATE(2021,9,1),'Calculos Sin Estabilizacion'!$D$185,0)+IF(A7=DATE(2021,10,1),'Calculos Sin Estabilizacion'!$D$186,0)+IF(A7=DATE(2021,11,1),'Calculos Sin Estabilizacion'!$D$187,0)+IF(A7=DATE(2021,12,1),'Calculos Sin Estabilizacion'!$D$188,0)+IF(A7=DATE(2022,1,1),'Calculos Sin Estabilizacion'!$D$189,0)+IF(A7=DATE(2022,2,1),'Calculos Sin Estabilizacion'!$D$190,0)+IF(A7=DATE(2022,3,1),'Calculos Sin Estabilizacion'!$D$191,0)+IF(A7=DATE(2022,4,1),'Calculos Sin Estabilizacion'!$D$192,0)+IF(A7=DATE(2022,5,1),'Calculos Sin Estabilizacion'!$D$193,0)+IF(A7=DATE(2022,6,1),'Calculos Sin Estabilizacion'!$D$194,0)+IF(A7=DATE(2022,7,1),'Calculos Sin Estabilizacion'!$D$195,0) -> 16513.26 | C7: =IF(A7=DATE(2021,1,1),'Calculos Con Estabilizacion'!$D$177,0)+IF(A7=DATE(2021,2,1),'Calculos Con Estabilizacion'!$D$178,0)+IF(A7=DATE(2021,3,1),'Calculos Con Estabilizacion'!$D$179,0)+IF(A7=DATE(2021,4,1),'Calculos Con Estabilizacion'!$D$180,0)+IF(A7=DATE(2021,5,1),'Calculos Con Estabilizacion'!$D$181,0)+IF(A7=DATE(2021,6,1),'Calculos Con Estabilizacion'!$D$182,0)+IF(A7=DATE(2021,7,1),'Calculos Con Estabilizacion'!$D$183,0)+IF(A7=DATE(2021,8,1),'Calculos Con Estabilizacion'!$D$184,0)+IF(A7=DATE(2021,9,1),'Calculos Con Estabilizacion'!$D$185,0)+IF(A7=DATE(2021,10,1),'Calculos Con Estabilizacion'!$D$186,0)+IF(A7=DATE(2021,11,1),'Calculos Con Estabilizacion'!$D$187,0)+IF(A7=DATE(2021,12,1),'Calculos Con Estabilizacion'!$D$188,0)+IF(A7=DATE(2022,1,1),'Calculos Con Estabilizacion'!$D$189,0)+IF(A7=DATE(2022,2,1),'Calculos Con Estabilizacion'!$D$190,0)+IF(A7=DATE(2022,3,1),'Calculos Con Estabilizacion'!$D$191,0)+IF(A7=DATE(2022,4,1),'Calculos Con Estabilizacion'!$D$192,0)+IF(A7=DATE(2022,5,1),'Calculos Con Estabilizacion'!$D$193,0)+IF(A7=DATE(2022,6,1),'Calculos Con Estabilizacion'!$D$194,0)+IF(A7=DATE(2022,7,1),'Calculos Con Estabilizacion'!$D$195,0)+D7 -> 13339.178 | D7: =IF(A7=DATE(2022,7,1),(IF('Carga de datos'!$G$7=8,'Calculos Sin Estabilizacion'!$E$184,0)+IF('Carga de datos'!$G$7=9,'Calculos Sin Estabilizacion'!$E$185,0)+IF('Carga de datos'!$G$7=10,'Calculos Sin Estabilizacion'!$E$186,0)+IF('Carga de datos'!$G$7=11,'Calculos Sin Estabilizacion'!$E$187,0)+IF('Carga de datos'!$G$7=12,'Calculos Sin Estabilizacion'!$E$188,0)+IF('Carga de datos'!$G$7=13,'Calculos Sin Estabilizacion'!$E$189,0)+IF('Carga de datos'!$G$7=14,'Calculos Sin Estabilizacion'!$E$190,0)+IF('Carga de datos'!$G$7=15,'Calculos Sin Estabilizacion'!$E$191,0)+IF('Carga de datos'!$G$7=16,'Calculos Sin Estabilizacion'!$E$192,0)+IF('Carga de datos'!$G$7=17,'Calculos Sin Estabilizacion'!$E$193,0)+IF('Carga de datos'!$G$7=18,'Calculos Sin Estabilizacion'!$E$194,0)+IF('Carga de datos'!$G$7=19,'Calculos Sin Estabilizacion'!$E$195,0))-(IF('Carga de datos'!$G$7=8,'Calculos Con Estabilizacion'!$E$184,0)+IF('Carga de datos'!$G$7=9,'Calculos Con Estabilizacion'!$E$185,0)+IF('Carga de datos'!$G$7=10,'Calculos Con Estabilizacion'!$E$186,0)+IF('Carga de datos'!$G$7=11,'Calculos Con Estabilizacion'!$E$187,0)+IF('Carga de datos'!$G$7=12,'Calculos Con Estabilizacion'!$E$188,0)+IF('Carga de datos'!$G$7=13,'Calculos Con Estabilizacion'!$E$189,0)+IF('Carga de datos'!$G$7=14,'Calculos Con Estabilizacion'!$E$190,0)+IF('Carga de datos'!$G$7=15,'Calculos Con Estabilizacion'!$E$191,0)+IF('Carga de datos'!$G$7=16,'Calculos Con Estabilizacion'!$E$192,0)+IF('Carga de datos'!$G$7=17,'Calculos Con Estabilizacion'!$E$193,0)+IF('Carga de datos'!$G$7=18,'Calculos Con Estabilizacion'!$E$194,0)+IF('Carga de datos'!$G$7=19,'Calculos Con Estabilizacion'!$E$195,0)),0) -> 0 | E7: =B7-C7 -> 3174.0819 | F7: =IF(E7>=0,E7,) -> 3174.0819
A8: =+'Carga de datos'!H12 -> 44562 | B8: =IF(A8=DATE(2021,1,1),'Calculos Sin Estabilizacion'!$D$177,0)+IF(A8=DATE(2021,2,1),'Calculos Sin Estabilizacion'!$D$178,0)+IF(A8=DATE(2021,3,1),'Calculos Sin Estabilizacion'!$D$179,0)+IF(A8=DATE(2021,4,1),'Calculos Sin Estabilizacion'!$D$180,0)+IF(A8=DATE(2021,5,1),'Calculos Sin Estabilizacion'!$D$181,0)+IF(A8=DATE(2021,6,1),'Calculos Sin Estabilizacion'!$D$182,0)+IF(A8=DATE(2021,7,1),'Calculos Sin Estabilizacion'!$D$183,0)+IF(A8=DATE(2021,8,1),'Calculos Sin Estabilizacion'!$D$184,0)+IF(A8=DATE(2021,9,1),'Calculos Sin Estabilizacion'!$D$185,0)+IF(A8=DATE(2021,10,1),'Calculos Sin Estabilizacion'!$D$186,0)+IF(A8=DATE(2021,11,1),'Calculos Sin Estabilizacion'!$D$187,0)+IF(A8=DATE(2021,12,1),'Calculos Sin Estabilizacion'!$D$188,0)+IF(A8=DATE(2022,1,1),'Calculos Sin Estabilizacion'!$D$189,0)+IF(A8=DATE(2022,2,1),'Calculos Sin Estabilizacion'!$D$190,0)+IF(A8=DATE(2022,3,1),'Calculos Sin Estabilizacion'!$D$191,0)+IF(A8=DATE(2022,4,1),'Calculos Sin Estabilizacion'!$D$192,0)+IF(A8=DATE(2022,5,1),'Calculos Sin Estabilizacion'!$D$193,0)+IF(A8=DATE(2022,6,1),'Calculos Sin Estabilizacion'!$D$194,0)+IF(A8=DATE(2022,7,1),'Calculos Sin Estabilizacion'!$D$195,0) -> 13829.152 | C8: =IF(A8=DATE(2021,1,1),'Calculos Con Estabilizacion'!$D$177,0)+IF(A8=DATE(2021,2,1),'Calculos Con Estabilizacion'!$D$178,0)+IF(A8=DATE(2021,3,1),'Calculos Con Estabilizacion'!$D$179,0)+IF(A8=DATE(2021,4,1),'Calculos Con Estabilizacion'!$D$180,0)+IF(A8=DATE(2021,5,1),'Calculos Con Estabilizacion'!$D$181,0)+IF(A8=DATE(2021,6,1),'Calculos Con Estabilizacion'!$D$182,0)+IF(A8=DATE(2021,7,1),'Calculos Con Estabilizacion'!$D$183,0)+IF(A8=DATE(2021,8,1),'Calculos Con Estabilizacion'!$D$184,0)+IF(A8=DATE(2021,9,1),'Calculos Con Estabilizacion'!$D$185,0)+IF(A8=DATE(2021,10,1),'Calculos Con Estabilizacion'!$D$186,0)+IF(A8=DATE(2021,11,1),'Calculos Con Estabilizacion'!$D$187,0)+IF(A8=DATE(2021,12,1),'Calculos Con Estabilizacion'!$D$188,0)+IF(A8=DATE(2022,1,1),'Calculos Con Estabilizacion'!$D$189,0)+IF(A8=DATE(2022,2,1),'Calculos Con Estabilizacion'!$D$190,0)+IF(A8=DATE(2022,3,1),'Calculos Con Estabilizacion'!$D$191,0)+IF(A8=DATE(2022,4,1),'Calculos Con Estabilizacion'!$D$192,0)+IF(A8=DATE(2022,5,1),'Calculos Con Estabilizacion'!$D$193,0)+IF(A8=DATE(2022,6,1),'Calculos Con Estabilizacion'!$D$194,0)+IF(A8=DATE(2022,7,1),'Calculos Con Estabilizacion'!$D$195,0)+D8 -> 14624.206 | D8: =IF(A8=DATE(2022,7,1),(IF('Carga de datos'!$G$7=8,'Calculos Sin Estabilizacion'!$E$184,0)+IF('Carga de datos'!$G$7=9,'Calculos Sin Estabilizacion'!$E$185,0)+IF('Carga de datos'!$G$7=10,'Calculos Sin Estabilizacion'!$E$186,0)+IF('Carga de datos'!$G$7=11,'Calculos Sin Estabilizacion'!$E$187,0)+IF('Carga de datos'!$G$7=12,'Calculos Sin Estabilizacion'!$E$188,0)+IF('Carga de datos'!$G$7=13,'Calculos Sin Estabilizacion'!$E$189,0)+IF('Carga de datos'!$G$7=14,'Calculos Sin Estabilizacion'!$E$190,0)+IF('Carga de datos'!$G$7=15,'Calculos Sin Estabilizacion'!$E$191,0)+IF('Carga de datos'!$G$7=16,'Calculos Sin Estabilizacion'!$E$192,0)+IF('Carga de datos'!$G$7=17,'Calculos Sin Estabilizacion'!$E$193,0)+IF('Carga de datos'!$G$7=18,'Calculos Sin Estabilizacion'!$E$194,0)+IF('Carga de datos'!$G$7=19,'Calculos Sin Estabilizacion'!$E$195,0))-(IF('Carga de datos'!$G$7=8,'Calculos Con Estabilizacion'!$E$184,0)+IF('Carga de datos'!$G$7=9,'Calculos Con Estabilizacion'!$E$185,0)+IF('Carga de datos'!$G$7=10,'Calculos Con Estabilizacion'!$E$186,0)+IF('Carga de datos'!$G$7=11,'Calculos Con Estabilizacion'!$E$187,0)+IF('Carga de datos'!$G$7=12,'Calculos Con Estabilizacion'!$E$188,0)+IF('Carga de datos'!$G$7=13,'Calculos Con Estabilizacion'!$E$189,0)+IF('Carga de datos'!$G$7=14,'Calculos Con Estabilizacion'!$E$190,0)+IF('Carga de datos'!$G$7=15,'Calculos Con Estabilizacion'!$E$191,0)+IF('Carga de datos'!$G$7=16,'Calculos Con Estabilizacion'!$E$192,0)+IF('Carga de datos'!$G$7=17,'Calculos Con Estabilizacion'!$E$193,0)+IF('Carga de datos'!$G$7=18,'Calculos Con Estabilizacion'!$E$194,0)+IF('Carga de datos'!$G$7=19,'Calculos Con Estabilizacion'!$E$195,0)),0) -> 0 | E8: =B8-C8 -> -795.05439 | F8: =IF(E8>=0,E8,) -> 0
A9: =+'Carga de datos'!H13 -> 44593 | B9: =IF(A9=DATE(2021,1,1),'Calculos Sin Estabilizacion'!$D$177,0)+IF(A9=DATE(2021,2,1),'Calculos Sin Estabilizacion'!$D$178,0)+IF(A9=DATE(2021,3,1),'Calculos Sin Estabilizacion'!$D$179,0)+IF(A9=DATE(2021,4,1),'Calculos Sin Estabilizacion'!$D$180,0)+IF(A9=DATE(2021,5,1),'Calculos Sin Estabilizacion'!$D$181,0)+IF(A9=DATE(2021,6,1),'Calculos Sin Estabilizacion'!$D$182,0)+IF(A9=DATE(2021,7,1),'Calculos Sin Estabilizacion'!$D$183,0)+IF(A9=DATE(2021,8,1),'Calculos Sin Estabilizacion'!$D$184,0)+IF(A9=DATE(2021,9,1),'Calculos Sin Estabilizacion'!$D$185,0)+IF(A9=DATE(2021,10,1),'Calculos Sin Estabilizacion'!$D$186,0)+IF(A9=DATE(2021,11,1),'Calculos Sin Estabilizacion'!$D$187,0)+IF(A9=DATE(2021,12,1),'Calculos Sin Estabilizacion'!$D$188,0)+IF(A9=DATE(2022,1,1),'Calculos Sin Estabilizacion'!$D$189,0)+IF(A9=DATE(2022,2,1),'Calculos Sin Estabilizacion'!$D$190,0)+IF(A9=DATE(2022,3,1),'Calculos Sin Estabilizacion'!$D$191,0)+IF(A9=DATE(2022,4,1),'Calculos Sin Estabilizacion'!$D$192,0)+IF(A9=DATE(2022,5,1),'Calculos Sin Estabilizacion'!$D$193,0)+IF(A9=DATE(2022,6,1),'Calculos Sin Estabilizacion'!$D$194,0)+IF(A9=DATE(2022,7,1),'Calculos Sin Estabilizacion'!$D$195,0) -> 12053.636 | C9: =IF(A9=DATE(2021,1,1),'Calculos Con Estabilizacion'!$D$177,0)+IF(A9=DATE(2021,2,1),'Calculos Con Estabilizacion'!$D$178,0)+IF(A9=DATE(2021,3,1),'Calculos Con Estabilizacion'!$D$179,0)+IF(A9=DATE(2021,4,1),'Calculos Con Estabilizacion'!$D$180,0)+IF(A9=DATE(2021,5,1),'Calculos Con Estabilizacion'!$D$181,0)+IF(A9=DATE(2021,6,1),'Calculos Con Estabilizacion'!$D$182,0)+IF(A9=DATE(2021,7,1),'Calculos Con Estabilizacion'!$D$183,0)+IF(A9=DATE(2021,8,1),'Calculos Con Estabilizacion'!$D$184,0)+IF(A9=DATE(2021,9,1),'Calculos Con Estabilizacion'!$D$185,0)+IF(A9=DATE(2021,10,1),'Calculos Con Estabilizacion'!$D$186,0)+IF(A9=DATE(2021,11,1),'Calculos Con Estabilizacion'!$D$187,0)+IF(A9=DATE(2021,12,1),'Calculos Con Estabilizacion'!$D$188,0)+IF(A9=DATE(2022,1,1),'Calculos Con Estabilizacion'!$D$189,0)+IF(A9=DATE(2022,2,1),'Calculos Con Estabilizacion'!$D$190,0)+IF(A9=DATE(2022,3,1),'Calculos Con Estabilizacion'!$D$191,0)+IF(A9=DATE(2022,4,1),'Calculos Con Estabilizacion'!$D$192,0)+IF(A9=DATE(2022,5,1),'Calculos Con Estabilizacion'!$D$193,0)+IF(A9=DATE(2022,6,1),'Calculos Con Estabilizacion'!$D$194,0)+IF(A9=DATE(2022,7,1),'Calculos Con Estabilizacion'!$D$195,0)+D9 -> 14916.288 | D9: =IF(A9=DATE(2022,7,1),(IF('Carga de datos'!$G$7=8,'Calculos Sin Estabilizacion'!$E$184,0)+IF('Carga de datos'!$G$7=9,'Calculos Sin Estabilizacion'!$E$185,0)+IF('Carga de datos'!$G$7=10,'Calculos Sin Estabilizacion'!$E$186,0)+IF('Carga de datos'!$G$7=11,'Calculos Sin Estabilizacion'!$E$187,0)+IF('Carga de datos'!$G$7=12,'Calculos Sin Estabilizacion'!$E$188,0)+IF('Carga de datos'!$G$7=13,'Calculos Sin Estabilizacion'!$E$189,0)+IF('Carga de datos'!$G$7=14,'Calculos Sin Estabilizacion'!$E$190,0)+IF('Carga de datos'!$G$7=15,'Calculos Sin Estabilizacion'!$E$191,0)+IF('Carga de datos'!$G$7=16,'Calculos Sin Estabilizacion'!$E$192,0)+IF('Carga de datos'!$G$7=17,'Calculos Sin Estabilizacion'!$E$193,0)+IF('Carga de datos'!$G$7=18,'Calculos Sin Estabilizacion'!$E$194,0)+IF('Carga de datos'!$G$7=19,'Calculos Sin Estabilizacion'!$E$195,0))-(IF('Carga de datos'!$G$7=8,'Calculos Con Estabilizacion'!$E$184,0)+IF('Carga de datos'!$G$7=9,'Calculos Con Estabilizacion'!$E$185,0)+IF('Carga de datos'!$G$7=10,'Calculos Con Estabilizacion'!$E$186,0)+IF('Carga de datos'!$G$7=11,'Calculos Con Estabilizacion'!$E$187,0)+IF('Carga de datos'!$G$7=12,'Calculos Con Estabilizacion'!$E$188,0)+IF('Carga de datos'!$G$7=13,'Calculos Con Estabilizacion'!$E$189,0)+IF('Carga de datos'!$G$7=14,'Calculos Con Estabilizacion'!$E$190,0)+IF('Carga de datos'!$G$7=15,'Calculos Con Estabilizacion'!$E$191,0)+IF('Carga de datos'!$G$7=16,'Calculos Con Estabilizacion'!$E$192,0)+IF('Carga de datos'!$G$7=17,'Calculos Con Estabilizacion'!$E$193,0)+IF('Carga de datos'!$G$7=18,'Calculos Con Estabilizacion'!$E$194,0)+IF('Carga de datos'!$G$7=19,'Calculos Con Estabilizacion'!$E$195,0)),0) -> 0 | E9: =B9-C9 -> -2862.6518 | F9: =IF(E9>=0,E9,) -> 0
A10: =+'Carga de datos'!H14 -> 44621 | B10: =IF(A10=DATE(2021,1,1),'Calculos Sin Estabilizacion'!$D$177,0)+IF(A10=DATE(2021,2,1),'Calculos Sin Estabilizacion'!$D$178,0)+IF(A10=DATE(2021,3,1),'Calculos Sin Estabilizacion'!$D$179,0)+IF(A10=DATE(2021,4,1),'Calculos Sin Estabilizacion'!$D$180,0)+IF(A10=DATE(2021,5,1),'Calculos Sin Estabilizacion'!$D$181,0)+IF(A10=DATE(2021,6,1),'Calculos Sin Estabilizacion'!$D$182,0)+IF(A10=DATE(2021,7,1),'Calculos Sin Estabilizacion'!$D$183,0)+IF(A10=DATE(2021,8,1),'Calculos Sin Estabilizacion'!$D$184,0)+IF(A10=DATE(2021,9,1),'Calculos Sin Estabilizacion'!$D$185,0)+IF(A10=DATE(2021,10,1),'Calculos Sin Estabilizacion'!$D$186,0)+IF(A10=DATE(2021,11,1),'Calculos Sin Estabilizacion'!$D$187,0)+IF(A10=DATE(2021,12,1),'Calculos Sin Estabilizacion'!$D$188,0)+IF(A10=DATE(2022,1,1),'Calculos Sin Estabilizacion'!$D$189,0)+IF(A10=DATE(2022,2,1),'Calculos Sin Estabilizacion'!$D$190,0)+IF(A10=DATE(2022,3,1),'Calculos Sin Estabilizacion'!$D$191,0)+IF(A10=DATE(2022,4,1),'Calculos Sin Estabilizacion'!$D$192,0)+IF(A10=DATE(2022,5,1),'Calculos Sin Estabilizacion'!$D$193,0)+IF(A10=DATE(2022,6,1),'Calculos Sin Estabilizacion'!$D$194,0)+IF(A10=DATE(2022,7,1),'Calculos Sin Estabilizacion'!$D$195,0) -> 10144.381 | C10: =IF(A10=DATE(2021,1,1),'Calculos Con Estabilizacion'!$D$177,0)+IF(A10=DATE(2021,2,1),'Calculos Con Estabilizacion'!$D$178,0)+IF(A10=DATE(2021,3,1),'Calculos Con Estabilizacion'!$D$179,0)+IF(A10=DATE(2021,4,1),'Calculos Con Estabilizacion'!$D$180,0)+IF(A10=DATE(2021,5,1),'Calculos Con Estabilizacion'!$D$181,0)+IF(A10=DATE(2021,6,1),'Calculos Con Estabilizacion'!$D$182,0)+IF(A10=DATE(2021,7,1),'Calculos Con Estabilizacion'!$D$183,0)+IF(A10=DATE(2021,8,1),'Calculos Con Estabilizacion'!$D$184,0)+IF(A10=DATE(2021,9,1),'Calculos Con Estabilizacion'!$D$185,0)+IF(A10=DATE(2021,10,1),'Calculos Con Estabilizacion'!$D$186,0)+IF(A10=DATE(2021,11,1),'Calculos Con Estabilizacion'!$D$187,0)+IF(A10=DATE(2021,12,1),'Calculos Con Estabilizacion'!$D$188,0)+IF(A10=DATE(2022,1,1),'Calculos Con Estabilizacion'!$D$189,0)+IF(A10=DATE(2022,2,1),'Calculos Con Estabilizacion'!$D$190,0)+IF(A10=DATE(2022,3,1),'Calculos Con Estabilizacion'!$D$191,0)+IF(A10=DATE(2022,4,1),'Calculos Con Estabilizacion'!$D$192,0)+IF(A10=DATE(2022,5,1),'Calculos Con Estabilizacion'!$D$193,0)+IF(A10=DATE(2022,6,1),'Calculos Con Estabilizacion'!$D$194,0)+IF(A10=DATE(2022,7,1),'Calculos Con Estabilizacion'!$D$195,0)+D10 -> 14374.165 | D10: =IF(A10=DATE(2022,7,1),(IF('Carga de datos'!$G$7=8,'Calculos Sin Estabilizacion'!$E$184,0)+IF('Carga de datos'!$G$7=9,'Calculos Sin Estabilizacion'!$E$185,0)+IF('Carga de datos'!$G$7=10,'Calculos Sin Estabilizacion'!$E$186,0)+IF('Carga de datos'!$G$7=11,'Calculos Sin Estabilizacion'!$E$187,0)+IF('Carga de datos'!$G$7=12,'Calculos Sin Estabilizacion'!$E$188,0)+IF('Carga de datos'!$G$7=13,'Calculos Sin Estabilizacion'!$E$189,0)+IF('Carga de datos'!$G$7=14,'Calculos Sin Estabilizacion'!$E$190,0)+IF('Carga de datos'!$G$7=15,'Calculos Sin Estabilizacion'!$E$191,0)+IF('Carga de datos'!$G$7=16,'Calculos Sin Estabilizacion'!$E$192,0)+IF('Carga de datos'!$G$7=17,'Calculos Sin Estabilizacion'!$E$193,0)+IF('Carga de datos'!$G$7=18,'Calculos Sin Estabilizacion'!$E$194,0)+IF('Carga de datos'!$G$7=19,'Calculos Sin Estabilizacion'!$E$195,0))-(IF('Carga de datos'!$G$7=8,'Calculos Con Estabilizacion'!$E$184,0)+IF('Carga de datos'!$G$7=9,'Calculos Con Estabilizacion'!$E$185,0)+IF('Carga de datos'!$G$7=10,'Calculos Con Estabilizacion'!$E$186,0)+IF('Carga de datos'!$G$7=11,'Calculos Con Estabilizacion'!$E$187,0)+IF('Carga de datos'!$G$7=12,'Calculos Con Estabilizacion'!$E$188,0)+IF('Carga de datos'!$G$7=13,'Calculos Con Estabilizacion'!$E$189,0)+IF('Carga de datos'!$G$7=14,'Calculos Con Estabilizacion'!$E$190,0)+IF('Carga de datos'!$G$7=15,'Calculos Con Estabilizacion'!$E$191,0)+IF('Carga de datos'!$G$7=16,'Calculos Con Estabilizacion'!$E$192,0)+IF('Carga de datos'!$G$7=17,'Calculos Con Estabilizacion'!$E$193,0)+IF('Carga de datos'!$G$7=18,'Calculos Con Estabilizacion'!$E$194,0)+IF('Carga de datos'!$G$7=19,'Calculos Con Estabilizacion'!$E$195,0)),0) -> 0 | E10: =B10-C10 -> -4229.7846 | F10: =IF(E10>=0,E10,) -> 0
A11: =+'Carga de datos'!H15 -> 44652 | B11: =IF(A11=DATE(2021,1,1),'Calculos Sin Estabilizacion'!$D$177,0)+IF(A11=DATE(2021,2,1),'Calculos Sin Estabilizacion'!$D$178,0)+IF(A11=DATE(2021,3,1),'Calculos Sin Estabilizacion'!$D$179,0)+IF(A11=DATE(2021,4,1),'Calculos Sin Estabilizacion'!$D$180,0)+IF(A11=DATE(2021,5,1),'Calculos Sin Estabilizacion'!$D$181,0)+IF(A11=DATE(2021,6,1),'Calculos Sin Estabilizacion'!$D$182,0)+IF(A11=DATE(2021,7,1),'Calculos Sin Estabilizacion'!$D$183,0)+IF(A11=DATE(2021,8,1),'Calculos Sin Estabilizacion'!$D$184,0)+IF(A11=DATE(2021,9,1),'Calculos Sin Estabilizacion'!$D$185,0)+IF(A11=DATE(2021,10,1),'Calculos Sin Estabilizacion'!$D$186,0)+IF(A11=DATE(2021,11,1),'Calculos Sin Estabilizacion'!$D$187,0)+IF(A11=DATE(2021,12,1),'Calculos Sin Estabilizacion'!$D$188,0)+IF(A11=DATE(2022,1,1),'Calculos Sin Estabilizacion'!$D$189,0)+IF(A11=DATE(2022,2,1),'Calculos Sin Estabilizacion'!$D$190,0)+IF(A11=DATE(2022,3,1),'Calculos Sin Estabilizacion'!$D$191,0)+IF(A11=DATE(2022,4,1),'Calculos Sin Estabilizacion'!$D$192,0)+IF(A11=DATE(2022,5,1),'Calculos Sin Estabilizacion'!$D$193,0)+IF(A11=DATE(2022,6,1),'Calculos Sin Estabilizacion'!$D$194,0)+IF(A11=DATE(2022,7,1),'Calculos Sin Estabilizacion'!$D$195,0) -> 8293.8592 | C11: =IF(A11=DATE(2021,1,1),'Calculos Con Estabilizacion'!$D$177,0)+IF(A11=DATE(2021,2,1),'Calculos Con Estabilizacion'!$D$178,0)+IF(A11=DATE(2021,3,1),'Calculos Con Estabilizacion'!$D$179,0)+IF(A11=DATE(2021,4,1),'Calculos Con Estabilizacion'!$D$180,0)+IF(A11=DATE(2021,5,1),'Calculos Con Estabilizacion'!$D$181,0)+IF(A11=DATE(2021,6,1),'Calculos Con Estabilizacion'!$D$182,0)+IF(A11=DATE(2021,7,1),'Calculos Con Estabilizacion'!$D$183,0)+IF(A11=DATE(2021,8,1),'Calculos Con Estabilizacion'!$D$184,0)+IF(A11=DATE(2021,9,1),'Calculos Con Estabilizacion'!$D$185,0)+IF(A11=DATE(2021,10,1),'Calculos Con Estabilizacion'!$D$186,0)+IF(A11=DATE(2021,11,1),'Calculos Con Estabilizacion'!$D$187,0)+IF(A11=DATE(2021,12,1),'Calculos Con Estabilizacion'!$D$188,0)+IF(A11=DATE(2022,1,1),'Calculos Con Estabilizacion'!$D$189,0)+IF(A11=DATE(2022,2,1),'Calculos Con Estabilizacion'!$D$190,0)+IF(A11=DATE(2022,3,1),'Calculos Con Estabilizacion'!$D$191,0)+IF(A11=DATE(2022,4,1),'Calculos Con Estabilizacion'!$D$192,0)+IF(A11=DATE(2022,5,1),'Calculos Con Estabilizacion'!$D$193,0)+IF(A11=DATE(2022,6,1),'Calculos Con Estabilizacion'!$D$194,0)+IF(A11=DATE(2022,7,1),'Calculos Con Estabilizacion'!$D$195,0)+D11 -> 13260.919 | D11: =IF(A11=DATE(2022,7,1),(IF('Carga de datos'!$G$7=8,'Calculos Sin Estabilizacion'!$E$184,0)+IF('Carga de datos'!$G$7=9,'Calculos Sin Estabilizacion'!$E$185,0)+IF('Carga de datos'!$G$7=10,'Calculos Sin Estabilizacion'!$E$186,0)+IF('Carga de datos'!$G$7=11,'Calculos Sin Estabilizacion'!$E$187,0)+IF('Carga de datos'!$G$7=12,'Calculos Sin Estabilizacion'!$E$188,0)+IF('Carga de datos'!$G$7=13,'Calculos Sin Estabilizacion'!$E$189,0)+IF('Carga de datos'!$G$7=14,'Calculos Sin Estabilizacion'!$E$190,0)+IF('Carga de datos'!$G$7=15,'Calculos Sin Estabilizacion'!$E$191,0)+IF('Carga de datos'!$G$7=16,'Calculos Sin Estabilizacion'!$E$192,0)+IF('Carga de datos'!$G$7=17,'Calculos Sin Estabilizacion'!$E$193,0)+IF('Carga de datos'!$G$7=18,'Calculos Sin Estabilizacion'!$E$194,0)+IF('Carga de datos'!$G$7=19,'Calculos Sin Estabilizacion'!$E$195,0))-(IF('Carga de datos'!$G$7=8,'Calculos Con Estabilizacion'!$E$184,0)+IF('Carga de datos'!$G$7=9,'Calculos Con Estabilizacion'!$E$185,0)+IF('Carga de datos'!$G$7=10,'Calculos Con Estabilizacion'!$E$186,0)+IF('Carga de datos'!$G$7=11,'Calculos Con Estabilizacion'!$E$187,0)+IF('Carga de datos'!$G$7=12,'Calculos Con Estabilizacion'!$E$188,0)+IF('Carga de datos'!$G$7=13,'Calculos Con Estabilizacion'!$E$189,0)+IF('Carga de datos'!$G$7=14,'Calculos Con Estabilizacion'!$E$190,0)+IF('Carga de datos'!$G$7=15,'Calculos Con Estabilizacion'!$E$191,0)+IF('Carga de datos'!$G$7=16,'Calculos Con Estabilizacion'!$E$192,0)+IF('Carga de datos'!$G$7=17,'Calculos Con Estabilizacion'!$E$193,0)+IF('Carga de datos'!$G$7=18,'Calculos Con Estabilizacion'!$E$194,0)+IF('Carga de datos'!$G$7=19,'Calculos Con Estabilizacion'!$E$195,0)),0) -> 0 | E11: =B11-C11 -> -4967.0602 | F11: =IF(E11>=0,E11,) -> 0
A12: =+'Carga de datos'!H16 -> 44682 | B12: =IF(A12=DATE(2021,1,1),'Calculos Sin Estabilizacion'!$D$177,0)+IF(A12=DATE(2021,2,1),'Calculos Sin Estabilizacion'!$D$178,0)+IF(A12=DATE(2021,3,1),'Calculos Sin Estabilizacion'!$D$179,0)+IF(A12=DATE(2021,4,1),'Calculos Sin Estabilizacion'!$D$180,0)+IF(A12=DATE(2021,5,1),'Calculos Sin Estabilizacion'!$D$181,0)+IF(A12=DATE(2021,6,1),'Calculos Sin Estabilizacion'!$D$182,0)+IF(A12=DATE(2021,7,1),'Calculos Sin Estabilizacion'!$D$183,0)+IF(A12=DATE(2021,8,1),'Calculos Sin Estabilizacion'!$D$184,0)+IF(A12=DATE(2021,9,1),'Calculos Sin Estabilizacion'!$D$185,0)+IF(A12=DATE(2021,10,1),'Calculos Sin Estabilizacion'!$D$186,0)+IF(A12=DATE(2021,11,1),'Calculos Sin Estabilizacion'!$D$187,0)+IF(A12=DATE(2021,12,1),'Calculos Sin Estabilizacion'!$D$188,0)+IF(A12=DATE(2022,1,1),'Calculos Sin Estabilizacion'!$D$189,0)+IF(A12=DATE(2022,2,1),'Calculos Sin Estabilizacion'!$D$190,0)+IF(A12=DATE(2022,3,1),'Calculos Sin Estabilizacion'!$D$191,0)+IF(A12=DATE(2022,4,1),'Calculos Sin Estabilizacion'!$D$192,0)+IF(A12=DATE(2022,5,1),'Calculos Sin Estabilizacion'!$D$193,0)+IF(A12=DATE(2022,6,1),'Calculos Sin Estabilizacion'!$D$194,0)+IF(A12=DATE(2022,7,1),'Calculos Sin Estabilizacion'!$D$195,0) -> 6108.3319 | C12: =IF(A12=DATE(2021,1,1),'Calculos Con Estabilizacion'!$D$177,0)+IF(A12=DATE(2021,2,1),'Calculos Con Estabilizacion'!$D$178,0)+IF(A12=DATE(2021,3,1),'Calculos Con Estabilizacion'!$D$179,0)+IF(A12=DATE(2021,4,1),'Calculos Con Estabilizacion'!$D$180,0)+IF(A12=DATE(2021,5,1),'Calculos Con Estabilizacion'!$D$181,0)+IF(A12=DATE(2021,6,1),'Calculos Con Estabilizacion'!$D$182,0)+IF(A12=DATE(2021,7,1),'Calculos Con Estabilizacion'!$D$183,0)+IF(A12=DATE(2021,8,1),'Calculos Con Estabilizacion'!$D$184,0)+IF(A12=DATE(2021,9,1),'Calculos Con Estabilizacion'!$D$185,0)+IF(A12=DATE(2021,10,1),'Calculos Con Estabilizacion'!$D$186,0)+IF(A12=DATE(2021,11,1),'Calculos Con Estabilizacion'!$D$187,0)+IF(A12=DATE(2021,12,1),'Calculos Con Estabilizacion'!$D$188,0)+IF(A12=DATE(2022,1,1),'Calculos Con Estabilizacion'!$D$189,0)+IF(A12=DATE(2022,2,1),'Calculos Con Estabilizacion'!$D$190,0)+IF(A12=DATE(2022,3,1),'Calculos Con Estabilizacion'!$D$191,0)+IF(A12=DATE(2022,4,1),'Calculos Con Estabilizacion'!$D$192,0)+IF(A12=DATE(2022,5,1),'Calculos Con Estabilizacion'!$D$193,0)+IF(A12=DATE(2022,6,1),'Calculos Con Estabilizacion'!$D$194,0)+IF(A12=DATE(2022,7,1),'Calculos Con Estabilizacion'!$D$195,0)+D12 -> 11157.103 | D12: =IF(A12=DATE(2022,7,1),(IF('Carga de datos'!$G$7=8,'Calculos Sin Estabilizacion'!$E$184,0)+IF('Carga de datos'!$G$7=9,'Calculos Sin Estabilizacion'!$E$185,0)+IF('Carga de datos'!$G$7=10,'Calculos Sin Estabilizacion'!$E$186,0)+IF('Carga de datos'!$G$7=11,'Calculos Sin Estabilizacion'!$E$187,0)+IF('Carga de datos'!$G$7=12,'Calculos Sin Estabilizacion'!$E$188,0)+IF('Carga de datos'!$G$7=13,'Calculos Sin Estabilizacion'!$E$189,0)+IF('Carga de datos'!$G$7=14,'Calculos Sin Estabilizacion'!$E$190,0)+IF('Carga de datos'!$G$7=15,'Calculos Sin Estabilizacion'!$E$191,0)+IF('Carga de datos'!$G$7=16,'Calculos Sin Estabilizacion'!$E$192,0)+IF('Carga de datos'!$G$7=17,'Calculos Sin Estabilizacion'!$E$193,0)+IF('Carga de datos'!$G$7=18,'Calculos Sin Estabilizacion'!$E$194,0)+IF('Carga de datos'!$G$7=19,'Calculos Sin Estabilizacion'!$E$195,0))-(IF('Carga de datos'!$G$7=8,'Calculos Con Estabilizacion'!$E$184,0)+IF('Carga de datos'!$G$7=9,'Calculos Con Estabilizacion'!$E$185,0)+IF('Carga de datos'!$G$7=10,'Calculos Con Estabilizacion'!$E$186,0)+IF('Carga de datos'!$G$7=11,'Calculos Con Estabilizacion'!$E$187,0)+IF('Carga de datos'!$G$7=12,'Calculos Con Estabilizacion'!$E$188,0)+IF('Carga de datos'!$G$7=13,'Calculos Con Estabilizacion'!$E$189,0)+IF('Carga de datos'!$G$7=14,'Calculos Con Estabilizacion'!$E$190,0)+IF('Carga de datos'!$G$7=15,'Calculos Con Estabilizacion'!$E$191,0)+IF('Carga de datos'!$G$7=16,'Calculos Con Estabilizacion'!$E$192,0)+IF('Carga de datos'!$G$7=17,'Calculos Con Estabilizacion'!$E$193,0)+IF('Carga de datos'!$G$7=18,'Calculos Con Estabilizacion'!$E$194,0)+IF('Carga de datos'!$G$7=19,'Calculos Con Estabilizacion'!$E$195,0)),0) -> 0 | E12: =B12-C12 -> -5048.7715 | F12: =IF(E12>=0,E12,) -> 0
A13: =+'Carga de datos'!H17 -> 44713 | B13: =IF(A13=DATE(2021,1,1),'Calculos Sin Estabilizacion'!$D$177,0)+IF(A13=DATE(2021,2,1),'Calculos Sin Estabilizacion'!$D$178,0)+IF(A13=DATE(2021,3,1),'Calculos Sin Estabilizacion'!$D$179,0)+IF(A13=DATE(2021,4,1),'Calculos Sin Estabilizacion'!$D$180,0)+IF(A13=DATE(2021,5,1),'Calculos Sin Estabilizacion'!$D$181,0)+IF(A13=DATE(2021,6,1),'Calculos Sin Estabilizacion'!$D$182,0)+IF(A13=DATE(2021,7,1),'Calculos Sin Estabilizacion'!$D$183,0)+IF(A13=DATE(2021,8,1),'Calculos Sin Estabilizacion'!$D$184,0)+IF(A13=DATE(2021,9,1),'Calculos Sin Estabilizacion'!$D$185,0)+IF(A13=DATE(2021,10,1),'Calculos Sin Estabilizacion'!$D$186,0)+IF(A13=DATE(2021,11,1),'Calculos Sin Estabilizacion'!$D$187,0)+IF(A13=DATE(2021,12,1),'Calculos Sin Estabilizacion'!$D$188,0)+IF(A13=DATE(2022,1,1),'Calculos Sin Estabilizacion'!$D$189,0)+IF(A13=DATE(2022,2,1),'Calculos Sin Estabilizacion'!$D$190,0)+IF(A13=DATE(2022,3,1),'Calculos Sin Estabilizacion'!$D$191,0)+IF(A13=DATE(2022,4,1),'Calculos Sin Estabilizacion'!$D$192,0)+IF(A13=DATE(2022,5,1),'Calculos Sin Estabilizacion'!$D$193,0)+IF(A13=DATE(2022,6,1),'Calculos Sin Estabilizacion'!$D$194,0)+IF(A13=DATE(2022,7,1),'Calculos Sin Estabilizacion'!$D$195,0) -> 5046.7253 | C13: =IF(A13=DATE(2021,1,1),'Calculos Con Estabilizacion'!$D$177,0)+IF(A13=DATE(2021,2,1),'Calculos Con Estabilizacion'!$D$178,0)+IF(A13=DATE(2021,3,1),'Calculos Con Estabilizacion'!$D$179,0)+IF(A13=DATE(2021,4,1),'Calculos Con Estabilizacion'!$D$180,0)+IF(A13=DATE(2021,5,1),'Calculos Con Estabilizacion'!$D$181,0)+IF(A13=DATE(2021,6,1),'Calculos Con Estabilizacion'!$D$182,0)+IF(A13=DATE(2021,7,1),'Calculos Con Estabilizacion'!$D$183,0)+IF(A13=DATE(2021,8,1),'Calculos Con Estabilizacion'!$D$184,0)+IF(A13=DATE(2021,9,1),'Calculos Con Estabilizacion'!$D$185,0)+IF(A13=DATE(2021,10,1),'Calculos Con Estabilizacion'!$D$186,0)+IF(A13=DATE(2021,11,1),'Calculos Con Estabilizacion'!$D$187,0)+IF(A13=DATE(2021,12,1),'Calculos Con Estabilizacion'!$D$188,0)+IF(A13=DATE(2022,1,1),'Calculos Con Estabilizacion'!$D$189,0)+IF(A13=DATE(2022,2,1),'Calculos Con Estabilizacion'!$D$190,0)+IF(A13=DATE(2022,3,1),'Calculos Con Estabilizacion'!$D$191,0)+IF(A13=DATE(2022,4,1),'Calculos Con Estabilizacion'!$D$192,0)+IF(A13=DATE(2022,5,1),'Calculos Con Estabilizacion'!$D$193,0)+IF(A13=DATE(2022,6,1),'Calculos Con Estabilizacion'!$D$194,0)+IF(A13=DATE(2022,7,1),'Calculos Con Estabilizacion'!$D$195,0)+D13 -> 9246.0142 | D13: =IF(A13=DATE(2022,7,1),(IF('Carga de datos'!$G$7=8,'Calculos Sin Estabilizacion'!$E$184,0)+IF('Carga de datos'!$G$7=9,'Calculos Sin Estabilizacion'!$E$185,0)+IF('Carga de datos'!$G$7=10,'Calculos Sin Estabilizacion'!$E$186,0)+IF('Carga de datos'!$G$7=11,'Calculos Sin Estabilizacion'!$E$187,0)+IF('Carga de datos'!$G$7=12,'Calculos Sin Estabilizacion'!$E$188,0)+IF('Carga de datos'!$G$7=13,'Calculos Sin Estabilizacion'!$E$189,0)+IF('Carga de datos'!$G$7=14,'Calculos Sin Estabilizacion'!$E$190,0)+IF('Carga de datos'!$G$7=15,'Calculos Sin Estabilizacion'!$E$191,0)+IF('Carga de datos'!$G$7=16,'Calculos Sin Estabilizacion'!$E$192,0)+IF('Carga de datos'!$G$7=17,'Calculos Sin Estabilizacion'!$E$193,0)+IF('Carga de datos'!$G$7=18,'Calculos Sin Estabilizacion'!$E$194,0)+IF('Carga de datos'!$G$7=19,'Calculos Sin Estabilizacion'!$E$195,0))-(IF('Carga de datos'!$G$7=8,'Calculos Con Estabilizacion'!$E$184,0)+IF('Carga de datos'!$G$7=9,'Calculos Con Estabilizacion'!$E$185,0)+IF('Carga de datos'!$G$7=10,'Calculos Con Estabilizacion'!$E$186,0)+IF('Carga de datos'!$G$7=11,'Calculos Con Estabilizacion'!$E$187,0)+IF('Carga de datos'!$G$7=12,'Calculos Con Estabilizacion'!$E$188,0)+IF('Carga de datos'!$G$7=13,'Calculos Con Estabilizacion'!$E$189,0)+IF('Carga de datos'!$G$7=14,'Calculos Con Estabilizacion'!$E$190,0)+IF('Carga de datos'!$G$7=15,'Calculos Con Estabilizacion'!$E$191,0)+IF('Carga de datos'!$G$7=16,'Calculos Con Estabilizacion'!$E$192,0)+IF('Carga de datos'!$G$7=17,'Calculos Con Estabilizacion'!$E$193,0)+IF('Carga de datos'!$G$7=18,'Calculos Con Estabilizacion'!$E$194,0)+IF('Carga de datos'!$G$7=19,'Calculos Con Estabilizacion'!$E$195,0)),0) -> 0 | E13: =B13-C13 -> -4199.2889 | F13: =IF(E13>=0,E13,) -> 0
A14: =+'Carga de datos'!H18 -> 44743 | B14: =IF(A14=DATE(2021,1,1),'Calculos Sin Estabilizacion'!$D$177,0)+IF(A14=DATE(2021,2,1),'Calculos Sin Estabilizacion'!$D$178,0)+IF(A14=DATE(2021,3,1),'Calculos Sin Estabilizacion'!$D$179,0)+IF(A14=DATE(2021,4,1),'Calculos Sin Estabilizacion'!$D$180,0)+IF(A14=DATE(2021,5,1),'Calculos Sin Estabilizacion'!$D$181,0)+IF(A14=DATE(2021,6,1),'Calculos Sin Estabilizacion'!$D$182,0)+IF(A14=DATE(2021,7,1),'Calculos Sin Estabilizacion'!$D$183,0)+IF(A14=DATE(2021,8,1),'Calculos Sin Estabilizacion'!$D$184,0)+IF(A14=DATE(2021,9,1),'Calculos Sin Estabilizacion'!$D$185,0)+IF(A14=DATE(2021,10,1),'Calculos Sin Estabilizacion'!$D$186,0)+IF(A14=DATE(2021,11,1),'Calculos Sin Estabilizacion'!$D$187,0)+IF(A14=DATE(2021,12,1),'Calculos Sin Estabilizacion'!$D$188,0)+IF(A14=DATE(2022,1,1),'Calculos Sin Estabilizacion'!$D$189,0)+IF(A14=DATE(2022,2,1),'Calculos Sin Estabilizacion'!$D$190,0)+IF(A14=DATE(2022,3,1),'Calculos Sin Estabilizacion'!$D$191,0)+IF(A14=DATE(2022,4,1),'Calculos Sin Estabilizacion'!$D$192,0)+IF(A14=DATE(2022,5,1),'Calculos Sin Estabilizacion'!$D$193,0)+IF(A14=DATE(2022,6,1),'Calculos Sin Estabilizacion'!$D$194,0)+IF(A14=DATE(2022,7,1),'Calculos Sin Estabilizacion'!$D$195,0) -> 6118.986 | C14: =IF(A14=DATE(2021,1,1),'Calculos Con Estabilizacion'!$D$177,0)+IF(A14=DATE(2021,2,1),'Calculos Con Estabilizacion'!$D$178,0)+IF(A14=DATE(2021,3,1),'Calculos Con Estabilizacion'!$D$179,0)+IF(A14=DATE(2021,4,1),'Calculos Con Estabilizacion'!$D$180,0)+IF(A14=DATE(2021,5,1),'Calculos Con Estabilizacion'!$D$181,0)+IF(A14=DATE(2021,6,1),'Calculos Con Estabilizacion'!$D$182,0)+IF(A14=DATE(2021,7,1),'Calculos Con Estabilizacion'!$D$183,0)+IF(A14=DATE(2021,8,1),'Calculos Con Estabilizacion'!$D$184,0)+IF(A14=DATE(2021,9,1),'Calculos Con Estabilizacion'!$D$185,0)+IF(A14=DATE(2021,10,1),'Calculos Con Estabilizacion'!$D$186,0)+IF(A14=DATE(2021,11,1),'Calculos Con Estabilizacion'!$D$187,0)+IF(A14=DATE(2021,12,1),'Calculos Con Estabilizacion'!$D$188,0)+IF(A14=DATE(2022,1,1),'Calculos Con Estabilizacion'!$D$189,0)+IF(A14=DATE(2022,2,1),'Calculos Con Estabilizacion'!$D$190,0)+IF(A14=DATE(2022,3,1),'Calculos Con Estabilizacion'!$D$191,0)+IF(A14=DATE(2022,4,1),'Calculos Con Estabilizacion'!$D$192,0)+IF(A14=DATE(2022,5,1),'Calculos Con Estabilizacion'!$D$193,0)+IF(A14=DATE(2022,6,1),'Calculos Con Estabilizacion'!$D$194,0)+IF(A14=DATE(2022,7,1),'Calculos Con Estabilizacion'!$D$195,0)+D14 -> 7981.3869 | D14: =IF(A14=DATE(2022,7,1),(IF('Carga de datos'!$G$7=8,'Calculos Sin Estabilizacion'!$E$184,0)+IF('Carga de datos'!$G$7=9,'Calculos Sin Estabilizacion'!$E$185,0)+IF('Carga de datos'!$G$7=10,'Calculos Sin Estabilizacion'!$E$186,0)+IF('Carga de datos'!$G$7=11,'Calculos Sin Estabilizacion'!$E$187,0)+IF('Carga de datos'!$G$7=12,'Calculos Sin Estabilizacion'!$E$188,0)+IF('Carga de datos'!$G$7=13,'Calculos Sin Estabilizacion'!$E$189,0)+IF('Carga de datos'!$G$7=14,'Calculos Sin Estabilizacion'!$E$190,0)+IF('Carga de datos'!$G$7=15,'Calculos Sin Estabilizacion'!$E$191,0)+IF('Carga de datos'!$G$7=16,'Calculos Sin Estabilizacion'!$E$192,0)+IF('Carga de datos'!$G$7=17,'Calculos Sin Estabilizacion'!$E$193,0)+IF('Carga de datos'!$G$7=18,'Calculos Sin Estabilizacion'!$E$194,0)+IF('Carga de datos'!$G$7=19,'Calculos Sin Estabilizacion'!$E$195,0))-(IF('Carga de datos'!$G$7=8,'Calculos Con Estabilizacion'!$E$184,0)+IF('Carga de datos'!$G$7=9,'Calculos Con Estabilizacion'!$E$185,0)+IF('Carga de datos'!$G$7=10,'Calculos Con Estabilizacion'!$E$186,0)+IF('Carga de datos'!$G$7=11,'Calculos Con Estabilizacion'!$E$187,0)+IF('Carga de datos'!$G$7=12,'Calculos Con Estabilizacion'!$E$188,0)+IF('Carga de datos'!$G$7=13,'Calculos Con Estabilizacion'!$E$189,0)+IF('Carga de datos'!$G$7=14,'Calculos Con Estabilizacion'!$E$190,0)+IF('Carga de datos'!$G$7=15,'Calculos Con Estabilizacion'!$E$191,0)+IF('Carga de datos'!$G$7=16,'Calculos Con Estabilizacion'!$E$192,0)+IF('Carga de datos'!$G$7=17,'Calculos Con Estabilizacion'!$E$193,0)+IF('Carga de datos'!$G$7=18,'Calculos Con Estabilizacion'!$E$194,0)+IF('Carga de datos'!$G$7=19,'Calculos Con Estabilizacion'!$E$195,0)),0) -> 20.400356 | E14: =B14-C14 -> -1862.401 | F14: =IF(E14>=0,E14,) -> 0
A15: TOTAL | B15: =+SUM(B3:B14) -> 135511.16 | C15: =+SUM(C3:C14) -> 135511.16
A16: TOTAL REAL* | B16: =B3/(IPC!$D70/IPC!$D$70)+B4/(IPC!$D71/IPC!$D$70)+B5/(IPC!$D72/IPC!$D$70)+B6/(IPC!$D73/IPC!$D$70)+B7/(IPC!$D74/IPC!$D$70)+B8/(IPC!$D75/IPC!$D$70)+B9/(IPC!$D76/IPC!$D$70)+B10/(IPC!$D77/IPC!$D$70)+B11/(IPC!$D78/IPC!$D$70)+B12/(IPC!$D79/IPC!$D$70)+B13/(IPC!$D80/IPC!$D$70)+B14/(IPC!$D81/IPC!$D$70) -> 119446.29 | C16: =C3/(IPC!$D70/IPC!$D$70)+C4/(IPC!$D71/IPC!$D$70)+C5/(IPC!$D72/IPC!$D$70)+C6/(IPC!$D73/IPC!$D$70)+C7/(IPC!$D74/IPC!$D$70)+C8/(IPC!$D75/IPC!$D$70)+C9/(IPC!$D76/IPC!$D$70)+C10/(IPC!$D77/IPC!$D$70)+C11/(IPC!$D78/IPC!$D$70)+C12/(IPC!$D79/IPC!$D$70)+C13/(IPC!$D80/IPC!$D$70)+IF(C14>=0,C14/(IPC!$D81/IPC!$D$70),0) -> 115516.05 | D16: DIFERENCIA | E16: =B16-C16 -> 3930.2412
A18: El total real indica el costo de cada alternativa quitando los efectos de la inflación estimada
A21: * Se deflacta por el IPC en base a estimaciones del BCRA

Sheet Calculos Sin Estabilizacion
B1: Alta | C1: Baja | D1: Total
A2: 43466
A3: 43497
A4: 43525
A5: 43556
A6: 43586
A7: 43617
A8: 43647 | B8: =+'Carga de datos'!C21 -> 76.417749 | C8: =+'Carga de datos'!D21 -> 1618.5065 | D8: =B8+C8 -> 1694.9242 | E8: =+'Carga de datos'!F21 -> 17
A9: 43678 | B9: =+'Carga de datos'!C22 -> 307.88897 | C9: =+'Carga de datos'!D22 -> 2696.8577 | D9: =B9+C9 -> 3004.7467 | E9: =+'Carga de datos'!F22 -> 17
A10: 43709 | B10: =+'Carga de datos'!C23 -> 580.23667 | C10: =+'Carga de datos'!D23 -> 3233.1895 | D10: =B10+C10 -> 3813.4262 | E10: =+'Carga de datos'!F23 -> 17
A11: 43739 | B11: =+'Carga de datos'!C24 -> 693.05387 | C11: =+'Carga de datos'!D24 -> 3565.0645 | D11: =B11+C11 -> 4258.1184 | E11: =+'Carga de datos'!F24 -> 17
A12: 43770 | B12: =+'Carga de datos'!C25 -> 1151.4333 | C12: =+'Carga de datos'!D25 -> 3919.1772 | D12: =B12+C12 -> 5070.6105 | E12: =+'Carga de datos'!F25 -> 17
A13: 43800 | B13: =+'Carga de datos'!C26 -> 1068.0998 | C13: =+'Carga de datos'!D26 -> 3231.3831 | D13: =B13+C13 -> 4299.4829 | E13: =+'Carga de datos'!F26 -> 17
A14: 43831 | B14: =+'Carga de datos'!C27 -> 548.65858 | C14: =+'Carga de datos'!D27 -> 3452.8356 | D14: =B14+C14 -> 4001.4941 | E14: =+'Carga de datos'!F27 -> 17
A15: 43862 | B15: =+'Carga de datos'!C28 -> 488.59307 | C15: =+'Carga de datos'!D28 -> 2912.3755 | D15: =B15+C15 -> 3400.9686 | E15: =+'Carga de datos'!F28 -> 17
A16: 43891 | B16: =+'Carga de datos'!C29 -> 245.68723 | C16: =+'Carga de datos'!D29 -> 2761.0768 | D16: =B16+C16 -> 3006.7641 | E16: =+'Carga de datos'!F29 -> 17
A17: 43922 | B17: =+'Carga de datos'!C30 -> 306.29329 | C17: =+'Carga de datos'!D30 -> 1892.132 | D17: =B17+C17 -> 2198.4253 | E17: =+'Carga de datos'!F30 -> 17
A18: 43952 | B18: =+'Carga de datos'!C31 -> 65.021645 | C18: =+'Carga de datos'!D31 -> 1628.0047 | D18: =B18+C18 -> 1693.0264 | E18: =+'Carga de datos'!F31 -> 17
A19: 43983 | B19: =+'Carga de datos'!C32 -> 129.39679 | C19: =+'Carga de datos'!D32 -> 1062.0252 | D19: =B19+C19 -> 1191.422 | E19: =+'Carga de datos'!F32 -> 17
A20: 44013 | B20: =+'Carga de datos'!C21 -> 76.417749 | C20: =+'Carga de datos'!D21 -> 1618.5065 | D20: =B20+C20 -> 1694.9242 | E20: =+'Carga de datos'!F21 -> 17
A21: 44044 | B21: =+'Carga de datos'!C22 -> 307.88897 | C21: =+'Carga de datos'!D22 -> 2696.8577 | D21: =B21+C21 -> 3004.7467 | E21: =+'Carga de datos'!F22 -> 17
A22: 44075 | B22: =+'Carga de datos'!C23 -> 580.23667 | C22: =+'Carga de datos'!D23 -> 3233.1895 | D22: =B22+C22 -> 3813.4262 | E22: =+'Carga de datos'!F23 -> 17
A23: 44105 | B23: =+'Carga de datos'!C24 -> 693.05387 | C23: =+'Carga de datos'!D24 -> 3565.0645 | D23: =B23+C23 -> 4258.1184 | E23: =+'Carga de datos'!F24 -> 17
A24: 44136 | B24: =+'Carga de datos'!C25 -> 1151.4333 | C24: =+'Carga de datos'!D25 -> 3919.1772 | D24: =B24+C24 -> 5070.6105 | E24: =+'Carga de datos'!F25 -> 17
A25: 44166 | B25: =+'Carga de datos'!C26 -> 1068.0998 | C25: =+'Carga de datos'!D26 -> 3231.3831 | D25: =B25+C25 -> 4299.4829 | E25: =+'Carga de datos'!F26 -> 17
A26: 44197 | B26: =+'Carga de datos'!C27 -> 548.65858 | C26: =+'Carga de datos'!D27 -> 3452.8356 | D26: =B26+C26 -> 4001.4941 | E26: =+'Carga de datos'!F27 -> 17
A27: 44228 | B27: =+'Carga de datos'!C28 -> 488.59307 | C27: =+'Carga de datos'!D28 -> 2912.3755 | D27: =B27+C27 -> 3400.9686 | E27: =+'Carga de datos'!F28 -> 17
A28: 44256 | B28: =+'Carga de datos'!C29 -> 245.68723 | C28: =+'Carga de datos'!D29 -> 2761.0768 | D28: =B28+C28 -> 3006.7641 | E28: =+'Carga de datos'!F29 -> 17
A29: 44287 | B29: =+'Carga de datos'!C30 -> 306.29329 | C29: =+'Carga de datos'!D30 -> 1892.132 | D29: =B29+C29 -> 2198.4253 | E29: =+'Carga de datos'!F30 -> 17
A30: 44317 | B30: =+'Carga de datos'!C31 -> 65.021645 | C30: =+'Carga de datos'!D31 -> 1628.0047 | D30: =B30+C30 -> 1693.0264 | E30: =+'Carga de datos'!F31 -> 17
A31: 44348 | B31: =+'Carga de datos'!C32 -> 129.39679 | C31: =+'Carga de datos'!D32 -> 1062.0252 | D31: =B31+C31 -> 1191.422 | E31: =+'Carga de datos'!F32 -> 17
A32: 44378 | B32: =B20*(1+'Carga de datos'!$C$34) -> 76.417749 | C32: =C20*(1+'Carga de datos'!$D$34) -> 1618.5065 | D32: =B32+C32 -> 1694.9242 | E32: =E20*(1+'Carga de datos'!$F$34) -> 17
A33: 44409 | B33: =B21*(1+'Carga de datos'!$C$34) -> 307.88897 | C33: =C21*(1+'Carga de datos'!$D$34) -> 2696.8577 | D33: =B33+C33 -> 3004.7467 | E33: =E21*(1+'Carga de datos'!$F$34) -> 17
A34: 44440 | B34: =B22*(1+'Carga de datos'!$C$34) -> 580.23667 | C34: =C22*(1+'Carga de datos'!$D$34) -> 3233.1895 | D34: =B34+C34 -> 3813.4262 | E34: =E22*(1+'Carga de datos'!$F$34) -> 17
A35: 44470 | B35: =B23*(1+'Carga de datos'!$C$34) -> 693.05387 | C35: =C23*(1+'Carga de datos'!$D$34) -> 3565.0645 | D35: =B35+C35 -> 4258.1184 | E35: =E23*(1+'Carga de datos'!$F$34) -> 17
A36: 44501 | B36: =B24*(1+'Carga de datos'!$C$34) -> 1151.4333 | C36: =C24*(1+'Carga de datos'!$D$34) -> 3919.1772 | D36: =B36+C36 -> 5070.6105 | E36: =E24*(1+'Carga de datos'!$F$34) -> 17
A37: 44531 | B37: =B25*(1+'Carga de datos'!$C$34) -> 1068.0998 | C37: =C25*(1+'Carga de datos'!$D$34) -> 3231.3831 | D37: =B37+C37 -> 4299.4829 | E37: =E25*(1+'Carga de datos'!$F$34) -> 17
A38: 44562 | B38: =B26*(1+'Carga de datos'!$C$34) -> 548.65858 | C38: =C26*(1+'Carga de datos'!$D$34) -> 3452.8356 | D38: =B38+C38 -> 4001.4941 | E38: =E26*(1+'Carga de datos'!$F$34) -> 17
A39: 44593 | B39: =B27*(1+'Carga de datos'!$C$34) -> 488.59307 | C39: =C27*(1+'Carga de datos'!$D$34) -> 2912.3755 | D39: =B39+C39 -> 3400.9686 | E39: =E27*(1+'Carga de datos'!$F$34) -> 17
A40: 44621 | B40: =B28*(1+'Carga de datos'!$C$34) -> 245.68723 | C40: =C28*(1+'Carga de datos'!$D$34) -> 2761.0768 | D40: =B40+C40 -> 3006.7641 | E40: =E28*(1+'Carga de datos'!$F$34) -> 17
A41: 44652 | B41: =B29*(1+'Carga de datos'!$C$34) -> 306.29329 | C41: =C29*(1+'Carga de datos'!$D$34) -> 1892.132 | D41: =B41+C41 -> 2198.4253 | E41: =E29*(1+'Carga de datos'!$F$34) -> 17
A42: 44682 | B42: =B30*(1+'Carga de datos'!$C$34) -> 65.021645 | C42: =C30*(1+'Carga de datos'!$D$34) -> 1628.0047 | D42: =B42+C42 -> 1693.0264 | E42: =E30*(1+'Carga de datos'!$F$34) -> 17
A43: 44713 | B43: =B31*(1+'Carga de datos'!$C$34) -> 129.39679 | C43: =C31*(1+'Carga de datos'!$D$34) -> 1062.0252 | D43: =B43+C43 -> 1191.422 | E43: =E31*(1+'Carga de datos'!$F$34) -> 17
... A49: 44896 | B49: =B37*(1+'Carga de datos'!$C$34) -> 1068.0998 | C49: =C37*(1+'Carga de datos'!$D$34) -> 3231.3831 | D49: =B49+C49 -> 4299.4829 | E49: =E37*(1+'Carga de datos'!$F$34) -> 17
A53: COMPENSADO | E53: 43466 | G53: COMPENSADO | K53: 43497 | M53: COMPENSADO | Q53: 43525 | S53: COMPENSADO | W53: 43556 | Y53: COMPENSADO | AC53: 43586 | AE53: COMPENSADO | AI53: 43617 | AK53: COMPENSADO | AO53: 43647 | AQ53: COMPENSADO | AU53: 43678 | AW53: COMPENSADO | BA53: 43709 | BC53: COMPENSADO | BG53: 43739 | BI53: COMPENSADO | BM53: 43770 | BO53: COMPENSADO | BS53: 43800
A54: USUARIO XXXXXXXXXXXX | G54: USUARIO XXXXXXXXXXXX | M54: USUARIO XXXXXXXXXXXX | S54: USUARIO XXXXXXXXXXXX | Y54: USUARIO XXXXXXXXXXXX | AE54: USUARIO XXXXXXXXXXXX | AK54: USUARIO XXXXXXXXXXXX | AQ54: USUARIO XXXXXXXXXXXX | AW54: USUARIO XXXXXXXXXXXX | BC54: USUARIO XXXXXXXXXXXX | BI54: USUARIO XXXXXXXXXXXX | BO54: USUARIO XXXXXXXXXXXX
A55: Tarifa: RA BT | G55: Tarifa: RA BT | M55: Tarifa: RA BT | S55: Tarifa: RA BT | Y55: Tarifa: RA BT | AE55: Tarifa: RA BT | AK55: Tarifa: RA BT | AQ55: Tarifa: RA BT | AW55: Tarifa: RA BT | BC55: Tarifa: RA BT | BI55: Tarifa: RA BT | BO55: Tarifa: RA BT
A57: Descripción | B57: Consumo | C57: Cargos | D57: Monto | G57: Descripción | H57: Consumo | I57: Cargos | J57: Monto | M57: Descripción | N57: Consumo | O57: Cargos | P57: Monto | S57: Descripción | T57: Consumo | U57: Cargos | V57: Monto | Y57: Descripción | Z57: Consumo | AA57: Cargos | AB57: Monto | AE57: Descripción | AF57: Consumo | AG57: Cargos | AH57: Monto | AK57: Descripción | AL57: Consumo | AM57: Cargos | AN57: Monto | AQ57: Descripción | AR57: Consumo | AS57: Cargos | AT57: Monto | AW57: Descripción | AX57: Consumo | AY57: Cargos | AZ57: Monto | BC57: Descripción | BD57: Consumo | BE57: Cargos | BF57: Monto | BI57: Descripción | BJ57: Consumo | BK57: Cargos | BL57: Monto | BO57: Descripción | BP57: Consumo | BQ57: Cargos | BR57: Monto
A59: Cargo Comercialización | C59: ='Tarifas Riego Agricola'!$AY$5 -> 381.762 | D59: =+C59 -> 381.762 | E59: =+D59 -> 381.762 | G59: Cargo Comercialización | I59: ='Tarifas Riego Agricola'!$AZ$5 -> 393.143 | J59: =+I59 -> 393.143 | K59: =+J59 -> 393.143 | M59: Cargo Comercialización | O59: ='Tarifas Riego Agricola'!$BA$5 -> 393.143 | P59: =+O59 -> 393.143 | Q59: =+P59 -> 393.143 | S59: Cargo Comercialización | U59: ='Tarifas Riego Agricola'!$BB$5 -> 393.143 | V59: =+U59 -> 393.143 | W59: =+V59 -> 393.143 | Y59: Cargo Comercialización | AA59: ='Tarifas Riego Agricola'!$BC$5 -> 393.143 | AB59: =+AA59 -> 393.143 | AC59: =+AB59 -> 393.143 | AE59: Cargo Comercialización | AG59: ='Tarifas Riego Agricola'!$BD$5 -> 394.143 | AH59: =+AG59 -> 394.143 | AI59: =+AH59 -> 394.143 | AK59: Cargo Comercialización | AM59: ='Tarifas Riego Agricola'!$BE$5 -> 645.804 | AN59: =+AM59 -> 645.804 | AO59: =+AN59 -> 645.804 | AQ59: Cargo Comercialización | AS59: ='Tarifas Riego Agricola'!$BF$5 -> 645.804 | AT59: =+AS59 -> 645.804 | AU59: =+AT59 -> 645.804 | AW59: Cargo Comercialización | AY59: ='Tarifas Riego Agricola'!$BG$5 -> 645.804 | AZ59: =+AY59 -> 645.804 | BA59: =+AZ59 -> 645.804 | BC59: Cargo Comercialización | BE59: ='Tarifas Riego Agricola'!$BH$5 -> 645.804 | BF59: =+BE59 -> 645.804 | BG59: =+BF59 -> 645.804 | BI59: Cargo Comercialización | BK59: ='Tarifas Riego Agricola'!$BI$5 -> 645.804 | BL59: =+BK59 -> 645.804 | BM59: =+BL59 -> 645.804 | BO59: Cargo Comercialización | BQ59: ='Tarifas Riego Agricola'!$BJ$5 -> 645.804 | BR59: =+BQ59 -> 645.804 | BS59: =+BR59 -> 645.804
A60: Uso de Red | B60: =+E2 -> 0 | C60: ='Tarifas Riego Agricola'!$AY$6 -> 48.293 | D60: =+C60*B60 -> 0 | E60: =+D60 -> 0 | G60: Uso de Red | H60: =+E3 -> 0 | I60: ='Tarifas Riego Agricola'!$AZ$6 -> 48.293 | J60: =+I60*H60 -> 0 | K60: =+J60 -> 0 | M60: Uso de Red | N60: =+E4 -> 0 | O60: ='Tarifas Riego Agricola'!$BA$6 -> 48.293 | P60: =+O60*N60 -> 0 | Q60: =+P60 -> 0 | S60: Uso de Red | T60: =+E5 -> 0 | U60: ='Tarifas Riego Agricola'!$BB$6 -> 48.293 | V60: =+U60*T60 -> 0 | W60: =+V60 -> 0 | Y60: Uso de Red | Z60: =+E6 -> 0 | AA60: ='Tarifas Riego Agricola'!$BC$6 -> 48.293 | AB60: =+AA60*Z60 -> 0 | AC60: =+AB60 -> 0 | AE60: Uso de Red | AF60: =+E7 -> 0 | AG60: ='Tarifas Riego Agricola'!$BD$6 -> 48.293 | AH60: =+AG60*AF60 -> 0 | AI60: =+AH60 -> 0 | AK60: Uso de Red | AL60: =+E8 -> 17 | AM60: ='Tarifas Riego Agricola'!$BE$6 -> 80.408 | AN60: =+AM60*AL60 -> 1366.936 | AO60: =+AN60 -> 1366.936 | AQ60: Uso de Red | AR60: =+E9 -> 17 | AS60: ='Tarifas Riego Agricola'!$BF$6 -> 80.408 | AT60: =+AS60*AR60 -> 1366.936 | AU60: =+AT60 -> 1366.936 | AW60: Uso de Red | AX60: =+E10 -> 17 | AY60: ='Tarifas Riego Agricola'!$BG$6 -> 80.408 | AZ60: =+AY60*AX60 -> 1366.936 | BA60: =+AZ60 -> 1366.936 | BC60: Uso de Red | BD60: =+E11 -> 17 | BE60: ='Tarifas Riego Agricola'!$BH$6 -> 80.408 | BF60: =+BE60*BD60 -> 1366.936 | BG60: =+BF60 -> 1366.936 | BI60: Uso de Red | BJ60: =+E12 -> 17 | BK60: ='Tarifas Riego Agricola'!$BI$6 -> 80.408 | BL60: =+BK60*BJ60 -> 1366.936 | BM60: =+BL60 -> 1366.936 | BO60: Uso de Red | BP60: =+E13 -> 17 | BQ60: ='Tarifas Riego Agricola'!$BJ$6 -> 80.408 | BR60: =+BQ60*BP60 -> 1366.936 | BS60: =+BR60 -> 1366.936
A61: Energía Alta | B61: =+B2 -> 0 | C61: ='Tarifas Riego Agricola'!$AY$8 -> 2.4599 | D61: =+C61*B61 -> 0 | E61: =B61*'Tarifas Riego Agricola'!$AY$20 -> 0 | G61: Energía Alta | H61: =+B3 -> 0 | I61: ='Tarifas Riego Agricola'!$AZ$8 -> 3.1955 | J61: =+I61*H61 -> 0 | K61: =H61*'Tarifas Riego Agricola'!$AZ$20 -> 0 | M61: Energía Alta | N61: =+B4 -> 0 | O61: ='Tarifas Riego Agricola'!$BA$8 -> 3.1955 | P61: =+O61*N61 -> 0 | Q61: =N61*'Tarifas Riego Agricola'!$BA$20 -> 0 | S61: Energía Alta | T61: =+B5 -> 0 | U61: ='Tarifas Riego Agricola'!$BB$8 -> 3.1955 | V61: =+U61*T61 -> 0 | W61: =T61*'Tarifas Riego Agricola'!$BB$20 -> 0 | Y61: Energía Alta | Z61: =+B6 -> 0 | AA61: ='Tarifas Riego Agricola'!$BC$8 -> 3.345 | AB61: =+AA61*Z61 -> 0 | AC61: =Z61*'Tarifas Riego Agricola'!$BC$20 -> 0 | AE61: Energía Alta | AF61: =+B7 -> 0 | AG61: ='Tarifas Riego Agricola'!$BD$8 -> 3.345 | AH61: =+AG61*AF61 -> 0 | AI61: =AF61*'Tarifas Riego Agricola'!$BD$20 -> 0 | AK61: Energía Alta | AL61: =+B8 -> 76.417749 | AM61: ='Tarifas Riego Agricola'!$BE$8 -> 3.7376 | AN61: =+AM61*AL61 -> 285.61898 | AO61: =AL61*'Tarifas Riego Agricola'!$BE$20 -> 366.4766 | AQ61: Energía Alta | AR61: =+B9 -> 307.88897 | AS61: ='Tarifas Riego Agricola'!$BF$8 -> 3.7376 | AT61: =+AS61*AR61 -> 1150.7658 | AU61: =AR61*'Tarifas Riego Agricola'!$BF$20 -> 1525.6822 | AW61: Energía Alta | AX61: =+B10 -> 580.23667 | AY61: ='Tarifas Riego Agricola'!$BG$8 -> 3.7376 | AZ61: =+AY61*AX61 -> 2168.6926 | BA61: =AX61*'Tarifas Riego Agricola'!$BG$20 -> 2875.2468 | BC61: Energía Alta | BD61: =+B11 -> 693.05387 | BE61: ='Tarifas Riego Agricola'!$BH$8 -> 3.7376 | BF61: =+BE61*BD61 -> 2590.3581 | BG61: =BD61*'Tarifas Riego Agricola'!$BH$20 -> 3434.2898 | BI61: Energía Alta | BJ61: =+B12 -> 1151.4333 | BK61: ='Tarifas Riego Agricola'!$BI$8 -> 3.9208 | BL61: =+BK61*BJ61 -> 4514.5396 | BM61: =BJ61*'Tarifas Riego Agricola'!$BI$20 -> 5705.8124 | BO61: Energía Alta | BP61: =+B13 -> 1068.0998 | BQ61: ='Tarifas Riego Agricola'!$BJ$8 -> 3.9208 | BR61: =+BQ61*BP61 -> 4187.8057 | BS61: =BP61*'Tarifas Riego Agricola'!$BJ$20 -> 5292.8617
A62: Energía Baja | B62: =+C2 -> 0 | C62: ='Tarifas Riego Agricola'!$AY$9 -> 1.7165 | D62: =+C62*B62 -> 0 | E62: =+B62*'Tarifas Riego Agricola'!$AY$21 -> 0 | G62: Energía Baja | H62: =+C3 -> 0 | I62: ='Tarifas Riego Agricola'!$AZ$9 -> 2.2443 | J62: =+I62*H62 -> 0 | K62: =+H62*'Tarifas Riego Agricola'!$AZ$21 -> 0 | M62: Energía Baja | N62: =+C4 -> 0 | O62: ='Tarifas Riego Agricola'!$BA$9 -> 2.2443 | P62: =+O62*N62 -> 0 | Q62: =+N62*'Tarifas Riego Agricola'!$BA$21 -> 0 | S62: Energía Baja | T62: =+C5 -> 0 | U62: ='Tarifas Riego Agricola'!$BB$9 -> 2.2443 | V62: =+U62*T62 -> 0 | W62: =+T62*'Tarifas Riego Agricola'!$BB$21 -> 0 | Y62: Energía Baja | Z62: =+C6 -> 0 | AA62: ='Tarifas Riego Agricola'!$BC$9 -> 2.3886 | AB62: =+AA62*Z62 -> 0 | AC62: =+Z62*'Tarifas Riego Agricola'!$BC$21 -> 0 | AE62: Energía Baja | AF62: =+C7 -> 0 | AG62: ='Tarifas Riego Agricola'!$BD$9 -> 2.3886 | AH62: =+AG62*AF62 -> 0 | AI62: =+AF62*'Tarifas Riego Agricola'!$BD$21 -> 0 | AK62: Energía Baja | AL62: =+C8 -> 1618.5065 | AM62: ='Tarifas Riego Agricola'!$BE$9 -> 2.3886 | AN62: =+AM62*AL62 -> 3865.9646 | AO62: =+AL62*'Tarifas Riego Agricola'!$BE$21 -> 5460.5172 | AQ62: Energía Baja | AR62: =+C9 -> 2696.8577 | AS62: ='Tarifas Riego Agricola'!$BF$9 -> 2.3886 | AT62: =+AS62*AR62 -> 6441.7143 | AU62: =+AR62*'Tarifas Riego Agricola'!$BF$21 -> 9529.3467 | AW62: Energía Baja | AX62: =+C10 -> 3233.1895 | AY62: ='Tarifas Riego Agricola'!$BG$9 -> 2.3886 | AZ62: =+AY62*AX62 -> 7722.7965 | BA62: =+AX62*'Tarifas Riego Agricola'!$BG$21 -> 11424.475 | BC62: Energía Baja | BD62: =+C11 -> 3565.0645 | BE62: ='Tarifas Riego Agricola'!$BH$9 -> 2.3886 | BF62: =+BE62*BD62 -> 8515.5131 | BG62: =+BD62*'Tarifas Riego Agricola'!$BH$21 -> 12597.155 | BI62: Energía Baja | BJ62: =+C12 -> 3919.1772 | BK62: ='Tarifas Riego Agricola'!$BI$9 -> 2.5381 | BL62: =+BK62*BJ62 -> 9947.2637 | BM62: =+BJ62*'Tarifas Riego Agricola'!$BI$21 -> 13848.413 | BO62: Energía Baja | BP62: =+C13 -> 3231.3831 | BQ62: ='Tarifas Riego Agricola'!$BJ$9 -> 2.5381 | BR62: =+BQ62*BP62 -> 8201.5734 | BS62: =+BP62*'Tarifas Riego Agricola'!$BJ$21 -> 11418.092
A63: Cargo Transitorio Res 1866/05 | B63: =B61+B62 -> 0 | C63: 0.004107 | D63: =C63*B63 -> 0 | E63: =+C63*B63 -> 0 | G63: Cargo Transitorio Res 1866/05 | H63: =H61+H62 -> 0 | I63: 0.004107 | J63: =I63*H63 -> 0 | K63: =+I63*H63 -> 0 | M63: Cargo Transitorio Res 1866/05 | N63: =N61+N62 -> 0 | O63: 0.004107 | P63: =O63*N63 -> 0 | Q63: =+O63*N63 -> 0 | S63: Cargo Transitorio Res 1866/05 | T63: =T61+T62 -> 0 | U63: 0.004107 | V63: =U63*T63 -> 0 | W63: =+U63*T63 -> 0 | Y63: Cargo Transitorio Res 1866/05 | Z63: =Z61+Z62 -> 0 | AA63: 0.004107 | AB63: =AA63*Z63 -> 0 | AC63: =+AA63*Z63 -> 0 | AE63: Cargo Transitorio Res 1866/05 | AF63: =AF61+AF62 -> 0 | AG63: 0.004107 | AH63: =AG63*AF63 -> 0 | AI63: =+AG63*AF63 -> 0 | AK63: Cargo Transitorio Res 1866/05 | AL63: =AL61+AL62 -> 1694.9242 | AM63: 0.004107 | AN63: =AM63*AL63 -> 6.9610539 | AO63: =+AM63*AL63 -> 6.9610539 | AQ63: Cargo Transitorio Res 1866/05 | AR63: =AR61+AR62 -> 3004.7467 | AS63: 0.004107 | AT63: =AS63*AR63 -> 12.340495 | AU63: =+AS63*AR63 -> 12.340495 | AW63: Cargo Transitorio Res 1866/05 | AX63: =AX61+AX62 -> 3813.4262 | AY63: 0.004107 | AZ63: =AY63*AX63 -> 15.661741 | BA63: =+AY63*AX63 -> 15.661741 | BC63: Cargo Transitorio Res 1866/05 | BD63: =BD61+BD62 -> 4258.1184 | BE63: 0.004107 | BF63: =BE63*BD63 -> 17.488092 | BG63: =+BE63*BD63 -> 17.488092 | BI63: Cargo Transitorio Res 1866/05 | BJ63: =BJ61+BJ62 -> 5070.6105 | BK63: 0.004107 | BL63: =BK63*BJ63 -> 20.824997 | BM63: =+BK63*BJ63 -> 20.824997 | BO63: Cargo Transitorio Res 1866/05 | BP63: =BP61+BP62 -> 4299.4829 | BQ63: 0.004107 | BR63: =BQ63*BP63 -> 17.657976 | BS63: =+BQ63*BP63 -> 17.657976
A64: Subsidio Riego Agrícola | D64: =IF('Carga de datos'!$C$11=1,IF((B61*'Tarifas Riego Agricola'!$AY$16+B62*'Tarifas Riego Agricola'!$AY$17)>250*C62,(B61*'Tarifas Riego Agricola'!$AY$16+B62*'Tarifas Riego Agricola'!$AY$17),250*C62)-SUM(D59:D62),IF('Carga de datos'!$C$11=2,(IF((B61*'Tarifas Riego Agricola'!$AY$12+B62*'Tarifas Riego Agricola'!$AY$13)>250*C62,(B61*'Tarifas Riego Agricola'!$AY$12+B62*'Tarifas Riego Agricola'!$AY$13),250*C62)-SUM(D59:D62)),0)) -> 47.363 | E64: =D64 -> 47.363 | G64: Subsidio Riego Agrícola | J64: =IF('Carga de datos'!$C$11=1,IF((H61*'Tarifas Riego Agricola'!$AZ$16+H62*'Tarifas Riego Agricola'!$AZ$17)>250*I62,(H61*'Tarifas Riego Agricola'!$AZ$16+H62*'Tarifas Riego Agricola'!$AZ$17),250*I62)-SUM(J59:J62),IF('Carga de datos'!$C$11=2,(IF((H61*'Tarifas Riego Agricola'!$AZ$12+H62*'Tarifas Riego Agricola'!$AZ$13)>250*I62,(H61*'Tarifas Riego Agricola'!$AZ$12+H62*'Tarifas Riego Agricola'!$AZ$13),250*I62)-SUM(J59:J62)),0)) -> 167.932 | K64: =J64 -> 167.932 | M64: Subsidio Riego Agrícola | P64: =IF('Carga de datos'!$C$11=1,IF((N61*'Tarifas Riego Agricola'!$BA$16+N62*'Tarifas Riego Agricola'!$BA$17)>250*O62,(N61*'Tarifas Riego Agricola'!$BA$16+N62*'Tarifas Riego Agricola'!$BA$17),250*O62)-SUM(P59:P62),IF('Carga de datos'!$C$11=2,(IF((N61*'Tarifas Riego Agricola'!$BA$12+N62*'Tarifas Riego Agricola'!$BA$13)>250*O62,(N61*'Tarifas Riego Agricola'!$BA$12+N62*'Tarifas Riego Agricola'!$BA$13),250*O62)-SUM(P59:P62)),0)) -> 167.932 | Q64: =P64 -> 167.932 | S64: Subsidio Riego Agrícola | V64: =IF('Carga de datos'!$C$11=1,IF((T61*'Tarifas Riego Agricola'!$BB$16+T62*'Tarifas Riego Agricola'!$BB$17)>250*U62,(T61*'Tarifas Riego Agricola'!$BB$16+T62*'Tarifas Riego Agricola'!$BB$17),250*U62)-SUM(V59:V62),IF('Carga de datos'!$C$11=2,(IF((T61*'Tarifas Riego Agricola'!$BB$12+T62*'Tarifas Riego Agricola'!$BB$13)>250*U62,(T61*'Tarifas Riego Agricola'!$BB$12+T62*'Tarifas Riego Agricola'!$BB$13),250*U62)-SUM(V59:V62)),0)) -> 167.932 | W64: =V64 -> 167.932 | Y64: Subsidio Riego Agrícola | AB64: =IF('Carga de datos'!$C$11=1,IF((Z61*'Tarifas Riego Agricola'!$BC$16+Z62*'Tarifas Riego Agricola'!$BC$17)>250*AA62,(Z61*'Tarifas Riego Agricola'!$BC$16+Z62*'Tarifas Riego Agricola'!$BC$17),250*AA62)-SUM(AB59:AB62),IF('Carga de datos'!$C$11=2,(IF((Z61*'Tarifas Riego Agricola'!$BC$12+Z62*'Tarifas Riego Agricola'!$BC$13)>250*AA62,(Z61*'Tarifas Riego Agricola'!$BC$12+Z62*'Tarifas Riego Agricola'!$BC$13),250*AA62)-SUM(AB59:AB62)),0)) -> 204.007 | AC64: =AB64 -> 204.007 | AE64: Subsidio Riego Agrícola | AH64: =IF('Carga de datos'!$C$11=1,IF((AF61*'Tarifas Riego Agricola'!$BD$16+AF62*'Tarifas Riego Agricola'!$BD$17)>250*AG62,(AF61*'Tarifas Riego Agricola'!$BD$16+AF62*'Tarifas Riego Agricola'!$BD$17),250*AG62)-SUM(AH59:AH62),IF('Carga de datos'!$C$11=2,(IF((AF61*'Tarifas Riego Agricola'!$BD$12+AF62*'Tarifas Riego Agricola'!$BD$13)>250*AG62,(AF61*'Tarifas Riego Agricola'!$BD$12+AF62*'Tarifas Riego Agricola'!$BD$13),250*AG62)-SUM(AH59:AH62)),0)) -> 203.007 | AI64: =AH64 -> 203.007 | AK64: Subsidio Riego Agrícola | AN64: =IF('Carga de datos'!$C$11=1,IF((AL61*'Tarifas Riego Agricola'!$BE$16+AL62*'Tarifas Riego Agricola'!$BE$17)>250*AM62,(AL61*'Tarifas Riego Agricola'!$BE$16+AL62*'Tarifas Riego Agricola'!$BE$17),250*AM62)-SUM(AN59:AN62),IF('Carga de datos'!$C$11=2,(IF((AL61*'Tarifas Riego Agricola'!$BE$12+AL62*'Tarifas Riego Agricola'!$BE$13)>250*AM62,(AL61*'Tarifas Riego Agricola'!$BE$12+AL62*'Tarifas Riego Agricola'!$BE$13),250*AM62)-SUM(AN59:AN62)),0)) -> -4504.517 | AO64: =AN64 -> -4504.517 | AQ64: Subsidio Riego Agrícola | AT64: =IF('Carga de datos'!$C$11=1,IF((AR61*'Tarifas Riego Agricola'!$BF$16+AR62*'Tarifas Riego Agricola'!$BF$17)>250*AS62,(AR61*'Tarifas Riego Agricola'!$BF$16+AR62*'Tarifas Riego Agricola'!$BF$17),250*AS62)-SUM(AT59:AT62),IF('Carga de datos'!$C$11=2,(IF((AR61*'Tarifas Riego Agricola'!$BF$12+AR62*'Tarifas Riego Agricola'!$BF$13)>250*AS62,(AR61*'Tarifas Riego Agricola'!$BF$12+AR62*'Tarifas Riego Agricola'!$BF$13),250*AS62)-SUM(AT59:AT62)),0)) -> -6400.4674 | AU64: =AT64 -> -6400.4674 | AW64: Subsidio Riego Agrícola | AZ64: =IF('Carga de datos'!$C$11=1,IF((AX61*'Tarifas Riego Agricola'!$BG$16+AX62*'Tarifas Riego Agricola'!$BG$17)>250*AY62,(AX61*'Tarifas Riego Agricola'!$BG$16+AX62*'Tarifas Riego Agricola'!$BG$17),250*AY62)-SUM(AZ59:AZ62),IF('Carga de datos'!$C$11=2,(IF((AX61*'Tarifas Riego Agricola'!$BG$12+AX62*'Tarifas Riego Agricola'!$BG$13)>250*AY62,(AX61*'Tarifas Riego Agricola'!$BG$12+AX62*'Tarifas Riego Agricola'!$BG$13),250*AY62)-SUM(AZ59:AZ62)),0)) -> -7548.7438 | BA64: =AZ64 -> -7548.7438 | BC64: Subsidio Riego Agrícola | BF64: =IF('Carga de datos'!$C$11=1,IF((BD61*'Tarifas Riego Agricola'!$BH$16+BD62*'Tarifas Riego Agricola'!$BH$17)>250*BE62,(BD61*'Tarifas Riego Agricola'!$BH$16+BD62*'Tarifas Riego Agricola'!$BH$17),250*BE62)-SUM(BF59:BF62),IF('Carga de datos'!$C$11=2,(IF((BD61*'Tarifas Riego Agricola'!$BH$12+BD62*'Tarifas Riego Agricola'!$BH$13)>250*BE62,(BD61*'Tarifas Riego Agricola'!$BH$12+BD62*'Tarifas Riego Agricola'!$BH$13),250*BE62)-SUM(BF59:BF62)),0)) -> -8186.5386 | BG64: =BF64 -> -8186.5386 | BI64: Subsidio Riego Agrícola | BL64: =IF('Carga de datos'!$C$11=1,IF((BJ61*'Tarifas Riego Agricola'!$BI$16+BJ62*'Tarifas Riego Agricola'!$BI$17)>250*BK62,(BJ61*'Tarifas Riego Agricola'!$BI$16+BJ62*'Tarifas Riego Agricola'!$BI$17),250*BK62)-SUM(BL59:BL62),IF('Carga de datos'!$C$11=2,(IF((BJ61*'Tarifas Riego Agricola'!$BI$12+BJ62*'Tarifas Riego Agricola'!$BI$13)>250*BK62,(BJ61*'Tarifas Riego Agricola'!$BI$12+BJ62*'Tarifas Riego Agricola'!$BI$13),250*BK62)-SUM(BL59:BL62)),0)) -> -10105.293 | BM64: =BL64 -> -10105.293 | BO64: Subsidio Riego Agrícola | BR64: =IF('Carga de datos'!$C$11=1,IF((BP61*'Tarifas Riego Agricola'!$BJ$16+BP62*'Tarifas Riego Agricola'!$BJ$17)>250*BQ62,(BP61*'Tarifas Riego Agricola'!$BJ$16+BP62*'Tarifas Riego Agricola'!$BJ$17),250*BQ62)-SUM(BR59:BR62),IF('Carga de datos'!$C$11=2,(IF((BP61*'Tarifas Riego Agricola'!$BJ$12+BP62*'Tarifas Riego Agricola'!$BJ$13)>250*BQ62,(BP61*'Tarifas Riego Agricola'!$BJ$12+BP62*'Tarifas Riego Agricola'!$BJ$13),250*BQ62)-SUM(BR59:BR62)),0)) -> -8861.8934 | BS64: =BR64 -> -8861.8934
A65: Impuestos Provinciales Ley 6922/8398 | B65: 0.03 | D65: =SUM(D59:D64)*((100/97)-1) -> 13.271907 | E65: =D65 -> 13.271907 | G65: Impuestos Provinciales Ley 6922/8398 | H65: 0.03 | J65: =SUM(J59:J64)*((100/97)-1) -> 17.352835 | K65: =J65 -> 17.352835 | M65: Impuestos Provinciales Ley 6922/8398 | N65: 0.03 | P65: =SUM(P59:P64)*((100/97)-1) -> 17.352835 | Q65: =P65 -> 17.352835 | S65: Impuestos Provinciales Ley 6922/8398 | T65: 0.03 | V65: =SUM(V59:V64)*((100/97)-1) -> 17.352835 | W65: =V65 -> 17.352835 | Y65: Impuestos Provinciales Ley 6922/8398 | Z65: 0.03 | AB65: =SUM(AB59:AB64)*((100/97)-1) -> 18.468557 | AC65: =AB65 -> 18.468557 | AE65: Impuestos Provinciales Ley 6922/8398 | AF65: 0.03 | AH65: =SUM(AH59:AH64)*((100/97)-1) -> 18.468557 | AI65: =AH65 -> 18.468557 | AK65: Impuestos Provinciales Ley 6922/8398 | AL65: 0.03 | AN65: =SUM(AN59:AN64)*((100/97)-1) -> 51.549513 | AO65: =AN65 -> 51.549513 | AQ65: Impuestos Provinciales Ley 6922/8398 | AR65: 0.03 | AT65: =SUM(AT59:AT64)*((100/97)-1) -> 99.497728 | AU65: =AT65 -> 99.497728 | AW65: Impuestos Provinciales Ley 6922/8398 | AX65: 0.03 | AZ65: =SUM(AZ59:AZ64)*((100/97)-1) -> 135.19011 | BA65: =AZ65 -> 135.19011 | BC65: Impuestos Provinciales Ley 6922/8398 | BD65: 0.03 | BF65: =SUM(BF59:BF64)*((100/97)-1) -> 153.0792 | BG65: =BF65 -> 153.0792 | BI65: Impuestos Provinciales Ley 6922/8398 | BJ65: 0.03 | BL65: =SUM(BL59:BL64)*((100/97)-1) -> 197.63119 | BM65: =BL65 -> 197.63119 | BO65: Impuestos Provinciales Ley 6922/8398 | BP65: 0.03 | BR65: =SUM(BR59:BR64)*((100/97)-1) -> 171.89331 | BS65: =BR65 -> 171.89331
A66: SUB-TOTAL BÁSICO | D66: =IF('Carga de datos'!$C$11=3,IF((SUM(D59:D65)-'Calculos Sin Estabilizacion'!D65)>250*'Calculos Sin Estabilizacion'!C62,SUM(D59:D65),250*'Calculos Sin Estabilizacion'!C62+250*'Calculos Sin Estabilizacion'!C62*((100/97)-1)),SUM(D59:D65)) -> 442.39691 | E66: =IF('Carga de datos'!$C$11=3,IF((SUM(E59:E65)-'Calculos Sin Estabilizacion'!E65)>250*'Calculos Sin Estabilizacion'!C62,SUM(E59:E65),250*'Calculos Sin Estabilizacion'!C62+250*'Calculos Sin Estabilizacion'!C62*((100/97)-1)),SUM(E59:E65)) -> 442.39691 | G66: SUB-TOTAL BÁSICO | J66: =IF('Carga de datos'!$C$11=3,IF((SUM(J59:J65)-'Calculos Sin Estabilizacion'!J65)>250*'Calculos Sin Estabilizacion'!I62,SUM(J59:J65),250*'Calculos Sin Estabilizacion'!I62+250*'Calculos Sin Estabilizacion'!I62*((100/97)-1)),SUM(J59:J65)) -> 578.42784 | K66: =IF('Carga de datos'!$C$11=3,IF((SUM(K59:K65)-'Calculos Sin Estabilizacion'!K65)>250*'Calculos Sin Estabilizacion'!I62,SUM(K59:K65),250*'Calculos Sin Estabilizacion'!I62+250*'Calculos Sin Estabilizacion'!I62*((100/97)-1)),SUM(K59:K65)) -> 578.42784 | M66: SUB-TOTAL BÁSICO | P66: =IF('Carga de datos'!$C$11=3,IF((SUM(P59:P65)-'Calculos Sin Estabilizacion'!P65)>250*'Calculos Sin Estabilizacion'!O62,SUM(P59:P65),250*'Calculos Sin Estabilizacion'!O62+250*'Calculos Sin Estabilizacion'!O62*((100/97)-1)),SUM(P59:P65)) -> 578.42784 | Q66: =IF('Carga de datos'!$C$11=3,IF((SUM(Q59:Q65)-'Calculos Sin Estabilizacion'!Q65)>250*'Calculos Sin Estabilizacion'!O62,SUM(Q59:Q65),250*'Calculos Sin Estabilizacion'!O62+250*'Calculos Sin Estabilizacion'!O62*((100/97)-1)),SUM(Q59:Q65)) -> 578.42784 | S66: SUB-TOTAL BÁSICO | V66: =IF('Carga de datos'!$C$11=3,IF((SUM(V59:V65)-'Calculos Sin Estabilizacion'!V65)>250*'Calculos Sin Estabilizacion'!U62,SUM(V59:V65),250*'Calculos Sin Estabilizacion'!U62+250*'Calculos Sin Estabilizacion'!U62*((100/97)-1)),SUM(V59:V65)) -> 578.42784 | W66: =IF('Carga de datos'!$C$11=3,IF((SUM(W59:W65)-'Calculos Sin Estabilizacion'!W65)>250*'Calculos Sin Estabilizacion'!U62,SUM(W59:W65),250*'Calculos Sin Estabilizacion'!U62+250*'Calculos Sin Estabilizacion'!U62*((100/97)-1)),SUM(W59:W65)) -> 578.42784 | Y66: SUB-TOTAL BÁSICO | AB66: =IF('Carga de datos'!$C$11=3,IF((SUM(AB59:AB65)-'Calculos Sin Estabilizacion'!AB65)>250*'Calculos Sin Estabilizacion'!AA62,SUM(AB59:AB65),250*'Calculos Sin Estabilizacion'!AA62+250*'Calculos Sin Estabilizacion'!AA62*((100/97)-1)),SUM(AB59:AB65)) -> 615.61856 | AC66: =IF('Carga de datos'!$C$11=3,IF((SUM(AC59:AC65)-'Calculos Sin Estabilizacion'!AC65)>250*'Calculos Sin Estabilizacion'!AA62,SUM(AC59:AC65),250*'Calculos Sin Estabilizacion'!AA62+250*'Calculos Sin Estabilizacion'!AA62*((100/97)-1)),SUM(AC59:AC65)) -> 615.61856 | AE66: SUB-TOTAL BÁSICO | AH66: =IF('Carga de datos'!$C$11=3,IF((SUM(AH59:AH65)-'Calculos Sin Estabilizacion'!AH65)>250*'Calculos Sin Estabilizacion'!AG62,SUM(AH59:AH65),250*'Calculos Sin Estabilizacion'!AG62+250*'Calculos Sin Estabilizacion'!AG62*((100/97)-1)),SUM(AH59:AH65)) -> 615.61856 | AI66: =IF('Carga de datos'!$C$11=3,IF((SUM(AI59:AI65)-'Calculos Sin Estabilizacion'!AI65)>250*'Calculos Sin Estabilizacion'!AG62,SUM(AI59:AI65),250*'Calculos Sin Estabilizacion'!AG62+250*'Calculos Sin Estabilizacion'!AG62*((100/97)-1)),SUM(AI59:AI65)) -> 615.61856 | AK66: SUB-TOTAL BÁSICO | AN66: =IF('Carga de datos'!$C$11=3,IF((SUM(AN59:AN65)-'Calculos Sin Estabilizacion'!AN65)>250*'Calculos Sin Estabilizacion'!AM62,SUM(AN59:AN65),250*'Calculos Sin Estabilizacion'!AM62+250*'Calculos Sin Estabilizacion'!AM62*((100/97)-1)),SUM(AN59:AN65)) -> 1718.3171 | AO66: =IF('Carga de datos'!$C$11=3,IF((SUM(AO59:AO65)-'Calculos Sin Estabilizacion'!AO65)>250*'Calculos Sin Estabilizacion'!AM62,SUM(AO59:AO65),250*'Calculos Sin Estabilizacion'!AM62+250*'Calculos Sin Estabilizacion'!AM62*((100/97)-1)),SUM(AO59:AO65)) -> 3393.7273 | AQ66: SUB-TOTAL BÁSICO | AT66: =IF('Carga de datos'!$C$11=3,IF((SUM(AT59:AT65)-'Calculos Sin Estabilizacion'!AT65)>250*'Calculos Sin Estabilizacion'!AS62,SUM(AT59:AT65),250*'Calculos Sin Estabilizacion'!AS62+250*'Calculos Sin Estabilizacion'!AS62*((100/97)-1)),SUM(AT59:AT65)) -> 3316.5909 | AU66: =IF('Carga de datos'!$C$11=3,IF((SUM(AU59:AU65)-'Calculos Sin Estabilizacion'!AU65)>250*'Calculos Sin Estabilizacion'!AS62,SUM(AU59:AU65),250*'Calculos Sin Estabilizacion'!AS62+250*'Calculos Sin Estabilizacion'!AS62*((100/97)-1)),SUM(AU59:AU65)) -> 6779.1397 | AW66: SUB-TOTAL BÁSICO | AZ66: =IF('Carga de datos'!$C$11=3,IF((SUM(AZ59:AZ65)-'Calculos Sin Estabilizacion'!AZ65)>250*'Calculos Sin Estabilizacion'!AY62,SUM(AZ59:AZ65),250*'Calculos Sin Estabilizacion'!AY62+250*'Calculos Sin Estabilizacion'!AY62*((100/97)-1)),SUM(AZ59:AZ65)) -> 4506.3371 | BA66: =IF('Carga de datos'!$C$11=3,IF((SUM(BA59:BA65)-'Calculos Sin Estabilizacion'!BA65)>250*'Calculos Sin Estabilizacion'!AY62,SUM(BA59:BA65),250*'Calculos Sin Estabilizacion'!AY62+250*'Calculos Sin Estabilizacion'!AY62*((100/97)-1)),SUM(BA59:BA65)) -> 8914.5699 | BC66: SUB-TOTAL BÁSICO | BF66: =IF('Carga de datos'!$C$11=3,IF((SUM(BF59:BF65)-'Calculos Sin Estabilizacion'!BF65)>250*'Calculos Sin Estabilizacion'!BE62,SUM(BF59:BF65),250*'Calculos Sin Estabilizacion'!BE62+250*'Calculos Sin Estabilizacion'!BE62*((100/97)-1)),SUM(BF59:BF65)) -> 5102.6399 | BG66: =IF('Carga de datos'!$C$11=3,IF((SUM(BG59:BG65)-'Calculos Sin Estabilizacion'!BG65)>250*'Calculos Sin Estabilizacion'!BE62,SUM(BG59:BG65),250*'Calculos Sin Estabilizacion'!BE62+250*'Calculos Sin Estabilizacion'!BE62*((100/97)-1)),SUM(BG59:BG65)) -> 10028.214 | BI66: SUB-TOTAL BÁSICO | BL66: =IF('Carga de datos'!$C$11=3,IF((SUM(BL59:BL65)-'Calculos Sin Estabilizacion'!BL65)>250*'Calculos Sin Estabilizacion'!BK62,SUM(BL59:BL65),250*'Calculos Sin Estabilizacion'!BK62+250*'Calculos Sin Estabilizacion'!BK62*((100/97)-1)),SUM(BL59:BL65)) -> 6587.7063 | BM66: =IF('Carga de datos'!$C$11=3,IF((SUM(BM59:BM65)-'Calculos Sin Estabilizacion'!BM65)>250*'Calculos Sin Estabilizacion'!BK62,SUM(BM59:BM65),250*'Calculos Sin Estabilizacion'!BK62+250*'Calculos Sin Estabilizacion'!BK62*((100/97)-1)),SUM(BM59:BM65)) -> 11680.128 | BO66: SUB-TOTAL BÁSICO | BR66: =IF('Carga de datos'!$C$11=3,IF((SUM(BR59:BR65)-'Calculos Sin Estabilizacion'!BR65)>250*'Calculos Sin Estabilizacion'!BQ62,SUM(BR59:BR65),250*'Calculos Sin Estabilizacion'!BQ62+250*'Calculos Sin Estabilizacion'!BQ62*((100/97)-1)),SUM(BR59:BR65)) -> 5729.7769 | BS66: =IF('Carga de datos'!$C$11=3,IF((SUM(BS59:BS65)-'Calculos Sin Estabilizacion'!BS65)>250*'Calculos Sin Estabilizacion'!BQ62,SUM(BS59:BS65),250*'Calculos Sin Estabilizacion'!BQ62+250*'Calculos Sin Estabilizacion'!BQ62*((100/97)-1)),SUM(BS59:BS65)) -> 10051.352
A67: IVA Consumidor Final | B67: 0.27 | D67: =+D66*B67 -> 119.44716 | G67: IVA Consumidor Final | H67: 0.27 | J67: =+J66*H67 -> 156.17552 | M67: IVA Consumidor Final | N67: 0.27 | P67: =+P66*N67 -> 156.17552 | S67: IVA Consumidor Final | T67: 0.27 | V67: =+V66*T67 -> 156.17552 | Y67: IVA Consumidor Final | Z67: 0.27 | AB67: =+AB66*Z67 -> 166.21701 | AE67: IVA Consumidor Final | AF67: 0.27 | AH67: =+AH66*AF67 -> 166.21701 | AK67: IVA Consumidor Final | AL67: 0.27 | AN67: =+AN66*AL67 -> 463.94562 | AQ67: IVA Consumidor Final | AR67: 0.27 | AT67: =+AT66*AR67 -> 895.47955 | AW67: IVA Consumidor Final | AX67: 0.27 | AZ67: =+AZ66*AX67 -> 1216.711 | BC67: IVA Consumidor Final | BD67: 0.27 | BF67: =+BF66*BD67 -> 1377.7128 | BI67: IVA Consumidor Final | BJ67: 0.27 | BL67: =+BL66*BJ67 -> 1778.6807 | BO67: IVA Consumidor Final | BP67: 0.27 | BR67: =+BR66*BP67 -> 1547.0398
A68: Tasa Insp. y Control Prov. | B68: 0.015 | D68: =E66*B68 -> 6.6359536 | G68: Tasa Insp. y Control Prov. | H68: 0.015 | J68: =K66*H68 -> 8.6764175 | M68: Tasa Insp. y Control Prov. | N68: 0.015 | P68: =Q66*N68 -> 8.6764175 | S68: Tasa Insp. y Control Prov. | T68: 0.015 | V68: =W66*T68 -> 8.6764175 | Y68: Tasa Insp. y Control Prov. | Z68: 0.015 | AB68: =AC66*Z68 -> 9.2342784 | AE68: Tasa Insp. y Control Prov. | AF68: 0.015 | AH68: =AI66*AF68 -> 9.2342784 | AK68: Tasa Insp. y Control Prov. | AL68: 0.015 | AN68: =AO66*AL68 -> 50.90591 | AQ68: Tasa Insp. y Control Prov. | AR68: 0.015 | AT68: =AU66*AR68 -> 101.6871 | AW68: Tasa Insp. y Control Prov. | AX68: 0.015 | AZ68: =BA66*AX68 -> 133.71855 | BC68: Tasa Insp. y Control Prov. | BD68: 0.015 | BF68: =BG66*BD68 -> 150.42321 | BI68: Tasa Insp. y Control Prov. | BJ68: 0.015 | BL68: =BM66*BJ68 -> 175.20192 | BO68: Tasa Insp. y Control Prov. | BP68: 0.015 | BR68: =BS66*BP68 -> 150.77028
A69: CCCE-Art. 74 inc. d) Ley 6497- Ley 8530 | B69: 0.05 | D69: =E66*B69 -> 22.119845 | G69: CCCE-Art. 74 inc. d) Ley 6497- Ley 8530 | H69: 0.05 | J69: =K66*H69 -> 28.921392 | M69: CCCE-Art. 74 inc. d) Ley 6497- Ley 8530 | N69: 0.05 | P69: =Q66*N69 -> 28.921392 | S69: CCCE-Art. 74 inc. d) Ley 6497- Ley 8530 | T69: 0.05 | V69: =W66*T69 -> 28.921392 | Y69: CCCE-Art. 74 inc. d) Ley 6497- Ley 8530 | Z69: 0.05 | AB69: =AC66*Z69 -> 30.780928 | AE69: CCCE-Art. 74 inc. d) Ley 6497- Ley 8530 | AF69: 0.05 | AH69: =AI66*AF69 -> 30.780928 | AK69: CCCE-Art. 74 inc. d) Ley 6497- Ley 8530 | AL69: 0.05 | AN69: =AO66*AL69 -> 169.68637 | AQ69: CCCE-Art. 74 inc. d) Ley 6497- Ley 8530 | AR69: 0.05 | AT69: =AU66*AR69 -> 338.95699 | AW69: CCCE-Art. 74 inc. d) Ley 6497- Ley 8530 | AX69: 0.05 | AZ69: =BA66*AX69 -> 445.7285 | BC69: CCCE-Art. 74 inc. d) Ley 6497- Ley 8530 | BD69: 0.05 | BF69: =BG66*BD69 -> 501.4107 | BI69: CCCE-Art. 74 inc. d) Ley 6497- Ley 8530 | BJ69: 0.05 | BL69: =BM66*BJ69 -> 584.00641 | BO69: CCCE-Art. 74 inc. d) Ley 6497- Ley 8530 | BP69: 0.05 | BR69: =BS66*BP69 -> 502.56758
A70: Impuesto de Sellos Ley 6922-8 | B70: 0.015 | D70: =+B70*D66 -> 6.6359536 | G70: Impuesto de Sellos Ley 6922-8 | H70: 0.015 | J70: =+H70*D66 -> 6.6359536 | M70: Impuesto de Sellos Ley 6922-8 | N70: 0.015 | P70: =+N70*J66 -> 8.6764175 | S70: Impuesto de Sellos Ley 6922-8 | T70: 0.015 | V70: =+T70*P66 -> 8.6764175 | Y70: Impuesto de Sellos Ley 6922-8 | Z70: 0.015 | AB70: =+Z70*V66 -> 8.6764175 | AE70: Impuesto de Sellos Ley 6922-8 | AF70: 0.015 | AH70: =+AF70*AB66 -> 9.2342784 | AK70: Impuesto de Sellos Ley 6922-8 | AL70: 0.015 | AN70: =+AL70*AH66 -> 9.2342784 | AQ70: Impuesto de Sellos Ley 6922-8 | AR70: 0.015 | AT70: =+AR70*AN66 -> 25.774757 | AW70: Impuesto de Sellos Ley 6922-8 | AX70: 0.015 | AZ70: =+AX70*AT66 -> 49.748864 | BC70: Impuesto de Sellos Ley 6922-8 | BD70: 0.015 | BF70: =+BD70*AZ66 -> 67.595056 | BI70: Impuesto de Sellos Ley 6922-8 | BJ70: 0.015 | BL70: =+BJ70*BF66 -> 76.539599 | BO70: Impuesto de Sellos Ley 6922-8 | BP70: 0.015 | BR70: =+BP70*BL66 -> 98.815594
A71: CAP Mun.Sist.Sol.-Ley 9.219 art.22 y Res.SSP 91/20 | D71: 0 | G71: CAP Mun.Sist.Sol.-Ley 9.219 art.22 y Res.SSP 91/20 | J71: 0 | M71: CAP Mun.Sist.Sol.-Ley 9.219 art.22 y Res.SSP 91/20 | P71: 0 | S71: CAP Mun.Sist.Sol.-Ley 9.219 art.22 y Res.SSP 91/20 | V71: 0 | Y71: CAP Mun.Sist.Sol.-Ley 9.219 art.22 y Res.SSP 91/20 | AB71: 0 | AE71: CAP Mun.Sist.Sol.-Ley 9.219 art.22 y Res.SSP 91/20 | AH71: 0 | AK71: CAP Mun.Sist.Sol.-Ley 9.219 art.22 y Res.SSP 91/20 | AN71: 0 | AQ71: CAP Mun.Sist.Sol.-Ley 9.219 art.22 y Res.SSP 91/20 | AT71: 0 | AW71: CAP Mun.Sist.Sol.-Ley 9.219 art.22 y Res.SSP 91/20 | AZ71: 0 | BC71: CAP Mun.Sist.Sol.-Ley 9.219 art.22 y Res.SSP 91/20 | BF71: 0 | BI71: CAP Mun.Sist.Sol.-Ley 9.219 art.22 y Res.SSP 91/20 | BL71: 0 | BO71: CAP Mun.Sist.Sol.-Ley 9.219 art.22 y Res.SSP 91/20 | BR71: 0
A73: Importe Neto a pagar | C73: =D66+C74 -> 597.23582 | G73: Importe Neto a pagar | I73: =J66+I74 -> 778.83711 | M73: Importe Neto a pagar | O73: =P66+O74 -> 780.87758 | S73: Importe Neto a pagar | U73: =V66+U74 -> 780.87758 | Y73: Importe Neto a pagar | AA73: =AB66+AA74 -> 830.52719 | AE73: Importe Neto a pagar | AG73: =AH66+AG74 -> 831.08505 | AK73: Importe Neto a pagar | AM73: =AN66+AM74 -> 2412.0893 | AQ73: Importe Neto a pagar | AS73: =AT66+AS74 -> 4678.4893 | AW73: Importe Neto a pagar | AY73: =AZ66+AY74 -> 6352.244 | BC73: Importe Neto a pagar | BE73: =BF66+BE74 -> 7199.7817 | BI73: Importe Neto a pagar | BK73: =BL66+BK74 -> 9202.1349 | BO73: Importe Neto a pagar | BQ73: =BR66+BQ74 -> 8028.9702
A74: Impuestos | C74: =SUM(D67:D71) -> 154.83892 | G74: Impuestos | I74: =SUM(J67:J71) -> 200.40928 | M74: Impuestos | O74: =SUM(P67:P71) -> 202.44974 | S74: Impuestos | U74: =SUM(V67:V71) -> 202.44974 | Y74: Impuestos | AA74: =SUM(AB67:AB71) -> 214.90863 | AE74: Impuestos | AG74: =SUM(AH67:AH71) -> 215.46649 | AK74: Impuestos | AM74: =SUM(AN67:AN71) -> 693.77218 | AQ74: Impuestos | AS74: =SUM(AT67:AT71) -> 1361.8984 | AW74: Impuestos | AY74: =SUM(AZ67:AZ71) -> 1845.9069 | BC74: Impuestos | BE74: =SUM(BF67:BF71) -> 2097.1417 | BI74: Impuestos | BK74: =SUM(BL67:BL71) -> 2614.4286 | BO74: Impuestos | BQ74: =SUM(BR67:BR71) -> 2299.1932
A75: Impacto impuestos | C75: =C74/C73 -> 0.25925926 | G75: Impacto impuestos | I75: =I74/I73 -> 0.2573186 | M75: Impacto impuestos | O75: =O74/O73 -> 0.25925926 | S75: Impacto impuestos | U75: =U74/U73 -> 0.25925926 | Y75: Impacto impuestos | AA75: =AA74/AA73 -> 0.25876171 | AE75: Impacto impuestos | AG75: =AG74/AG73 -> 0.25925926 | AK75: Impacto impuestos | AM75: =AM74/AM73 -> 0.28762292 | AQ75: Impacto impuestos | AS75: =AS74/AS73 -> 0.29109789 | AW75: Impacto impuestos | AY75: =AY74/AY73 -> 0.29059131 | BC75: Impacto impuestos | BE75: =BE74/BE73 -> 0.29127852 | BI75: Impacto impuestos | BK75: =BK74/BK73 -> 0.28411109 | BO75: Impacto impuestos | BQ75: =BQ74/BQ73 -> 0.28636216
A77: COMPENSADO | E77: 43831 | G77: COMPENSADO | K77: 43862 | M77: COMPENSADO | Q77: 43891 | S77: COMPENSADO | W77: 43922 | Y77: COMPENSADO | AC77: 43952 | AE77: COMPENSADO | AI77: 43983 | AK77: COMPENSADO | AO77: 44013 | AQ77: COMPENSADO | AU77: 44044 | AW77: COMPENSADO | BA77: 44075 | BC77: COMPENSADO | BG77: 44105 | BI77: COMPENSADO | BM77: 44136 | BO77: COMPENSADO | BS77: 44166
A78: USUARIO XXXXXXXXXXXX | G78: USUARIO XXXXXXXXXXXX | M78: USUARIO XXXXXXXXXXXX | S78: USUARIO XXXXXXXXXXXX | Y78: USUARIO XXXXXXXXXXXX | AE78: USUARIO XXXXXXXXXXXX | AK78: USUARIO XXXXXXXXXXXX | AQ78: USUARIO XXXXXXXXXXXX | AW78: USUARIO XXXXXXXXXXXX | BC78: USUARIO XXXXXXXXXXXX | BI78: USUARIO XXXXXXXXXXXX | BO78: USUARIO XXXXXXXXXXXX
A79: Tarifa: RA BT | G79: Tarifa: RA BT | M79: Tarifa: RA BT | S79: Tarifa: RA BT | Y79: Tarifa: RA BT | AE79: Tarifa: RA BT | AK79: Tarifa: RA BT | AQ79: Tarifa: RA BT | AW79: Tarifa: RA BT | BC79: Tarifa: RA BT | BI79: Tarifa: RA BT | BO79: Tarifa: RA BT
A81: Descripción | B81: Consumo | C81: Cargos | D81: Monto | G81: Descripción | H81: Consumo | I81: Cargos | J81: Monto | M81: Descripción | N81: Consumo | O81: Cargos | P81: Monto | S81: Descripción | T81: Consumo | U81: Cargos | V81: Monto | Y81: Descripción | Z81: Consumo | AA81: Cargos | AB81: Monto | AE81: Descripción | AF81: Consumo | AG81: Cargos | AH81: Monto | AK81: Descripción | AL81: Consumo | AM81: Cargos | AN81: Monto | AQ81: Descripción | AR81: Consumo | AS81: Cargos | AT81: Monto | AW81: Descripción | AX81: Consumo | AY81: Cargos | AZ81: Monto | BC81: Descripción | BD81: Consumo | BE81: Cargos | BF81: Monto | BI81: Descripción | BJ81: Consumo | BK81: Cargos | BL81: Monto | BO81: Descripción | BP81: Consumo | BQ81: Cargos | BR81: Monto
A83: Cargo Comercialización | C83: ='Tarifas Riego Agricola'!$BK$5 -> 645.804 | D83: =+C83 -> 645.804 | E83: =+D83 -> 645.804 | G83: Cargo Comercialización | I83: ='Tarifas Riego Agricola'!$BL$5 -> 645.804 | J83: =+I83 -> 645.804 | K83: =+J83 -> 645.804 | M83: Cargo Comercialización | O83: ='Tarifas Riego Agricola'!$BM$5 -> 645.804 | P83: =+O83 -> 645.804 | Q83: =+P83 -> 645.804 | S83: Cargo Comercialización | U83: ='Tarifas Riego Agricola'!$BN$5 -> 645.804 | V83: =+U83 -> 645.804 | W83: =+V83 -> 645.804 | Y83: Cargo Comercialización | AA83: ='Tarifas Riego Agricola'!$BO$5 -> 645.804 | AB83: =+AA83 -> 645.804 | AC83: =+AB83 -> 645.804 | AE83: Cargo Comercialización | AG83: ='Tarifas Riego Agricola'!$BP$5 -> 645.804 | AH83: =+AG83 -> 645.804 | AI83: =+AH83 -> 645.804 | AK83: Cargo Comercialización | AM83: ='Tarifas Riego Agricola'!$BQ$5 -> 645.804 | AN83: =+AM83 -> 645.804 | AO83: =+AN83 -> 645.804 | AQ83: Cargo Comercialización | AS83: ='Tarifas Riego Agricola'!$BR$5 -> 645.804 | AT83: =+AS83 -> 645.804 | AU83: =+AT83 -> 645.804 | AW83: Cargo Comercialización | AY83: ='Tarifas Riego Agricola'!$BS$5 -> 645.804 | AZ83: =+AY83 -> 645.804 | BA83: =+AZ83 -> 645.804 | BC83: Cargo Comercialización | BE83: ='Tarifas Riego Agricola'!$BT$5 -> 645.804 | BF83: =+BE83 -> 645.804 | BG83: =+BF83 -> 645.804 | BI83: Cargo Comercialización | BK83: ='Tarifas Riego Agricola'!$BU$5 -> 645.804 | BL83: =+BK83 -> 645.804 | BM83: =+BL83 -> 645.804 | BO83: Cargo Comercialización | BQ83: ='Tarifas Riego Agricola'!$BV$5 -> 645.804 | BR83: =+BQ83 -> 645.804 | BS83: =+BR83 -> 645.804
A84: Uso de Red | B84: =+E14 -> 17 | C84: ='Tarifas Riego Agricola'!$BK$6 -> 80.408 | D84: =+C84*B84 -> 1366.936 | E84: =+D84 -> 1366.936 | G84: Uso de Red | H84: =+E15 -> 17 | I84: ='Tarifas Riego Agricola'!$BL$6 -> 80.408 | J84: =+I84*H84 -> 1366.936 | K84: =+J84 -> 1366.936 | M84: Uso de Red | N84: =+E16 -> 17 | O84: ='Tarifas Riego Agricola'!$BM$6 -> 80.408 | P84: =+O84*N84 -> 1366.936 | Q84: =+P84 -> 1366.936 | S84: Uso de Red | T84: =+E17 -> 17 | U84: ='Tarifas Riego Agricola'!$BN$6 -> 80.408 | V84: =+U84*T84 -> 1366.936 | W84: =+V84 -> 1366.936 | Y84: Uso de Red | Z84: =+E18 -> 17 | AA84: ='Tarifas Riego Agricola'!$BO$6 -> 80.408 | AB84: =+AA84*Z84 -> 1366.936 | AC84: =+AB84 -> 1366.936 | AE84: Uso de Red | AF84: =+E19 -> 17 | AG84: ='Tarifas Riego Agricola'!$BP$6 -> 80.408 | AH84: =+AG84*AF84 -> 1366.936 | AI84: =+AH84 -> 1366.936 | AK84: Uso de Red | AL84: =+E20 -> 17 | AM84: ='Tarifas Riego Agricola'!$BQ$6 -> 80.408 | AN84: =+AM84*AL84 -> 1366.936 | AO84: =+AN84 -> 1366.936 | AQ84: Uso de Red | AR84: =+E21 -> 17 | AS84: ='Tarifas Riego Agricola'!$BR$6 -> 80.408 | AT84: =+AS84*AR84 -> 1366.936 | AU84: =+AT84 -> 1366.936 | AW84: Uso de Red | AX84: =+E22 -> 17 | AY84: ='Tarifas Riego Agricola'!$BS$6 -> 80.408 | AZ84: =+AY84*AX84 -> 1366.936 | BA84: =+AZ84 -> 1366.936 | BC84: Uso de Red | BD84: =+E23 -> 17 | BE84: ='Tarifas Riego Agricola'!$BT$6 -> 80.408 | BF84: =+BE84*BD84 -> 1366.936 | BG84: =+BF84 -> 1366.936 | BI84: Uso de Red | BJ84: =+E24 -> 17 | BK84: ='Tarifas Riego Agricola'!$BU$6 -> 80.408 | BL84: =+BK84*BJ84 -> 1366.936 | BM84: =+BL84 -> 1366.936 | BO84: Uso de Red | BP84: =+E25 -> 17 | BQ84: ='Tarifas Riego Agricola'!$BV$6 -> 80.408 | BR84: =+BQ84*BP84 -> 1366.936 | BS84: =+BR84 -> 1366.936
A85: Energía Alta | B85: =+B14 -> 548.65858 | C85: ='Tarifas Riego Agricola'!$BK$8 -> 3.9208 | D85: =+C85*B85 -> 2151.1806 | E85: =B85*'Tarifas Riego Agricola'!$BK$20 -> 2718.8227 | G85: Energía Alta | H85: =+B15 -> 488.59307 | I85: ='Tarifas Riego Agricola'!$BL$8 -> 3.9208 | J85: =+I85*H85 -> 1915.6757 | K85: =H85*'Tarifas Riego Agricola'!$BL$20 -> 2421.1741 | M85: Energía Alta | N85: =+B16 -> 245.68723 | O85: ='Tarifas Riego Agricola'!$BM$8 -> 3.9208 | P85: =+O85*N85 -> 963.29049 | Q85: =N85*'Tarifas Riego Agricola'!$BM$20 -> 1217.4785 | S85: Energía Alta | T85: =+B17 -> 306.29329 | U85: ='Tarifas Riego Agricola'!$BN$8 -> 3.9208 | V85: =+U85*T85 -> 1200.9147 | W85: =T85*'Tarifas Riego Agricola'!$BN$20 -> 1517.8058 | Y85: Energía Alta | Z85: =+B18 -> 65.021645 | AA85: ='Tarifas Riego Agricola'!$BO$8 -> 3.9208 | AB85: =+AA85*Z85 -> 254.93687 | AC85: =Z85*'Tarifas Riego Agricola'!$BO$20 -> 322.20826 | AE85: Energía Alta | AF85: =+B19 -> 129.39679 | AG85: ='Tarifas Riego Agricola'!$BP$8 -> 3.9208 | AH85: =+AG85*AF85 -> 507.33892 | AI85: =AF85*'Tarifas Riego Agricola'!$BP$20 -> 641.21284 | AK85: Energía Alta | AL85: =+B20 -> 76.417749 | AM85: ='Tarifas Riego Agricola'!$BQ$8 -> 3.9208 | AN85: =+AM85*AL85 -> 299.61871 | AO85: =AL85*'Tarifas Riego Agricola'!$BQ$20 -> 378.68051 | AQ85: Energía Alta | AR85: =+B21 -> 307.88897 | AS85: ='Tarifas Riego Agricola'!$BR$8 -> 3.9208 | AT85: =+AS85*AR85 -> 1207.1711 | AU85: =AR85*'Tarifas Riego Agricola'!$BR$20 -> 1525.713 | AW85: Energía Alta | AX85: =+B22 -> 580.23667 | AY85: ='Tarifas Riego Agricola'!$BS$8 -> 3.9208 | AZ85: =+AY85*AX85 -> 2274.9919 | BA85: =AX85*'Tarifas Riego Agricola'!$BS$20 -> 2875.3048 | BC85: Energía Alta | BD85: =+B23 -> 693.05387 | BE85: ='Tarifas Riego Agricola'!$BT$8 -> 3.9208 | BF85: =+BE85*BD85 -> 2717.3256 | BG85: =BD85*'Tarifas Riego Agricola'!$BT$20 -> 3434.3591 | BI85: Energía Alta | BJ85: =+B24 -> 1151.4333 | BK85: ='Tarifas Riego Agricola'!$BU$8 -> 3.9208 | BL85: =+BK85*BJ85 -> 4514.5396 | BM85: =BJ85*'Tarifas Riego Agricola'!$BU$20 -> 5705.8124 | BO85: Energía Alta | BP85: =+B25 -> 1068.0998 | BQ85: ='Tarifas Riego Agricola'!$BV$8 -> 3.9208 | BR85: =+BQ85*BP85 -> 4187.8057 | BS85: =BP85*'Tarifas Riego Agricola'!$BV$20 -> 5292.8617
A86: Energía Baja | B86: =+C14 -> 3452.8356 | C86: ='Tarifas Riego Agricola'!$BK$9 -> 2.5381 | D86: =+C86*B86 -> 8763.642 | E86: =+B86*'Tarifas Riego Agricola'!$BK$21 -> 12200.594 | G86: Energía Baja | H86: =+C15 -> 2912.3755 | I86: ='Tarifas Riego Agricola'!$BL$9 -> 2.5381 | J86: =+I86*H86 -> 7391.9004 | K86: =+H86*'Tarifas Riego Agricola'!$BL$21 -> 10290.879 | M86: Energía Baja | N86: =+C16 -> 2761.0768 | O86: ='Tarifas Riego Agricola'!$BM$9 -> 2.5381 | P86: =+O86*N86 -> 7007.8891 | Q86: =+N86*'Tarifas Riego Agricola'!$BM$21 -> 9756.265 | S86: Energía Baja | T86: =+C17 -> 1892.132 | U86: ='Tarifas Riego Agricola'!$BN$9 -> 2.5381 | V86: =+U86*T86 -> 4802.4203 | W86: =+T86*'Tarifas Riego Agricola'!$BN$21 -> 6685.8485 | Y86: Energía Baja | Z86: =+C18 -> 1628.0047 | AA86: ='Tarifas Riego Agricola'!$BO$9 -> 2.5381 | AB86: =+AA86*Z86 -> 4132.0388 | AC86: =+Z86*'Tarifas Riego Agricola'!$BO$21 -> 5752.5548 | AE86: Energía Baja | AF86: =+C19 -> 1062.0252 | AG86: ='Tarifas Riego Agricola'!$BP$9 -> 2.5381 | AH86: =+AG86*AF86 -> 2695.5262 | AI86: =+AF86*'Tarifas Riego Agricola'!$BP$21 -> 3752.6662 | AK86: Energía Baja | AL86: =+C20 -> 1618.5065 | AM86: ='Tarifas Riego Agricola'!$BQ$9 -> 2.5381 | AN86: =+AM86*AL86 -> 4107.9313 | AO86: =+AL86*'Tarifas Riego Agricola'!$BQ$21 -> 5718.9927 | AQ86: Energía Baja | AR86: =+C21 -> 2696.8577 | AS86: ='Tarifas Riego Agricola'!$BR$9 -> 2.5381 | AT86: =+AS86*AR86 -> 6844.8945 | AU86: =+AR86*'Tarifas Riego Agricola'!$BR$21 -> 9529.3467 | AW86: Energía Baja | AX86: =+C22 -> 3233.1895 | AY86: ='Tarifas Riego Agricola'!$BS$9 -> 2.5381 | AZ86: =+AY86*AX86 -> 8206.1583 | BA86: =+AX86*'Tarifas Riego Agricola'!$BS$21 -> 11424.475 | BC86: Energía Baja | BD86: =+C23 -> 3565.0645 | BE86: ='Tarifas Riego Agricola'!$BT$9 -> 2.5381 | BF86: =+BE86*BD86 -> 9048.4902 | BG86: =+BD86*'Tarifas Riego Agricola'!$BT$21 -> 12597.155 | BI86: Energía Baja | BJ86: =+C24 -> 3919.1772 | BK86: ='Tarifas Riego Agricola'!$BU$9 -> 2.5381 | BL86: =+BK86*BJ86 -> 9947.2637 | BM86: =+BJ86*'Tarifas Riego Agricola'!$BU$21 -> 13848.413 | BO86: Energía Baja | BP86: =+C25 -> 3231.3831 | BQ86: ='Tarifas Riego Agricola'!$BV$9 -> 2.5381 | BR86: =+BQ86*BP86 -> 8201.5734 | BS86: =+BP86*'Tarifas Riego Agricola'!$BV$21 -> 11418.092
A87: Cargo Transitorio Res 1866/05 | B87: =B85+B86 -> 4001.4941 | C87: 0.004107 | D87: =C87*B87 -> 16.434136 | E87: =+C87*B87 -> 16.434136 | G87: Cargo Transitorio Res 1866/05 | H87: =H85+H86 -> 3400.9686 | I87: 0.004107 | J87: =I87*H87 -> 13.967778 | K87: =+I87*H87 -> 13.967778 | M87: Cargo Transitorio Res 1866/05 | N87: =N85+N86 -> 3006.7641 | O87: 0.004107 | P87: =O87*N87 -> 12.34878 | Q87: =+O87*N87 -> 12.34878 | S87: Cargo Transitorio Res 1866/05 | T87: =T85+T86 -> 2198.4253 | U87: 0.004107 | V87: =U87*T87 -> 9.0289328 | W87: =+U87*T87 -> 9.0289328 | Y87: Cargo Transitorio Res 1866/05 | Z87: =Z85+Z86 -> 1693.0264 | AA87: 0.004107 | AB87: =AA87*Z87 -> 6.9532594 | AC87: =+AA87*Z87 -> 6.9532594 | AE87: Cargo Transitorio Res 1866/05 | AF87: =AF85+AF86 -> 1191.422 | AG87: 0.004107 | AH87: =AG87*AF87 -> 4.8931702 | AI87: =+AG87*AF87 -> 4.8931702 | AK87: Cargo Transitorio Res 1866/05 | AL87: =AL85+AL86 -> 1694.9242 | AM87: 0.004107 | AN87: =AM87*AL87 -> 6.9610539 | AO87: =+AM87*AL87 -> 6.9610539 | AQ87: Cargo Transitorio Res 1866/05 | AR87: =AR85+AR86 -> 3004.7467 | AS87: 0.004107 | AT87: =AS87*AR87 -> 12.340495 | AU87: =+AS87*AR87 -> 12.340495 | AW87: Cargo Transitorio Res 1866/05 | AX87: =AX85+AX86 -> 3813.4262 | AY87: 0.004107 | AZ87: =AY87*AX87 -> 15.661741 | BA87: =+AY87*AX87 -> 15.661741 | BC87: Cargo Transitorio Res 1866/05 | BD87: =BD85+BD86 -> 4258.1184 | BE87: 0.004107 | BF87: =BE87*BD87 -> 17.488092 | BG87: =+BE87*BD87 -> 17.488092 | BI87: Cargo Transitorio Res 1866/05 | BJ87: =BJ85+BJ86 -> 5070.6105 | BK87: 0.004107 | BL87: =BK87*BJ87 -> 20.824997 | BM87: =+BK87*BJ87 -> 20.824997 | BO87: Cargo Transitorio Res 1866/05 | BP87: =BP85+BP86 -> 4299.4829 | BQ87: 0.004107 | BR87: =BQ87*BP87 -> 17.657976 | BS87: =+BQ87*BP87 -> 17.657976
A88: Subsidio Riego Agrícola | D88: =IF('Carga de datos'!$C$11=1,IF((B85*'Tarifas Riego Agricola'!$BK$16+B86*'Tarifas Riego Agricola'!$BK$17)>250*C86,(B85*'Tarifas Riego Agricola'!$BK$16+B86*'Tarifas Riego Agricola'!$BK$17),250*C86)-SUM(D83:D86),IF('Carga de datos'!$C$11=2,(IF((B85*'Tarifas Riego Agricola'!$BK$12+B86*'Tarifas Riego Agricola'!$BK$13)>250*C86,(B85*'Tarifas Riego Agricola'!$BK$12+B86*'Tarifas Riego Agricola'!$BK$13),250*C86)-SUM(D83:D86)),0)) -> -8448.8372 | E88: =D88 -> -8448.8372 | G88: Subsidio Riego Agrícola | J88: =IF('Carga de datos'!$C$11=1,IF((H85*'Tarifas Riego Agricola'!$BL$16+H86*'Tarifas Riego Agricola'!$BL$17)>250*I86,(H85*'Tarifas Riego Agricola'!$BL$16+H86*'Tarifas Riego Agricola'!$BL$17),250*I86)-SUM(J83:J86),IF('Carga de datos'!$C$11=2,(IF((H85*'Tarifas Riego Agricola'!$BL$12+H86*'Tarifas Riego Agricola'!$BL$13)>250*I86,(H85*'Tarifas Riego Agricola'!$BL$12+H86*'Tarifas Riego Agricola'!$BL$13),250*I86)-SUM(J83:J86)),0)) -> -7479.855 | K88: =J88 -> -7479.855 | M88: Subsidio Riego Agrícola | P88: =IF('Carga de datos'!$C$11=1,IF((N85*'Tarifas Riego Agricola'!$BM$16+N86*'Tarifas Riego Agricola'!$BM$17)>250*O86,(N85*'Tarifas Riego Agricola'!$BM$16+N86*'Tarifas Riego Agricola'!$BM$17),250*O86)-SUM(P83:P86),IF('Carga de datos'!$C$11=2,(IF((N85*'Tarifas Riego Agricola'!$BM$12+N86*'Tarifas Riego Agricola'!$BM$13)>250*O86,(N85*'Tarifas Riego Agricola'!$BM$12+N86*'Tarifas Riego Agricola'!$BM$13),250*O86)-SUM(P83:P86)),0)) -> -6871.9447 | Q88: =P88 -> -6871.9447 | S88: Subsidio Riego Agrícola | V88: =IF('Carga de datos'!$C$11=1,IF((T85*'Tarifas Riego Agricola'!$BN$16+T86*'Tarifas Riego Agricola'!$BN$17)>250*U86,(T85*'Tarifas Riego Agricola'!$BN$16+T86*'Tarifas Riego Agricola'!$BN$17),250*U86)-SUM(V83:V86),IF('Carga de datos'!$C$11=2,(IF((T85*'Tarifas Riego Agricola'!$BN$12+T86*'Tarifas Riego Agricola'!$BN$13)>250*U86,(T85*'Tarifas Riego Agricola'!$BN$12+T86*'Tarifas Riego Agricola'!$BN$13),250*U86)-SUM(V83:V86)),0)) -> -5548.0664 | W88: =V88 -> -5548.0664 | Y88: Subsidio Riego Agrícola | AB88: =IF('Carga de datos'!$C$11=1,IF((Z85*'Tarifas Riego Agricola'!$BO$16+Z86*'Tarifas Riego Agricola'!$BO$17)>250*AA86,(Z85*'Tarifas Riego Agricola'!$BO$16+Z86*'Tarifas Riego Agricola'!$BO$17),250*AA86)-SUM(AB83:AB86),IF('Carga de datos'!$C$11=2,(IF((Z85*'Tarifas Riego Agricola'!$BO$12+Z86*'Tarifas Riego Agricola'!$BO$13)>250*AA86,(Z85*'Tarifas Riego Agricola'!$BO$12+Z86*'Tarifas Riego Agricola'!$BO$13),250*AA86)-SUM(AB83:AB86)),0)) -> -4758.9721 | AC88: =AB88 -> -4758.9721 | AE88: Subsidio Riego Agrícola | AH88: =IF('Carga de datos'!$C$11=1,IF((AF85*'Tarifas Riego Agricola'!$BP$16+AF86*'Tarifas Riego Agricola'!$BP$17)>250*AG86,(AF85*'Tarifas Riego Agricola'!$BP$16+AF86*'Tarifas Riego Agricola'!$BP$17),250*AG86)-SUM(AH83:AH86),IF('Carga de datos'!$C$11=2,(IF((AF85*'Tarifas Riego Agricola'!$BP$12+AF86*'Tarifas Riego Agricola'!$BP$13)>250*AG86,(AF85*'Tarifas Riego Agricola'!$BP$12+AF86*'Tarifas Riego Agricola'!$BP$13),250*AG86)-SUM(AH83:AH86)),0)) -> -3933.7517 | AI88: =AH88 -> -3933.7517 | AK88: Subsidio Riego Agrícola | AN88: =IF('Carga de datos'!$C$11=1,IF((AL85*'Tarifas Riego Agricola'!$BQ$16+AL86*'Tarifas Riego Agricola'!$BQ$17)>250*AM86,(AL85*'Tarifas Riego Agricola'!$BQ$16+AL86*'Tarifas Riego Agricola'!$BQ$17),250*AM86)-SUM(AN83:AN86),IF('Carga de datos'!$C$11=2,(IF((AL85*'Tarifas Riego Agricola'!$BQ$12+AL86*'Tarifas Riego Agricola'!$BQ$13)>250*AM86,(AL85*'Tarifas Riego Agricola'!$BQ$12+AL86*'Tarifas Riego Agricola'!$BQ$13),250*AM86)-SUM(AN83:AN86)),0)) -> -4760.4835 | AO88: =AN88 -> -4760.4835 | AQ88: Subsidio Riego Agrícola | AT88: =IF('Carga de datos'!$C$11=1,IF((AR85*'Tarifas Riego Agricola'!$BR$16+AR86*'Tarifas Riego Agricola'!$BR$17)>250*AS86,(AR85*'Tarifas Riego Agricola'!$BR$16+AR86*'Tarifas Riego Agricola'!$BR$17),250*AS86)-SUM(AT83:AT86),IF('Carga de datos'!$C$11=2,(IF((AR85*'Tarifas Riego Agricola'!$BR$12+AR86*'Tarifas Riego Agricola'!$BR$13)>250*AS86,(AR85*'Tarifas Riego Agricola'!$BR$12+AR86*'Tarifas Riego Agricola'!$BR$13),250*AS86)-SUM(AT83:AT86)),0)) -> -6860.0529 | AU88: =AT88 -> -6860.0529 | AW88: Subsidio Riego Agrícola | AZ88: =IF('Carga de datos'!$C$11=1,IF((AX85*'Tarifas Riego Agricola'!$BS$16+AX86*'Tarifas Riego Agricola'!$BS$17)>250*AY86,(AX85*'Tarifas Riego Agricola'!$BS$16+AX86*'Tarifas Riego Agricola'!$BS$17),250*AY86)-SUM(AZ83:AZ86),IF('Carga de datos'!$C$11=2,(IF((AX85*'Tarifas Riego Agricola'!$BS$12+AX86*'Tarifas Riego Agricola'!$BS$13)>250*AY86,(AX85*'Tarifas Riego Agricola'!$BS$12+AX86*'Tarifas Riego Agricola'!$BS$13),250*AY86)-SUM(AZ83:AZ86)),0)) -> -8138.405 | BA88: =AZ88 -> -8138.405 | BC88: Subsidio Riego Agrícola | BF88: =IF('Carga de datos'!$C$11=1,IF((BD85*'Tarifas Riego Agricola'!$BT$16+BD86*'Tarifas Riego Agricola'!$BT$17)>250*BE86,(BD85*'Tarifas Riego Agricola'!$BT$16+BD86*'Tarifas Riego Agricola'!$BT$17),250*BE86)-SUM(BF83:BF86),IF('Carga de datos'!$C$11=2,(IF((BD85*'Tarifas Riego Agricola'!$BT$12+BD86*'Tarifas Riego Agricola'!$BT$13)>250*BE86,(BD85*'Tarifas Riego Agricola'!$BT$12+BD86*'Tarifas Riego Agricola'!$BT$13),250*BE86)-SUM(BF83:BF86)),0)) -> -8846.4832 | BG88: =BF88 -> -8846.4832 | BI88: Subsidio Riego Agrícola | BL88: =IF('Carga de datos'!$C$11=1,IF((BJ85*'Tarifas Riego Agricola'!$BU$16+BJ86*'Tarifas Riego Agricola'!$BU$17)>250*BK86,(BJ85*'Tarifas Riego Agricola'!$BU$16+BJ86*'Tarifas Riego Agricola'!$BU$17),250*BK86)-SUM(BL83:BL86),IF('Carga de datos'!$C$11=2,(IF((BJ85*'Tarifas Riego Agricola'!$BU$12+BJ86*'Tarifas Riego Agricola'!$BU$13)>250*BK86,(BJ85*'Tarifas Riego Agricola'!$BU$12+BJ86*'Tarifas Riego Agricola'!$BU$13),250*BK86)-SUM(BL83:BL86)),0)) -> -10105.293 | BM88: =BL88 -> -10105.293 | BO88: Subsidio Riego Agrícola | BR88: =IF('Carga de datos'!$C$11=1,IF((BP85*'Tarifas Riego Agricola'!$BV$16+BP86*'Tarifas Riego Agricola'!$BV$17)>250*BQ86,(BP85*'Tarifas Riego Agricola'!$BV$16+BP86*'Tarifas Riego Agricola'!$BV$17),250*BQ86)-SUM(BR83:BR86),IF('Carga de datos'!$C$11=2,(IF((BP85*'Tarifas Riego Agricola'!$BV$12+BP86*'Tarifas Riego Agricola'!$BV$13)>250*BQ86,(BP85*'Tarifas Riego Agricola'!$BV$12+BP86*'Tarifas Riego Agricola'!$BV$13),250*BQ86)-SUM(BR83:BR86)),0)) -> -8861.8934 | BS88: =BR88 -> -8861.8934
A89: Impuestos Provinciales Ley 6922/8398 | B89: 0.03 | D89: =SUM(D83:D88)*((100/97)-1) -> 139.02555 | E89: =D89 -> 139.02555 | G89: Impuestos Provinciales Ley 6922/8398 | H89: 0.03 | J89: =SUM(J83:J88)*((100/97)-1) -> 119.20914 | K89: =J89 -> 119.20914 | M89: Impuestos Provinciales Ley 6922/8398 | N89: 0.03 | P89: =SUM(P83:P88)*((100/97)-1) -> 96.628567 | Q89: =P89 -> 96.628567 | S89: Impuestos Provinciales Ley 6922/8398 | T89: 0.03 | V89: =SUM(V83:V88)*((100/97)-1) -> 76.60941 | W89: =V89 -> 76.60941 | Y89: Impuestos Provinciales Ley 6922/8398 | Z89: 0.03 | AB89: =SUM(AB83:AB88)*((100/97)-1) -> 50.959695 | AC89: =AB89 -> 50.959695 | AE89: Impuestos Provinciales Ley 6922/8398 | AF89: 0.03 | AH89: =SUM(AH83:AH88)*((100/97)-1) -> 39.796288 | AI89: =AH89 -> 39.796288 | AK89: Impuestos Provinciales Ley 6922/8398 | AL89: 0.03 | AN89: =SUM(AN83:AN88)*((100/97)-1) -> 51.549513 | AO89: =AN89 -> 51.549513 | AQ89: Impuestos Provinciales Ley 6922/8398 | AR89: 0.03 | AT89: =SUM(AT83:AT88)*((100/97)-1) -> 99.497728 | AU89: =AT89 -> 99.497728 | AW89: Impuestos Provinciales Ley 6922/8398 | AX89: 0.03 | AZ89: =SUM(AZ83:AZ88)*((100/97)-1) -> 135.19011 | BA89: =AZ89 -> 135.19011 | BC89: Impuestos Provinciales Ley 6922/8398 | BD89: 0.03 | BF89: =SUM(BF83:BF88)*((100/97)-1) -> 153.0792 | BG89: =BF89 -> 153.0792 | BI89: Impuestos Provinciales Ley 6922/8398 | BJ89: 0.03 | BL89: =SUM(BL83:BL88)*((100/97)-1) -> 197.63119 | BM89: =BL89 -> 197.63119 | BO89: Impuestos Provinciales Ley 6922/8398 | BP89: 0.03 | BR89: =SUM(BR83:BR88)*((100/97)-1) -> 171.89331 | BS89: =BR89 -> 171.89331
A90: SUB-TOTAL BÁSICO | D90: =IF('Carga de datos'!$C$11=3,IF((SUM(D83:D89)-'Calculos Sin Estabilizacion'!D89)>250*'Calculos Sin Estabilizacion'!C86,SUM(D83:D89),250*'Calculos Sin Estabilizacion'!C86+250*'Calculos Sin Estabilizacion'!C86*((100/97)-1)),SUM(D83:D89)) -> 4634.185 | E90: =IF('Carga de datos'!$C$11=3,IF((SUM(E83:E89)-'Calculos Sin Estabilizacion'!E89)>250*'Calculos Sin Estabilizacion'!C86,SUM(E83:E89),250*'Calculos Sin Estabilizacion'!C86+250*'Calculos Sin Estabilizacion'!C86*((100/97)-1)),SUM(E83:E89)) -> 8638.7797 | G90: SUB-TOTAL BÁSICO | J90: =IF('Carga de datos'!$C$11=3,IF((SUM(J83:J89)-'Calculos Sin Estabilizacion'!J89)>250*'Calculos Sin Estabilizacion'!I86,SUM(J83:J89),250*'Calculos Sin Estabilizacion'!I86+250*'Calculos Sin Estabilizacion'!I86*((100/97)-1)),SUM(J83:J89)) -> 3973.638 | K90: =IF('Carga de datos'!$C$11=3,IF((SUM(K83:K89)-'Calculos Sin Estabilizacion'!K89)>250*'Calculos Sin Estabilizacion'!I86,SUM(K83:K89),250*'Calculos Sin Estabilizacion'!I86+250*'Calculos Sin Estabilizacion'!I86*((100/97)-1)),SUM(K83:K89)) -> 7378.115 | M90: SUB-TOTAL BÁSICO | P90: =IF('Carga de datos'!$C$11=3,IF((SUM(P83:P89)-'Calculos Sin Estabilizacion'!P89)>250*'Calculos Sin Estabilizacion'!O86,SUM(P83:P89),250*'Calculos Sin Estabilizacion'!O86+250*'Calculos Sin Estabilizacion'!O86*((100/97)-1)),SUM(P83:P89)) -> 3220.9522 | Q90: =IF('Carga de datos'!$C$11=3,IF((SUM(Q83:Q89)-'Calculos Sin Estabilizacion'!Q89)>250*'Calculos Sin Estabilizacion'!O86,SUM(Q83:Q89),250*'Calculos Sin Estabilizacion'!O86+250*'Calculos Sin Estabilizacion'!O86*((100/97)-1)),SUM(Q83:Q89)) -> 6223.5161 | S90: SUB-TOTAL BÁSICO | V90: =IF('Carga de datos'!$C$11=3,IF((SUM(V83:V89)-'Calculos Sin Estabilizacion'!V89)>250*'Calculos Sin Estabilizacion'!U86,SUM(V83:V89),250*'Calculos Sin Estabilizacion'!U86+250*'Calculos Sin Estabilizacion'!U86*((100/97)-1)),SUM(V83:V89)) -> 2553.647 | W90: =IF('Carga de datos'!$C$11=3,IF((SUM(W83:W89)-'Calculos Sin Estabilizacion'!W89)>250*'Calculos Sin Estabilizacion'!U86,SUM(W83:W89),250*'Calculos Sin Estabilizacion'!U86+250*'Calculos Sin Estabilizacion'!U86*((100/97)-1)),SUM(W83:W89)) -> 4753.9663 | Y90: SUB-TOTAL BÁSICO | AB90: =IF('Carga de datos'!$C$11=3,IF((SUM(AB83:AB89)-'Calculos Sin Estabilizacion'!AB89)>250*'Calculos Sin Estabilizacion'!AA86,SUM(AB83:AB89),250*'Calculos Sin Estabilizacion'!AA86+250*'Calculos Sin Estabilizacion'!AA86*((100/97)-1)),SUM(AB83:AB89)) -> 1698.6565 | AC90: =IF('Carga de datos'!$C$11=3,IF((SUM(AC83:AC89)-'Calculos Sin Estabilizacion'!AC89)>250*'Calculos Sin Estabilizacion'!AA86,SUM(AC83:AC89),250*'Calculos Sin Estabilizacion'!AA86+250*'Calculos Sin Estabilizacion'!AA86*((100/97)-1)),SUM(AC83:AC89)) -> 3386.4438 | AE90: SUB-TOTAL BÁSICO | AH90: =IF('Carga de datos'!$C$11=3,IF((SUM(AH83:AH89)-'Calculos Sin Estabilizacion'!AH89)>250*'Calculos Sin Estabilizacion'!AG86,SUM(AH83:AH89),250*'Calculos Sin Estabilizacion'!AG86+250*'Calculos Sin Estabilizacion'!AG86*((100/97)-1)),SUM(AH83:AH89)) -> 1326.5429 | AI90: =IF('Carga de datos'!$C$11=3,IF((SUM(AI83:AI89)-'Calculos Sin Estabilizacion'!AI89)>250*'Calculos Sin Estabilizacion'!AG86,SUM(AI83:AI89),250*'Calculos Sin Estabilizacion'!AG86+250*'Calculos Sin Estabilizacion'!AG86*((100/97)-1)),SUM(AI83:AI89)) -> 2517.5568 | AK90: SUB-TOTAL BÁSICO | AN90: =IF('Carga de datos'!$C$11=3,IF((SUM(AN83:AN89)-'Calculos Sin Estabilizacion'!AN89)>250*'Calculos Sin Estabilizacion'!AM86,SUM(AN83:AN89),250*'Calculos Sin Estabilizacion'!AM86+250*'Calculos Sin Estabilizacion'!AM86*((100/97)-1)),SUM(AN83:AN89)) -> 1718.3171 | AO90: =IF('Carga de datos'!$C$11=3,IF((SUM(AO83:AO89)-'Calculos Sin Estabilizacion'!AO89)>250*'Calculos Sin Estabilizacion'!AM86,SUM(AO83:AO89),250*'Calculos Sin Estabilizacion'!AM86+250*'Calculos Sin Estabilizacion'!AM86*((100/97)-1)),SUM(AO83:AO89)) -> 3408.4403 | AQ90: SUB-TOTAL BÁSICO | AT90: =IF('Carga de datos'!$C$11=3,IF((SUM(AT83:AT89)-'Calculos Sin Estabilizacion'!AT89)>250*'Calculos Sin Estabilizacion'!AS86,SUM(AT83:AT89),250*'Calculos Sin Estabilizacion'!AS86+250*'Calculos Sin Estabilizacion'!AS86*((100/97)-1)),SUM(AT83:AT89)) -> 3316.5909 | AU90: =IF('Carga de datos'!$C$11=3,IF((SUM(AU83:AU89)-'Calculos Sin Estabilizacion'!AU89)>250*'Calculos Sin Estabilizacion'!AS86,SUM(AU83:AU89),250*'Calculos Sin Estabilizacion'!AS86+250*'Calculos Sin Estabilizacion'!AS86*((100/97)-1)),SUM(AU83:AU89)) -> 6319.585 | AW90: SUB-TOTAL BÁSICO | AZ90: =IF('Carga de datos'!$C$11=3,IF((SUM(AZ83:AZ89)-'Calculos Sin Estabilizacion'!AZ89)>250*'Calculos Sin Estabilizacion'!AY86,SUM(AZ83:AZ89),250*'Calculos Sin Estabilizacion'!AY86+250*'Calculos Sin Estabilizacion'!AY86*((100/97)-1)),SUM(AZ83:AZ89)) -> 4506.3371 | BA90: =IF('Carga de datos'!$C$11=3,IF((SUM(BA83:BA89)-'Calculos Sin Estabilizacion'!BA89)>250*'Calculos Sin Estabilizacion'!AY86,SUM(BA83:BA89),250*'Calculos Sin Estabilizacion'!AY86+250*'Calculos Sin Estabilizacion'!AY86*((100/97)-1)),SUM(BA83:BA89)) -> 8324.9668 | BC90: SUB-TOTAL BÁSICO | BF90: =IF('Carga de datos'!$C$11=3,IF((SUM(BF83:BF89)-'Calculos Sin Estabilizacion'!BF89)>250*'Calculos Sin Estabilizacion'!BE86,SUM(BF83:BF89),250*'Calculos Sin Estabilizacion'!BE86+250*'Calculos Sin Estabilizacion'!BE86*((100/97)-1)),SUM(BF83:BF89)) -> 5102.6399 | BG90: =IF('Carga de datos'!$C$11=3,IF((SUM(BG83:BG89)-'Calculos Sin Estabilizacion'!BG89)>250*'Calculos Sin Estabilizacion'!BE86,SUM(BG83:BG89),250*'Calculos Sin Estabilizacion'!BE86+250*'Calculos Sin Estabilizacion'!BE86*((100/97)-1)),SUM(BG83:BG89)) -> 9368.3387 | BI90: SUB-TOTAL BÁSICO | BL90: =IF('Carga de datos'!$C$11=3,IF((SUM(BL83:BL89)-'Calculos Sin Estabilizacion'!BL89)>250*'Calculos Sin Estabilizacion'!BK86,SUM(BL83:BL89),250*'Calculos Sin Estabilizacion'!BK86+250*'Calculos Sin Estabilizacion'!BK86*((100/97)-1)),SUM(BL83:BL89)) -> 6587.7063 | BM90: =IF('Carga de datos'!$C$11=3,IF((SUM(BM83:BM89)-'Calculos Sin Estabilizacion'!BM89)>250*'Calculos Sin Estabilizacion'!BK86,SUM(BM83:BM89),250*'Calculos Sin Estabilizacion'!BK86+250*'Calculos Sin Estabilizacion'!BK86*((100/97)-1)),SUM(BM83:BM89)) -> 11680.128 | BO90: SUB-TOTAL BÁSICO | BR90: =IF('Carga de datos'!$C$11=3,IF((SUM(BR83:BR89)-'Calculos Sin Estabilizacion'!BR89)>250*'Calculos Sin Estabilizacion'!BQ86,SUM(BR83:BR89),250*'Calculos Sin Estabilizacion'!BQ86+250*'Calculos Sin Estabilizacion'!BQ86*((100/97)-1)),SUM(BR83:BR89)) -> 5729.7769 | BS90: =IF('Carga de datos'!$C$11=3,IF((SUM(BS83:BS89)-'Calculos Sin Estabilizacion'!BS89)>250*'Calculos Sin Estabilizacion'!BQ86,SUM(BS83:BS89),250*'Calculos Sin Estabilizacion'!BQ86+250*'Calculos Sin Estabilizacion'!BQ86*((100/97)-1)),SUM(BS83:BS89)) -> 10051.352
A91: IVA Consumidor Final | B91: 0.27 | D91: =+D90*B91 -> 1251.2299 | G91: IVA Consumidor Final | H91: 0.27 | J91: =+J90*H91 -> 1072.8822 | M91: IVA Consumidor Final | N91: 0.27 | P91: =+P90*N91 -> 869.6571 | S91: IVA Consumidor Final | T91: 0.27 | V91: =+V90*T91 -> 689.48469 | Y91: IVA Consumidor Final | Z91: 0.27 | AB91: =+AB90*Z91 -> 458.63726 | AE91: IVA Consumidor Final | AF91: 0.27 | AH91: =+AH90*AF91 -> 358.1666 | AK91: IVA Consumidor Final | AL91: 0.27 | AN91: =+AN90*AL91 -> 463.94562 | AQ91: IVA Consumidor Final | AR91: 0.27 | AT91: =+AT90*AR91 -> 895.47955 | AW91: IVA Consumidor Final | AX91: 0.27 | AZ91: =+AZ90*AX91 -> 1216.711 | BC91: IVA Consumidor Final | BD91: 0.27 | BF91: =+BF90*BD91 -> 1377.7128 | BI91: IVA Consumidor Final | BJ91: 0.27 | BL91: =+BL90*BJ91 -> 1778.6807 | BO91: IVA Consumidor Final | BP91: 0.27 | BR91: =+BR90*BP91 -> 1547.0398
A92: Tasa Insp. y Control Prov. | B92: 0.015 | D92: =E90*B92 -> 129.58169 | G92: Tasa Insp. y Control Prov. | H92: 0.015 | J92: =K90*H92 -> 110.67172 | M92: Tasa Insp. y Control Prov. | N92: 0.015 | P92: =Q90*N92 -> 93.352742 | S92: Tasa Insp. y Control Prov. | T92: 0.015 | V92: =W90*T92 -> 71.309494 | Y92: Tasa Insp. y Control Prov. | Z92: 0.015 | AB92: =AC90*Z92 -> 50.796657 | AE92: Tasa Insp. y Control Prov. | AF92: 0.015 | AH92: =AI90*AF92 -> 37.763352 | AK92: Tasa Insp. y Control Prov. | AL92: 0.015 | AN92: =AO90*AL92 -> 51.126604 | AQ92: Tasa Insp. y Control Prov. | AR92: 0.015 | AT92: =AU90*AR92 -> 94.793775 | AW92: Tasa Insp. y Control Prov. | AX92: 0.015 | AZ92: =BA90*AX92 -> 124.8745 | BC92: Tasa Insp. y Control Prov. | BD92: 0.015 | BF92: =BG90*BD92 -> 140.52508 | BI92: Tasa Insp. y Control Prov. | BJ92: 0.015 | BL92: =BM90*BJ92 -> 175.20192 | BO92: Tasa Insp. y Control Prov. | BP92: 0.015 | BR92: =BS90*BP92 -> 150.77028
A93: CCCE-Art. 74 inc. d) Ley 6497- Ley 8530 | B93: 0.05 | D93: =E90*B93 -> 431.93898 | G93: CCCE-Art. 74 inc. d) Ley 6497- Ley 8530 | H93: 0.05 | J93: =K90*H93 -> 368.90575 | M93: CCCE-Art. 74 inc. d) Ley 6497- Ley 8530 | N93: 0.05 | P93: =Q90*N93 -> 311.17581 | S93: CCCE-Art. 74 inc. d) Ley 6497- Ley 8530 | T93: 0.05 | V93: =W90*T93 -> 237.69831 | Y93: CCCE-Art. 74 inc. d) Ley 6497- Ley 8530 | Z93: 0.05 | AB93: =AC90*Z93 -> 169.32219 | AE93: CCCE-Art. 74 inc. d) Ley 6497- Ley 8530 | AF93: 0.05 | AH93: =AI90*AF93 -> 125.87784 | AK93: CCCE-Art. 74 inc. d) Ley 6497- Ley 8530 | AL93: 0.05 | AN93: =AO90*AL93 -> 170.42201 | AQ93: CCCE-Art. 74 inc. d) Ley 6497- Ley 8530 | AR93: 0.05 | AT93: =AU90*AR93 -> 315.97925 | AW93: CCCE-Art. 74 inc. d) Ley 6497- Ley 8530 | AX93: 0.05 | AZ93: =BA90*AX93 -> 416.24834 | BC93: CCCE-Art. 74 inc. d) Ley 6497- Ley 8530 | BD93: 0.05 | BF93: =BG90*BD93 -> 468.41693 | BI93: CCCE-Art. 74 inc. d) Ley 6497- Ley 8530 | BJ93: 0.05 | BL93: =BM90*BJ93 -> 584.00641 | BO93: CCCE-Art. 74 inc. d) Ley 6497- Ley 8530 | BP93: 0.05 | BR93: =BS90*BP93 -> 502.56758
A94: Impuesto de Sellos Ley 6922-8 | B94: 0.015 | D94: =+B94*BR66 -> 85.946654 | G94: Impuesto de Sellos Ley 6922-8 | H94: 0.015 | J94: =+H94*D90 -> 69.512775 | M94: Impuesto de Sellos Ley 6922-8 | N94: 0.015 | P94: =+N94*J90 -> 59.604569 | S94: Impuesto de Sellos Ley 6922-8 | T94: 0.015 | V94: =+T94*P90 -> 48.314283 | Y94: Impuesto de Sellos Ley 6922-8 | Z94: 0.015 | AB94: =+Z94*V90 -> 38.304705 | AE94: Impuesto de Sellos Ley 6922-8 | AF94: 0.015 | AH94: =+AF94*AB90 -> 25.479848 | AK94: Impuesto de Sellos Ley 6922-8 | AL94: 0.015 | AN94: =+AL94*AH90 -> 19.898144 | AQ94: Impuesto de Sellos Ley 6922-8 | AR94: 0.015 | AT94: =+AR94*AN90 -> 25.774757 | AW94: Impuesto de Sellos Ley 6922-8 | AX94: 0.015 | AZ94: =+AX94*AT90 -> 49.748864 | BC94: Impuesto de Sellos Ley 6922-8 | BD94: 0.015 | BF94: =+BD94*AZ90 -> 67.595056 | BI94: Impuesto de Sellos Ley 6922-8 | BJ94: 0.015 | BL94: =+BJ94*BF90 -> 76.539599 | BO94: Impuesto de Sellos Ley 6922-8 | BP94: 0.015 | BR94: =+BP94*BL90 -> 98.815594
A95: CAP Mun.Sist.Sol.-Ley 9.219 art.22 y Res.SSP 91/20 | D95: 0 | G95: CAP Mun.Sist.Sol.-Ley 9.219 art.22 y Res.SSP 91/20 | J95: 0 | M95: CAP Mun.Sist.Sol.-Ley 9.219 art.22 y Res.SSP 91/20 | P95: 0 | S95: CAP Mun.Sist.Sol.-Ley 9.219 art.22 y Res.SSP 91/20 | V95: 0 | Y95: CAP Mun.Sist.Sol.-Ley 9.219 art.22 y Res.SSP 91/20 | AB95: 0 | AE95: CAP Mun.Sist.Sol.-Ley 9.219 art.22 y Res.SSP 91/20 | AH95: 0 | AK95: CAP Mun.Sist.Sol.-Ley 9.219 art.22 y Res.SSP 91/20 | AN95: 0 | AQ95: CAP Mun.Sist.Sol.-Ley 9.219 art.22 y Res.SSP 91/20 | AT95: 0 | AW95: CAP Mun.Sist.Sol.-Ley 9.219 art.22 y Res.SSP 91/20 | AZ95: 1100 | BC95: CAP Mun.Sist.Sol.-Ley 9.219 art.22 y Res.SSP 91/20 | BF95: 1100 | BI95: CAP Mun.Sist.Sol.-Ley 9.219 art.22 y Res.SSP 91/20 | BL95: 1100 | BO95: CAP Mun.Sist.Sol.-Ley 9.219 art.22 y Res.SSP 91/20 | BR95: 1100
A97: Importe Neto a pagar | C97: =D90+C98 -> 6532.8822 | G97: Importe Neto a pagar | I97: =J90+I98 -> 5595.6105 | M97: Importe Neto a pagar | O97: =P90+O98 -> 4554.7424 | S97: Importe Neto a pagar | U97: =V90+U98 -> 3600.4538 | Y97: Importe Neto a pagar | AA97: =AB90+AA98 -> 2415.7173 | AE97: Importe Neto a pagar | AG97: =AH90+AG98 -> 1873.8306 | AK97: Importe Neto a pagar | AM97: =AN90+AM98 -> 2423.7095 | AQ97: Importe Neto a pagar | AS97: =AT90+AS98 -> 4648.6183 | AW97: Importe Neto a pagar | AY97: =AZ90+AY98 -> 7413.9198 | BC97: Importe Neto a pagar | BE97: =BF90+BE98 -> 8256.8898 | BI97: Importe Neto a pagar | BK97: =BL90+BK98 -> 10302.135 | BO97: Importe Neto a pagar | BQ97: =BR90+BQ98 -> 9128.9702
A98: Impuestos | C98: =SUM(D91:D95) -> 1898.6973 | G98: Impuestos | I98: =SUM(J91:J95) -> 1621.9725 | M98: Impuestos | O98: =SUM(P91:P95) -> 1333.7902 | S98: Impuestos | U98: =SUM(V91:V95) -> 1046.8068 | Y98: Impuestos | AA98: =SUM(AB91:AB95) -> 717.06081 | AE98: Impuestos | AG98: =SUM(AH91:AH95) -> 547.28763 | AK98: Impuestos | AM98: =SUM(AN91:AN95) -> 705.39238 | AQ98: Impuestos | AS98: =SUM(AT91:AT95) -> 1332.0273 | AW98: Impuestos | AY98: =SUM(AZ91:AZ95) -> 2907.5827 | BC98: Impuestos | BE98: =SUM(BF91:BF95) -> 3154.2499 | BI98: Impuestos | BK98: =SUM(BL91:BL95) -> 3714.4286 | BO98: Impuestos | BQ98: =SUM(BR91:BR95) -> 3399.1932
A99: Impacto impuestos | C99: =C98/C97 -> 0.290637 | G99: Impacto impuestos | I99: =I98/I97 -> 0.28986516 | M99: Impacto impuestos | O99: =O98/O97 -> 0.29283549 | S99: Impacto impuestos | U99: =U98/U97 -> 0.29074301 | Y99: Impacto impuestos | AA99: =AA98/AA97 -> 0.29683142 | AE99: Impacto impuestos | AG99: =AG98/AG97 -> 0.2920689 | AK99: Impacto impuestos | AM99: =AM98/AM97 -> 0.29103834 | AQ99: Impacto impuestos | AS99: =AS98/AS97 -> 0.28654264 | AW99: Impacto impuestos | AY99: =AY98/AY97 -> 0.39217887 | BC99: Impacto impuestos | BE99: =BE98/BE97 -> 0.38201429 | BI99: Impacto impuestos | BK99: =BK98/BK97 -> 0.36054941 | BO99: Impacto impuestos | BQ99: =BQ98/BQ97 -> 0.37235232
A101: COMPENSADO | E101: 44197 | G101: COMPENSADO | K101: 44228 | M101: COMPENSADO | Q101: 44256 | S101: COMPENSADO | W101: 44287 | Y101: COMPENSADO | AC101: 44317 | AE101: COMPENSADO | AI101: 44348 | AK101: COMPENSADO | AO101: 44378 | AQ101: COMPENSADO | AU101: 44409 | AW101: COMPENSADO | BA101: 44440 | BC101: COMPENSADO | BG101: 44470 | BI101: COMPENSADO | BM101: 44501 | BO101: COMPENSADO | BS101: 44531
A102: USUARIO XXXXXXXXXXXX | G102: USUARIO XXXXXXXXXXXX | M102: USUARIO XXXXXXXXXXXX | S102: USUARIO XXXXXXXXXXXX | Y102: USUARIO XXXXXXXXXXXX | AE102: USUARIO XXXXXXXXXXXX | AK102: USUARIO XXXXXXXXXXXX | AQ102: USUARIO XXXXXXXXXXXX | AW102: USUARIO XXXXXXXXXXXX | BC102: USUARIO XXXXXXXXXXXX | BI102: USUARIO XXXXXXXXXXXX | BO102: USUARIO XXXXXXXXXXXX
A103: Tarifa: RA BT | G103: Tarifa: RA BT | M103: Tarifa: RA BT | S103: Tarifa: RA BT | Y103: Tarifa: RA BT | AE103: Tarifa: RA BT | AK103: Tarifa: RA BT | AQ103: Tarifa: RA BT | AW103: Tarifa: RA BT | BC103: Tarifa: RA BT | BI103: Tarifa: RA BT | BO103: Tarifa: RA BT
A105: Descripción | B105: Consumo | C105: Cargos | D105: Monto | G105: Descripción | H105: Consumo | I105: Cargos | J105: Monto | M105: Descripción | N105: Consumo | O105: Cargos | P105: Monto | S105: Descripción | T105: Consumo | U105: Cargos | V105: Monto | Y105: Descripción | Z105: Consumo | AA105: Cargos | AB105: Monto | AE105: Descripción | AF105: Consumo | AG105: Cargos | AH105: Monto | AK105: Descripción | AL105: Consumo | AM105: Cargos | AN105: Monto | AQ105: Descripción | AR105: Consumo | AS105: Cargos | AT105: Monto | AW105: Descripción | AX105: Consumo | AY105: Cargos | AZ105: Monto | BC105: Descripción | BD105: Consumo | BE105: Cargos | BF105: Monto | BI105: Descripción | BJ105: Consumo | BK105: Cargos | BL105: Monto | BO105: Descripción | BP105: Consumo | BQ105: Cargos | BR105: Monto
A107: Cargo Comercialización | C107: ='Tarifas Riego Agricola'!$BW$5 -> 1127.977 | D107: =+C107 -> 1127.977 | E107: =+D107 -> 1127.977 | G107: Cargo Comercialización | I107: ='Tarifas Riego Agricola'!$BX$5 -> 1127.977 | J107: =+I107 -> 1127.977 | K107: =+J107 -> 1127.977 | M107: Cargo Comercialización | O107: ='Tarifas Riego Agricola'!$BY$5 -> 1127.977 | P107: =+O107 -> 1127.977 | Q107: =+P107 -> 1127.977 | S107: Cargo Comercialización | U107: ='Tarifas Riego Agricola'!$BZ$5 -> 1127.977 | V107: =+U107 -> 1127.977 | W107: =+V107 -> 1127.977 | Y107: Cargo Comercialización | AA107: ='Tarifas Riego Agricola'!$CA$5 -> 1127.977 | AB107: =+AA107 -> 1127.977 | AC107: =+AB107 -> 1127.977 | AE107: Cargo Comercialización | AG107: ='Tarifas Riego Agricola'!$CB$5 -> 1127.977 | AH107: =+AG107 -> 1127.977 | AI107: =+AH107 -> 1127.977 | AK107: Cargo Comercialización | AM107: ='Tarifas Riego Agricola'!$CC$5 -> 1127.977 | AN107: =+AM107 -> 1127.977 | AO107: =+AN107 -> 1127.977 | AQ107: Cargo Comercialización | AS107: ='Tarifas Riego Agricola'!$CD$5 -> 1127.977 | AT107: =+AS107 -> 1127.977 | AU107: =+AT107 -> 1127.977 | AW107: Cargo Comercialización | AY107: ='Tarifas Riego Agricola'!$CE$5 -> 1127.977 | AZ107: =+AY107 -> 1127.977 | BA107: =+AZ107 -> 1127.977 | BC107: Cargo Comercialización | BE107: ='Tarifas Riego Agricola'!$CF$5 -> 1127.977 | BF107: =+BE107 -> 1127.977 | BG107: =+BF107 -> 1127.977 | BI107: Cargo Comercialización | BK107: ='Tarifas Riego Agricola'!$CG$5 -> 1127.977 | BL107: =+BK107 -> 1127.977 | BM107: =+BL107 -> 1127.977 | BO107: Cargo Comercialización | BQ107: ='Tarifas Riego Agricola'!$CH$5 -> 1127.977 | BR107: =+BQ107 -> 1127.977 | BS107: =+BR107 -> 1127.977
A108: Uso de Red | B108: =+E26 -> 17 | C108: ='Tarifas Riego Agricola'!$BW$6 -> 141.696 | D108: =+C108*B108 -> 2408.832 | E108: =+D108 -> 2408.832 | G108: Uso de Red | H108: =+E27 -> 17 | I108: ='Tarifas Riego Agricola'!$BX$6 -> 141.696 | J108: =+I108*H108 -> 2408.832 | K108: =+J108 -> 2408.832 | M108: Uso de Red | N108: =+E28 -> 17 | O108: ='Tarifas Riego Agricola'!$BY$6 -> 141.696 | P108: =+O108*N108 -> 2408.832 | Q108: =+P108 -> 2408.832 | S108: Uso de Red | T108: =+E29 -> 17 | U108: ='Tarifas Riego Agricola'!$BZ$6 -> 141.696 | V108: =+U108*T108 -> 2408.832 | W108: =+V108 -> 2408.832 | Y108: Uso de Red | Z108: =+E30 -> 17 | AA108: ='Tarifas Riego Agricola'!$CA$6 -> 141.696 | AB108: =+AA108*Z108 -> 2408.832 | AC108: =+AB108 -> 2408.832 | AE108: Uso de Red | AF108: =+E31 -> 17 | AG108: ='Tarifas Riego Agricola'!$CB$6 -> 141.696 | AH108: =+AG108*AF108 -> 2408.832 | AI108: =+AH108 -> 2408.832 | AK108: Uso de Red | AL108: =+E32 -> 17 | AM108: ='Tarifas Riego Agricola'!$CC$6 -> 141.696 | AN108: =+AM108*AL108 -> 2408.832 | AO108: =+AN108 -> 2408.832 | AQ108: Uso de Red | AR108: =+E33 -> 17 | AS108: ='Tarifas Riego Agricola'!$CD$6 -> 141.696 | AT108: =+AS108*AR108 -> 2408.832 | AU108: =+AT108 -> 2408.832 | AW108: Uso de Red | AX108: =+E34 -> 17 | AY108: ='Tarifas Riego Agricola'!$CE$6 -> 141.696 | AZ108: =+AY108*AX108 -> 2408.832 | BA108: =+AZ108 -> 2408.832 | BC108: Uso de Red | BD108: =+E35 -> 17 | BE108: ='Tarifas Riego Agricola'!$CF$6 -> 141.696 | BF108: =+BE108*BD108 -> 2408.832 | BG108: =+BF108 -> 2408.832 | BI108: Uso de Red | BJ108: =+E36 -> 17 | BK108: ='Tarifas Riego Agricola'!$CG$6 -> 141.696 | BL108: =+BK108*BJ108 -> 2408.832 | BM108: =+BL108 -> 2408.832 | BO108: Uso de Red | BP108: =E37 -> 17 | BQ108: ='Tarifas Riego Agricola'!$CH$6 -> 141.696 | BR108: =+BQ108*BP108 -> 2408.832 | BS108: =+BR108 -> 2408.832
A109: Energía Alta | B109: =+B26 -> 548.65858 | C109: ='Tarifas Riego Agricola'!$BW$8 -> 4.7249 | D109: =+C109*B109 -> 2592.3569 | E109: =B109*'Tarifas Riego Agricola'!$BW$20 -> 3159.9991 | G109: Energía Alta | H109: =+B27 -> 488.59307 | I109: ='Tarifas Riego Agricola'!$BX$8 -> 4.7249 | J109: =+I109*H109 -> 2308.5534 | K109: =H109*'Tarifas Riego Agricola'!$BX$20 -> 2814.0518 | M109: Energía Alta | N109: =+B28 -> 245.68723 | O109: ='Tarifas Riego Agricola'!$BY$8 -> 4.7249 | P109: =+O109*N109 -> 1160.8476 | Q109: =N109*'Tarifas Riego Agricola'!$BY$20 -> 1415.0356 | S109: Energía Alta | T109: =+B29 -> 306.29329 | U109: ='Tarifas Riego Agricola'!$BZ$8 -> 4.7249 | V109: =+U109*T109 -> 1447.2052 | W109: =T109*'Tarifas Riego Agricola'!$BZ$40 -> 1764.0962 | Y109: Energía Alta | Z109: =+B30 -> 65.021645 | AA109: ='Tarifas Riego Agricola'!$CA$8 -> 4.8161 | AB109: =+AA109*Z109 -> 313.15074 | AC109: =Z109*'Tarifas Riego Agricola'!$CA$20 -> 577.80835 | AE109: Energía Alta | AF109: =+B31 -> 129.39679 | AG109: ='Tarifas Riego Agricola'!$CB$8 -> 4.8161 | AH109: =+AG109*AF109 -> 623.18787 | AI109: =AF109*'Tarifas Riego Agricola'!$CB$20 -> 1149.8716 | AK109: Energía Alta | AL109: =+B32 -> 76.417749 | AM109: ='Tarifas Riego Agricola'!$CC$8 -> 4.8161 | AN109: =+AM109*AL109 -> 368.03552 | AO109: =AL109*'Tarifas Riego Agricola'!$CC$20 -> 679.07868 | AQ109: Energía Alta | AR109: =+B33 -> 307.88897 | AS109: ='Tarifas Riego Agricola'!$CD$8 -> 4.8161 | AT109: =+AS109*AR109 -> 1482.8241 | AU109: =AR109*'Tarifas Riego Agricola'!$CD$20 -> 2736.0245 | AW109: Energía Alta | AX109: =+B34 -> 580.23667 | AY109: ='Tarifas Riego Agricola'!$CE$8 -> 4.8161 | AZ109: =+AY109*AX109 -> 2794.4778 | BA109: =AX109*'Tarifas Riego Agricola'!$CE$20 -> 5156.2152 | BC109: Energía Alta | BD109: =+B35 -> 693.05387 | BE109: ='Tarifas Riego Agricola'!$CF$8 -> 4.8161 | BF109: =+BE109*BD109 -> 3337.8167 | BG109: =BD109*'Tarifas Riego Agricola'!$CF$20 -> 6158.7539 | BI109: Energía Alta | BJ109: =+B36 -> 1151.4333 | BK109: ='Tarifas Riego Agricola'!$CG$8 -> 4.8161 | BL109: =+BK109*BJ109 -> 5545.4178 | BM109: =BJ109*'Tarifas Riego Agricola'!$CG$20 -> 10232.097 | BO109: Energía Alta | BP109: =B37 -> 1068.0998 | BQ109: ='Tarifas Riego Agricola'!$CH$8 -> 4.8161 | BR109: =+BQ109*BP109 -> 5144.0754 | BS109: =BP109*'Tarifas Riego Agricola'!$CH$20 -> 9491.562
A110: Energía Baja | B110: =+C26 -> 3452.8356 | C110: ='Tarifas Riego Agricola'!$BW$9 -> 2.5381 | D110: =+C110*B110 -> 8763.642 | E110: =+B110*'Tarifas Riego Agricola'!$BW$21 -> 12200.594 | G110: Energía Baja | H110: =+C27 -> 2912.3755 | I110: ='Tarifas Riego Agricola'!$BX$9 -> 2.5381 | J110: =+I110*H110 -> 7391.9004 | K110: =+H110*'Tarifas Riego Agricola'!$BX$21 -> 10290.879 | M110: Energía Baja | N110: =+C28 -> 2761.0768 | O110: ='Tarifas Riego Agricola'!$BY$9 -> 2.5381 | P110: =+O110*N110 -> 7007.8891 | Q110: =+N110*'Tarifas Riego Agricola'!$BY$21 -> 9756.265 | S110: Energía Baja | T110: =+C29 -> 1892.132 | U110: ='Tarifas Riego Agricola'!$BZ$9 -> 2.5381 | V110: =+U110*T110 -> 4802.4203 | W110: =+T110*'Tarifas Riego Agricola'!$BZ$41 -> 6685.8485 | Y110: Energía Baja | Z110: =+C30 -> 1628.0047 | AA110: ='Tarifas Riego Agricola'!$CA$9 -> 2.6294 | AB110: =+AA110*Z110 -> 4280.6757 | AC110: =+Z110*'Tarifas Riego Agricola'!$CA$21 -> 10625.987 | AE110: Energía Baja | AF110: =+C31 -> 1062.0252 | AG110: ='Tarifas Riego Agricola'!$CB$9 -> 2.6294 | AH110: =+AG110*AF110 -> 2792.4891 | AI110: =+AF110*'Tarifas Riego Agricola'!$CB$21 -> 6931.8387 | AK110: Energía Baja | AL110: =+C32 -> 1618.5065 | AM110: ='Tarifas Riego Agricola'!$CC$9 -> 2.6294 | AN110: =+AM110*AL110 -> 4255.701 | AO110: =+AL110*'Tarifas Riego Agricola'!$CC$21 -> 10563.992 | AQ110: Energía Baja | AR110: =+C33 -> 2696.8577 | AS110: ='Tarifas Riego Agricola'!$CD$9 -> 2.6294 | AT110: =+AS110*AR110 -> 7091.1176 | AU110: =+AR110*'Tarifas Riego Agricola'!$CD$21 -> 17602.39 | AW110: Energía Baja | AX110: =+C34 -> 3233.1895 | AY110: ='Tarifas Riego Agricola'!$CE$9 -> 2.6294 | AZ110: =+AY110*AX110 -> 8501.3485 | BA110: =+AX110*'Tarifas Riego Agricola'!$CE$21 -> 21103.028 | BC110: Energía Baja | BD110: =+C35 -> 3565.0645 | BE110: ='Tarifas Riego Agricola'!$CF$9 -> 2.6294 | BF110: =+BE110*BD110 -> 9373.9806 | BG110: =+BD110*'Tarifas Riego Agricola'!$CF$21 -> 23269.176 | BI110: Energía Baja | BJ110: =+C36 -> 3919.1772 | BK110: ='Tarifas Riego Agricola'!$CG$9 -> 2.6294 | BL110: =+BK110*BJ110 -> 10305.085 | BM110: =+BJ110*'Tarifas Riego Agricola'!$CG$21 -> 25580.47 | BO110: Energía Baja | BP110: =C37 -> 3231.3831 | BQ110: ='Tarifas Riego Agricola'!$CH$9 -> 2.6294 | BR110: =+BQ110*BP110 -> 8496.5987 | BS110: =+BP110*'Tarifas Riego Agricola'!$CH$21 -> 21091.237
A111: Cargo Transitorio Res 1866/05 | B111: =B109+B110 -> 4001.4941 | C111: 0.004107 | D111: =C111*B111 -> 16.434136 | E111: =+C111*B111 -> 16.434136 | G111: Cargo Transitorio Res 1866/05 | H111: =H109+H110 -> 3400.9686 | I111: 0.004107 | J111: =I111*H111 -> 13.967778 | K111: =+I111*H111 -> 13.967778 | M111: Cargo Transitorio Res 1866/05 | N111: =N109+N110 -> 3006.7641 | O111: 0.004107 | P111: =O111*N111 -> 12.34878 | Q111: =+O111*N111 -> 12.34878 | S111: Cargo Transitorio Res 1866/05 | T111: =T109+T110 -> 2198.4253 | U111: 0.004107 | V111: =U111*T111 -> 9.0289328 | W111: =+U111*T111 -> 9.0289328 | Y111: Cargo Transitorio Res 1866/05 | Z111: =Z109+Z110 -> 1693.0264 | AA111: 0.004107 | AB111: =AA111*Z111 -> 6.9532594 | AC111: =+AA111*Z111 -> 6.9532594 | AE111: Cargo Transitorio Res 1866/05 | AF111: =AF109+AF110 -> 1191.422 | AG111: 0.004107 | AH111: =AG111*AF111 -> 4.8931702 | AI111: =+AG111*AF111 -> 4.8931702 | AK111: Cargo Transitorio Res 1866/05 | AL111: =AL109+AL110 -> 1694.9242 | AM111: 0.004107 | AN111: =AM111*AL111 -> 6.9610539 | AO111: =+AM111*AL111 -> 6.9610539 | AQ111: Cargo Transitorio Res 1866/05 | AR111: =AR109+AR110 -> 3004.7467 | AS111: 0.004107 | AT111: =AS111*AR111 -> 12.340495 | AU111: =+AS111*AR111 -> 12.340495 | AW111: Cargo Transitorio Res 1866/05 | AX111: =AX109+AX110 -> 3813.4262 | AY111: 0.004107 | AZ111: =AY111*AX111 -> 15.661741 | BA111: =+AY111*AX111 -> 15.661741 | BC111: Cargo Transitorio Res 1866/05 | BD111: =BD109+BD110 -> 4258.1184 | BE111: 0.004107 | BF111: =BE111*BD111 -> 17.488092 | BG111: =+BE111*BD111 -> 17.488092 | BI111: Cargo Transitorio Res 1866/05 | BJ111: =BJ109+BJ110 -> 5070.6105 | BK111: 0.004107 | BL111: =BK111*BJ111 -> 20.824997 | BM111: =+BK111*BJ111 -> 20.824997 | BO111: Cargo Transitorio Res 1866/05 | BP111: =BP109+BP110 -> 4299.4829 | BQ111: 0.004107 | BR111: =BQ111*BP111 -> 17.657976 | BS111: =+BQ111*BP111 -> 17.657976
A112: Subsidio Riego Agrícola | D112: =IF('Carga de datos'!$C$11=1,IF((B109*'Tarifas Riego Agricola'!$BW$16+B110*'Tarifas Riego Agricola'!$BW$17)>250*C110,(B109*'Tarifas Riego Agricola'!$BW$16+B110*'Tarifas Riego Agricola'!$BW$17),250*C110)-SUM(D107:D110),IF('Carga de datos'!$C$11=2,(IF((B109*'Tarifas Riego Agricola'!$BW$12+B110*'Tarifas Riego Agricola'!$BW$13)>250*C110,(B109*'Tarifas Riego Agricola'!$BW$12+B110*'Tarifas Riego Agricola'!$BW$13),250*C110)-SUM(D107:D110)),0)) -> -8667.6329 | E112: =D112 -> -8667.6329 | G112: Subsidio Riego Agrícola | J112: =IF('Carga de datos'!$C$11=1,IF((H109*'Tarifas Riego Agricola'!$BX$16+H110*'Tarifas Riego Agricola'!$BX$17)>250*I110,(H109*'Tarifas Riego Agricola'!$BX$16+H110*'Tarifas Riego Agricola'!$BX$17),250*I110)-SUM(J107:J110),IF('Carga de datos'!$C$11=2,(IF((H109*'Tarifas Riego Agricola'!$BX$12+H110*'Tarifas Riego Agricola'!$BX$13)>250*I110,(H109*'Tarifas Riego Agricola'!$BX$12+H110*'Tarifas Riego Agricola'!$BX$13),250*I110)-SUM(J107:J110)),0)) -> -7899.2355 | K112: =J112 -> -7899.2355 | M112: Subsidio Riego Agrícola | P112: =IF('Carga de datos'!$C$11=1,IF((N109*'Tarifas Riego Agricola'!$BY$16+N110*'Tarifas Riego Agricola'!$BY$17)>250*O110,(N109*'Tarifas Riego Agricola'!$BY$16+N110*'Tarifas Riego Agricola'!$BY$17),250*O110)-SUM(P107:P110),IF('Carga de datos'!$C$11=2,(IF((N109*'Tarifas Riego Agricola'!$BY$12+N110*'Tarifas Riego Agricola'!$BY$13)>250*O110,(N109*'Tarifas Riego Agricola'!$BY$12+N110*'Tarifas Riego Agricola'!$BY$13),250*O110)-SUM(P107:P110)),0)) -> -7380.1027 | Q112: =P112 -> -7380.1027 | S112: Subsidio Riego Agrícola | V112: =IF('Carga de datos'!$C$11=1,IF((T109*'Tarifas Riego Agricola'!$BZ$16+T110*'Tarifas Riego Agricola'!$BZ$17)>250*U110,(T109*'Tarifas Riego Agricola'!$BZ$16+T110*'Tarifas Riego Agricola'!$BZ$17),250*U110)-SUM(V107:V110),IF('Carga de datos'!$C$11=2,(IF((T109*'Tarifas Riego Agricola'!$BZ$12+T110*'Tarifas Riego Agricola'!$BZ$13)>250*U110,(T109*'Tarifas Riego Agricola'!$BZ$12+T110*'Tarifas Riego Agricola'!$BZ$13),250*U110)-SUM(V107:V110)),0)) -> -6356.0412 | W112: =V112 -> -6356.0412 | Y112: Subsidio Riego Agrícola | AB112: =IF('Carga de datos'!$C$11=1,IF((Z109*'Tarifas Riego Agricola'!$CA$16+Z110*'Tarifas Riego Agricola'!$CA$17)>250*AA110,(Z109*'Tarifas Riego Agricola'!$CA$16+Z110*'Tarifas Riego Agricola'!$CA$17),250*AA110)-SUM(AB107:AB110),IF('Carga de datos'!$C$11=2,(IF((Z109*'Tarifas Riego Agricola'!$CA$12+Z110*'Tarifas Riego Agricola'!$CA$13)>250*AA110,(Z109*'Tarifas Riego Agricola'!$CA$12+Z110*'Tarifas Riego Agricola'!$CA$13),250*AA110)-SUM(AB107:AB110)),0)) -> -5781.6635 | AC112: =AB112 -> -5781.6635 | AE112: Subsidio Riego Agrícola | AH112: =IF('Carga de datos'!$C$11=1,IF((AF109*'Tarifas Riego Agricola'!$CB$16+AF110*'Tarifas Riego Agricola'!$CB$17)>250*AG110,(AF109*'Tarifas Riego Agricola'!$CB$16+AF110*'Tarifas Riego Agricola'!$CB$17),250*AG110)-SUM(AH107:AH110),IF('Carga de datos'!$C$11=2,(IF((AF109*'Tarifas Riego Agricola'!$CB$12+AF110*'Tarifas Riego Agricola'!$CB$13)>250*AG110,(AF109*'Tarifas Riego Agricola'!$CB$12+AF110*'Tarifas Riego Agricola'!$CB$13),250*AG110)-SUM(AH107:AH110)),0)) -> -5117.3097 | AI112: =AH112 -> -5117.3097 | AK112: Subsidio Riego Agrícola | AN112: =IF('Carga de datos'!$C$11=1,IF((AL109*'Tarifas Riego Agricola'!$CC$16+AL110*'Tarifas Riego Agricola'!$CC$17)>250*AM110,(AL109*'Tarifas Riego Agricola'!$CC$16+AL110*'Tarifas Riego Agricola'!$CC$17),250*AM110)-SUM(AN107:AN110),IF('Carga de datos'!$C$11=2,(IF((AL109*'Tarifas Riego Agricola'!$CC$12+AL110*'Tarifas Riego Agricola'!$CC$13)>250*AM110,(AL109*'Tarifas Riego Agricola'!$CC$12+AL110*'Tarifas Riego Agricola'!$CC$13),250*AM110)-SUM(AN107:AN110)),0)) -> -5784.2807 | AO112: =AN112 -> -5784.2807 | AQ112: Subsidio Riego Agrícola | AT112: =IF('Carga de datos'!$C$11=1,IF((AR109*'Tarifas Riego Agricola'!$CD$16+AR110*'Tarifas Riego Agricola'!$CD$17)>250*AS110,(AR109*'Tarifas Riego Agricola'!$CD$16+AR110*'Tarifas Riego Agricola'!$CD$17),250*AS110)-SUM(AT107:AT110),IF('Carga de datos'!$C$11=2,(IF((AR109*'Tarifas Riego Agricola'!$CD$12+AR110*'Tarifas Riego Agricola'!$CD$13)>250*AS110,(AR109*'Tarifas Riego Agricola'!$CD$12+AR110*'Tarifas Riego Agricola'!$CD$13),250*AS110)-SUM(AT107:AT110)),0)) -> -7522.6414 | AU112: =AT112 -> -7522.6414 | AW112: Subsidio Riego Agrícola | AZ112: =IF('Carga de datos'!$C$11=1,IF((AX109*'Tarifas Riego Agricola'!$CE$16+AX110*'Tarifas Riego Agricola'!$CE$17)>250*AY110,(AX109*'Tarifas Riego Agricola'!$CE$16+AX110*'Tarifas Riego Agricola'!$CE$17),250*AY110)-SUM(AZ107:AZ110),IF('Carga de datos'!$C$11=2,(IF((AX109*'Tarifas Riego Agricola'!$CE$12+AX110*'Tarifas Riego Agricola'!$CE$13)>250*AY110,(AX109*'Tarifas Riego Agricola'!$CE$12+AX110*'Tarifas Riego Agricola'!$CE$13),250*AY110)-SUM(AZ107:AZ110)),0)) -> -8597.0508 | BA112: =AZ112 -> -8597.0508 | BC112: Subsidio Riego Agrícola | BF112: =IF('Carga de datos'!$C$11=1,IF((BD109*'Tarifas Riego Agricola'!$CF$16+BD110*'Tarifas Riego Agricola'!$CF$17)>250*BE110,(BD109*'Tarifas Riego Agricola'!$CF$16+BD110*'Tarifas Riego Agricola'!$CF$17),250*BE110)-SUM(BF107:BF110),IF('Carga de datos'!$C$11=2,(IF((BD109*'Tarifas Riego Agricola'!$CF$12+BD110*'Tarifas Riego Agricola'!$CF$13)>250*BE110,(BD109*'Tarifas Riego Agricola'!$CF$12+BD110*'Tarifas Riego Agricola'!$CF$13),250*BE110)-SUM(BF107:BF110)),0)) -> -9187.5389 | BG112: =BF112 -> -9187.5389 | BI112: Subsidio Riego Agrícola | BL112: =IF('Carga de datos'!$C$11=1,IF((BJ109*'Tarifas Riego Agricola'!$CG$16+BJ110*'Tarifas Riego Agricola'!$CG$17)>250*BK110,(BJ109*'Tarifas Riego Agricola'!$CG$16+BJ110*'Tarifas Riego Agricola'!$CG$17),250*BK110)-SUM(BL107:BL110),IF('Carga de datos'!$C$11=2,(IF((BJ109*'Tarifas Riego Agricola'!$CG$12+BJ110*'Tarifas Riego Agricola'!$CG$13)>250*BK110,(BJ109*'Tarifas Riego Agricola'!$CG$12+BJ110*'Tarifas Riego Agricola'!$CG$13),250*BK110)-SUM(BL107:BL110)),0)) -> -10268.658 | BM112: =BL112 -> -10268.658 | BO112: Subsidio Riego Agrícola | BR112: =IF('Carga de datos'!$C$11=1,IF((BP109*'Tarifas Riego Agricola'!$CH$16+BP110*'Tarifas Riego Agricola'!$CH$17)>250*BQ110,(BP109*'Tarifas Riego Agricola'!$CH$16+BP110*'Tarifas Riego Agricola'!$CH$17),250*BQ110)-SUM(BR107:BR110),IF('Carga de datos'!$C$11=2,(IF((BP109*'Tarifas Riego Agricola'!$CH$12+BP110*'Tarifas Riego Agricola'!$CH$13)>250*BQ110,(BP109*'Tarifas Riego Agricola'!$CH$12+BP110*'Tarifas Riego Agricola'!$CH$13),250*BQ110)-SUM(BR107:BR110)),0)) -> -9245.7096 | BS112: =BR112 -> -9245.7096
A113: Impuestos Provinciales Ley 6922/8398 | B113: 0.03 | D113: =SUM(D107:D112)*((100/97)-1) -> 193.03946 | E113: =D113 -> 193.03946 | G113: Impuestos Provinciales Ley 6922/8398 | H113: 0.03 | J113: =SUM(J107:J112)*((100/97)-1) -> 165.52562 | K113: =J113 -> 165.52562 | M113: Impuestos Provinciales Ley 6922/8398 | N113: 0.03 | P113: =SUM(P107:P112)*((100/97)-1) -> 134.15851 | Q113: =P113 -> 134.15851 | S113: Impuestos Provinciales Ley 6922/8398 | T113: 0.03 | V113: =SUM(V107:V112)*((100/97)-1) -> 106.37388 | W113: =V113 -> 106.37388 | Y113: Impuestos Provinciales Ley 6922/8398 | Z113: 0.03 | AB113: =SUM(AB107:AB112)*((100/97)-1) -> 72.863666 | AC113: =AB113 -> 72.863666 | AE113: Impuestos Provinciales Ley 6922/8398 | AF113: 0.03 | AH113: =SUM(AH107:AH112)*((100/97)-1) -> 56.909367 | AI113: =AH113 -> 56.909367 | AK113: Impuestos Provinciales Ley 6922/8398 | AL113: 0.03 | AN113: =SUM(AN107:AN112)*((100/97)-1) -> 73.708016 | AO113: =AN113 -> 73.708016 | AQ113: Impuestos Provinciales Ley 6922/8398 | AR113: 0.03 | AT113: =SUM(AT107:AT112)*((100/97)-1) -> 142.28195 | AU113: =AT113 -> 142.28195 | AW113: Impuestos Provinciales Ley 6922/8398 | AX113: 0.03 | AZ113: =SUM(AZ107:AZ112)*((100/97)-1) -> 193.33751 | BA113: =AZ113 -> 193.33751 | BC113: Impuestos Provinciales Ley 6922/8398 | BD113: 0.03 | BF113: =SUM(BF107:BF112)*((100/97)-1) -> 218.9244 | BG113: =BF113 -> 218.9244 | BI113: Impuestos Provinciales Ley 6922/8398 | BJ113: 0.03 | BL113: =SUM(BL107:BL112)*((100/97)-1) -> 282.66428 | BM113: =BL113 -> 282.66428 | BO113: Impuestos Provinciales Ley 6922/8398 | BP113: 0.03 | BR113: =SUM(BR107:BR112)*((100/97)-1) -> 245.85871 | BS113: =BR113 -> 245.85871
A114: SUB-TOTAL BÁSICO | D114: =IF('Carga de datos'!$C$11=3,IF((SUM(D107:D113)-'Calculos Sin Estabilizacion'!D113)>250*'Calculos Sin Estabilizacion'!C110,SUM(D107:D113),250*'Calculos Sin Estabilizacion'!C110+250*'Calculos Sin Estabilizacion'!C110*((100/97)-1)),SUM(D107:D113)) -> 6434.6486 | E114: =IF('Carga de datos'!$C$11=3,IF((SUM(E107:E113)-'Calculos Sin Estabilizacion'!E113)>250*'Calculos Sin Estabilizacion'!C110,SUM(E107:E113),250*'Calculos Sin Estabilizacion'!C110+250*'Calculos Sin Estabilizacion'!C110*((100/97)-1)),SUM(E107:E113)) -> 10439.243 | G114: SUB-TOTAL BÁSICO | J114: =IF('Carga de datos'!$C$11=3,IF((SUM(J107:J113)-'Calculos Sin Estabilizacion'!J113)>250*'Calculos Sin Estabilizacion'!I110,SUM(J107:J113),250*'Calculos Sin Estabilizacion'!I110+250*'Calculos Sin Estabilizacion'!I110*((100/97)-1)),SUM(J107:J113)) -> 5517.5207 | K114: =IF('Carga de datos'!$C$11=3,IF((SUM(K107:K113)-'Calculos Sin Estabilizacion'!K113)>250*'Calculos Sin Estabilizacion'!I110,SUM(K107:K113),250*'Calculos Sin Estabilizacion'!I110+250*'Calculos Sin Estabilizacion'!I110*((100/97)-1)),SUM(K107:K113)) -> 8921.9977 | M114: SUB-TOTAL BÁSICO | P114: =IF('Carga de datos'!$C$11=3,IF((SUM(P107:P113)-'Calculos Sin Estabilizacion'!P113)>250*'Calculos Sin Estabilizacion'!O110,SUM(P107:P113),250*'Calculos Sin Estabilizacion'!O110+250*'Calculos Sin Estabilizacion'!O110*((100/97)-1)),SUM(P107:P113)) -> 4471.9503 | Q114: =IF('Carga de datos'!$C$11=3,IF((SUM(Q107:Q113)-'Calculos Sin Estabilizacion'!Q113)>250*'Calculos Sin Estabilizacion'!O110,SUM(Q107:Q113),250*'Calculos Sin Estabilizacion'!O110+250*'Calculos Sin Estabilizacion'!O110*((100/97)-1)),SUM(Q107:Q113)) -> 7474.5142 | S114: SUB-TOTAL BÁSICO | V114: =IF('Carga de datos'!$C$11=3,IF((SUM(V107:V113)-'Calculos Sin Estabilizacion'!V113)>250*'Calculos Sin Estabilizacion'!U110,SUM(V107:V113),250*'Calculos Sin Estabilizacion'!U110+250*'Calculos Sin Estabilizacion'!U110*((100/97)-1)),SUM(V107:V113)) -> 3545.7961 | W114: =IF('Carga de datos'!$C$11=3,IF((SUM(W107:W113)-'Calculos Sin Estabilizacion'!W113)>250*'Calculos Sin Estabilizacion'!U110,SUM(W107:W113),250*'Calculos Sin Estabilizacion'!U110+250*'Calculos Sin Estabilizacion'!U110*((100/97)-1)),SUM(W107:W113)) -> 5746.1154 | Y114: SUB-TOTAL BÁSICO | AB114: =IF('Carga de datos'!$C$11=3,IF((SUM(AB107:AB113)-'Calculos Sin Estabilizacion'!AB113)>250*'Calculos Sin Estabilizacion'!AA110,SUM(AB107:AB113),250*'Calculos Sin Estabilizacion'!AA110+250*'Calculos Sin Estabilizacion'!AA110*((100/97)-1)),SUM(AB107:AB113)) -> 2428.7889 | AC114: =IF('Carga de datos'!$C$11=3,IF((SUM(AC107:AC113)-'Calculos Sin Estabilizacion'!AC113)>250*'Calculos Sin Estabilizacion'!AA110,SUM(AC107:AC113),250*'Calculos Sin Estabilizacion'!AA110+250*'Calculos Sin Estabilizacion'!AA110*((100/97)-1)),SUM(AC107:AC113)) -> 9038.7578 | AE114: SUB-TOTAL BÁSICO | AH114: =IF('Carga de datos'!$C$11=3,IF((SUM(AH107:AH113)-'Calculos Sin Estabilizacion'!AH113)>250*'Calculos Sin Estabilizacion'!AG110,SUM(AH107:AH113),250*'Calculos Sin Estabilizacion'!AG110+250*'Calculos Sin Estabilizacion'!AG110*((100/97)-1)),SUM(AH107:AH113)) -> 1896.9789 | AI114: =IF('Carga de datos'!$C$11=3,IF((SUM(AI107:AI113)-'Calculos Sin Estabilizacion'!AI113)>250*'Calculos Sin Estabilizacion'!AG110,SUM(AI107:AI113),250*'Calculos Sin Estabilizacion'!AG110+250*'Calculos Sin Estabilizacion'!AG110*((100/97)-1)),SUM(AI107:AI113)) -> 6563.0122 | AK114: SUB-TOTAL BÁSICO | AN114: =IF('Carga de datos'!$C$11=3,IF((SUM(AN107:AN113)-'Calculos Sin Estabilizacion'!AN113)>250*'Calculos Sin Estabilizacion'!AM110,SUM(AN107:AN113),250*'Calculos Sin Estabilizacion'!AM110+250*'Calculos Sin Estabilizacion'!AM110*((100/97)-1)),SUM(AN107:AN113)) -> 2456.9339 | AO114: =IF('Carga de datos'!$C$11=3,IF((SUM(AO107:AO113)-'Calculos Sin Estabilizacion'!AO113)>250*'Calculos Sin Estabilizacion'!AM110,SUM(AO107:AO113),250*'Calculos Sin Estabilizacion'!AM110+250*'Calculos Sin Estabilizacion'!AM110*((100/97)-1)),SUM(AO107:AO113)) -> 9076.2679 | AQ114: SUB-TOTAL BÁSICO | AT114: =IF('Carga de datos'!$C$11=3,IF((SUM(AT107:AT113)-'Calculos Sin Estabilizacion'!AT113)>250*'Calculos Sin Estabilizacion'!AS110,SUM(AT107:AT113),250*'Calculos Sin Estabilizacion'!AS110+250*'Calculos Sin Estabilizacion'!AS110*((100/97)-1)),SUM(AT107:AT113)) -> 4742.7318 | AU114: =IF('Carga de datos'!$C$11=3,IF((SUM(AU107:AU113)-'Calculos Sin Estabilizacion'!AU113)>250*'Calculos Sin Estabilizacion'!AS110,SUM(AU107:AU113),250*'Calculos Sin Estabilizacion'!AS110+250*'Calculos Sin Estabilizacion'!AS110*((100/97)-1)),SUM(AU107:AU113)) -> 16507.205 | AW114: SUB-TOTAL BÁSICO | AZ114: =IF('Carga de datos'!$C$11=3,IF((SUM(AZ107:AZ113)-'Calculos Sin Estabilizacion'!AZ113)>250*'Calculos Sin Estabilizacion'!AY110,SUM(AZ107:AZ113),250*'Calculos Sin Estabilizacion'!AY110+250*'Calculos Sin Estabilizacion'!AY110*((100/97)-1)),SUM(AZ107:AZ113)) -> 6444.5837 | BA114: =IF('Carga de datos'!$C$11=3,IF((SUM(BA107:BA113)-'Calculos Sin Estabilizacion'!BA113)>250*'Calculos Sin Estabilizacion'!AY110,SUM(BA107:BA113),250*'Calculos Sin Estabilizacion'!AY110+250*'Calculos Sin Estabilizacion'!AY110*((100/97)-1)),SUM(BA107:BA113)) -> 21408 | BC114: SUB-TOTAL BÁSICO | BF114: =IF('Carga de datos'!$C$11=3,IF((SUM(BF107:BF113)-'Calculos Sin Estabilizacion'!BF113)>250*'Calculos Sin Estabilizacion'!BE110,SUM(BF107:BF113),250*'Calculos Sin Estabilizacion'!BE110+250*'Calculos Sin Estabilizacion'!BE110*((100/97)-1)),SUM(BF107:BF113)) -> 7297.48 | BG114: =IF('Carga de datos'!$C$11=3,IF((SUM(BG107:BG113)-'Calculos Sin Estabilizacion'!BG113)>250*'Calculos Sin Estabilizacion'!BE110,SUM(BG107:BG113),250*'Calculos Sin Estabilizacion'!BE110+250*'Calculos Sin Estabilizacion'!BE110*((100/97)-1)),SUM(BG107:BG113)) -> 24013.613 | BI114: SUB-TOTAL BÁSICO | BL114: =IF('Carga de datos'!$C$11=3,IF((SUM(BL107:BL113)-'Calculos Sin Estabilizacion'!BL113)>250*'Calculos Sin Estabilizacion'!BK110,SUM(BL107:BL113),250*'Calculos Sin Estabilizacion'!BK110+250*'Calculos Sin Estabilizacion'!BK110*((100/97)-1)),SUM(BL107:BL113)) -> 9422.1426 | BM114: =IF('Carga de datos'!$C$11=3,IF((SUM(BM107:BM113)-'Calculos Sin Estabilizacion'!BM113)>250*'Calculos Sin Estabilizacion'!BK110,SUM(BM107:BM113),250*'Calculos Sin Estabilizacion'!BK110+250*'Calculos Sin Estabilizacion'!BK110*((100/97)-1)),SUM(BM107:BM113)) -> 29384.207 | BO114: SUB-TOTAL BÁSICO | BR114: =IF('Carga de datos'!$C$11=3,IF((SUM(BR107:BR113)-'Calculos Sin Estabilizacion'!BR113)>250*'Calculos Sin Estabilizacion'!BQ110,SUM(BR107:BR113),250*'Calculos Sin Estabilizacion'!BQ110+250*'Calculos Sin Estabilizacion'!BQ110*((100/97)-1)),SUM(BR107:BR113)) -> 8195.2902 | BS114: =IF('Carga de datos'!$C$11=3,IF((SUM(BS107:BS113)-'Calculos Sin Estabilizacion'!BS113)>250*'Calculos Sin Estabilizacion'!BQ110,SUM(BS107:BS113),250*'Calculos Sin Estabilizacion'!BQ110+250*'Calculos Sin Estabilizacion'!BQ110*((100/97)-1)),SUM(BS107:BS113)) -> 25137.415
A115: IVA Consumidor Final | B115: 0.27 | D115: =+D114*B115 -> 1737.3551 | G115: IVA Consumidor Final | H115: 0.27 | J115: =+J114*H115 -> 1489.7306 | M115: IVA Consumidor Final | N115: 0.27 | P115: =+P114*N115 -> 1207.4266 | S115: IVA Consumidor Final | T115: 0.27 | V115: =+V114*T115 -> 957.36495 | Y115: IVA Consumidor Final | Z115: 0.27 | AB115: =+AB114*Z115 -> 655.77299 | AE115: IVA Consumidor Final | AF115: 0.27 | AH115: =+AH114*AF115 -> 512.1843 | AK115: IVA Consumidor Final | AL115: 0.27 | AN115: =+AN114*AL115 -> 663.37215 | AQ115: IVA Consumidor Final | AR115: 0.27 | AT115: =+AT114*AR115 -> 1280.5376 | AW115: IVA Consumidor Final | AX115: 0.27 | AZ115: =+AZ114*AX115 -> 1740.0376 | BC115: IVA Consumidor Final | BD115: 0.27 | BF115: =+BF114*BD115 -> 1970.3196 | BI115: IVA Consumidor Final | BJ115: 0.27 | BL115: =+BL114*BJ115 -> 2543.9785 | BO115: IVA Consumidor Final | BP115: 0.27 | BR115: =+BR114*BP115 -> 2212.7283
A116: Tasa Insp. y Control Prov. | B116: 0.015 | D116: =E114*B116 -> 156.58865 | G116: Tasa Insp. y Control Prov. | H116: 0.015 | J116: =K114*H116 -> 133.82997 | M116: Tasa Insp. y Control Prov. | N116: 0.015 | P116: =Q114*N116 -> 112.11771 | S116: Tasa Insp. y Control Prov. | T116: 0.015 | V116: =W114*T116 -> 86.191731 | Y116: Tasa Insp. y Control Prov. | Z116: 0.015 | AB116: =AC114*Z116 -> 135.58137 | AE116: Tasa Insp. y Control Prov. | AF116: 0.015 | AH116: =AI114*AF116 -> 98.445183 | AK116: Tasa Insp. y Control Prov. | AL116: 0.015 | AN116: =AO114*AL116 -> 136.14402 | AQ116: Tasa Insp. y Control Prov. | AR116: 0.015 | AT116: =AU114*AR116 -> 247.60807 | AW116: Tasa Insp. y Control Prov. | AX116: 0.015 | AZ116: =BA114*AX116 -> 321.12001 | BC116: Tasa Insp. y Control Prov. | BD116: 0.015 | BF116: =BG114*BD116 -> 360.20419 | BI116: Tasa Insp. y Control Prov. | BJ116: 0.015 | BL116: =BM114*BJ116 -> 440.7631 | BO116: Tasa Insp. y Control Prov. | BP116: 0.015 | BR116: =BS114*BP116 -> 377.06123
A117: CCCE-Art. 74 inc. d) Ley 6497- Ley 8530 | B117: 0.05 | D117: =E114*B117 -> 521.96216 | G117: CCCE-Art. 74 inc. d) Ley 6497- Ley 8530 | H117: 0.05 | J117: =K114*H117 -> 446.09988 | M117: CCCE-Art. 74 inc. d) Ley 6497- Ley 8530 | N117: 0.05 | P117: =Q114*N117 -> 373.72571 | S117: CCCE-Art. 74 inc. d) Ley 6497- Ley 8530 | T117: 0.05 | V117: =W114*T117 -> 287.30577 | Y117: CCCE-Art. 74 inc. d) Ley 6497- Ley 8530 | Z117: 0.05 | AB117: =AC114*Z117 -> 451.93789 | AE117: CCCE-Art. 74 inc. d) Ley 6497- Ley 8530 | AF117: 0.05 | AH117: =AI114*AF117 -> 328.15061 | AK117: CCCE-Art. 74 inc. d) Ley 6497- Ley 8530 | AL117: 0.05 | AN117: =AO114*AL117 -> 453.8134 | AQ117: CCCE-Art. 74 inc. d) Ley 6497- Ley 8530 | AR117: 0.05 | AT117: =AU114*AR117 -> 825.36024 | AW117: CCCE-Art. 74 inc. d) Ley 6497- Ley 8530 | AX117: 0.05 | AZ117: =BA114*AX117 -> 1070.4 | BC117: CCCE-Art. 74 inc. d) Ley 6497- Ley 8530 | BD117: 0.05 | BF117: =BG114*BD117 -> 1200.6806 | BI117: CCCE-Art. 74 inc. d) Ley 6497- Ley 8530 | BJ117: 0.05 | BL117: =BM114*BJ117 -> 1469.2103 | BO117: CCCE-Art. 74 inc. d) Ley 6497- Ley 8530 | BP117: 0.05 | BR117: =BS114*BP117 -> 1256.8708
A118: Impuesto de Sellos Ley 6922-8 | B118: 0.015 | D118: =+B118*BR90 -> 85.946654 | G118: Impuesto de Sellos Ley 6922-8 | H118: 0.015 | J118: =+H118*D114 -> 96.519729 | M118: Impuesto de Sellos Ley 6922-8 | N118: 0.015 | P118: =+N118*J114 -> 82.76281 | S118: Impuesto de Sellos Ley 6922-8 | T118: 0.015 | V118: =+T118*P114 -> 67.079255 | Y118: Impuesto de Sellos Ley 6922-8 | Z118: 0.015 | AB118: =+Z118*V114 -> 53.186942 | AE118: Impuesto de Sellos Ley 6922-8 | AF118: 0.015 | AH118: =+AF118*AB114 -> 36.431833 | AK118: Impuesto de Sellos Ley 6922-8 | AL118: 0.015 | AN118: =+AL118*AH114 -> 28.454683 | AQ118: Impuesto de Sellos Ley 6922-8 | AR118: 0.015 | AT118: =+AR118*AN114 -> 36.854008 | AW118: Impuesto de Sellos Ley 6922-8 | AX118: 0.015 | AZ118: =+AX118*AT114 -> 71.140976 | BC118: Impuesto de Sellos Ley 6922-8 | BD118: 0.015 | BF118: =+BD118*AZ114 -> 96.668756 | BI118: Impuesto de Sellos Ley 6922-8 | BJ118: 0.015 | BL118: =+BJ118*BF114 -> 109.4622 | BO118: Impuesto de Sellos Ley 6922-8 | BP118: 0.015 | BR118: =+BP118*BL114 -> 141.33214
...

Sheet Calculos Con Estabilizacion
B1: Alta | C1: Baja | D1: Total
A2: 43466
A3: 43497
A4: 43525
A5: 43556
A6: 43586
A7: 43617
A8: 43647 | B8: =+'Calculos Sin Estabilizacion'!B8 -> 76.417749 | C8: =+'Calculos Sin Estabilizacion'!C8 -> 1618.5065 | D8: =B8+C8 -> 1694.9242 | E8: =+'Calculos Sin Estabilizacion'!E8 -> 17
A9: 43678 | B9: =+'Calculos Sin Estabilizacion'!B9 -> 307.88897 | C9: =+'Calculos Sin Estabilizacion'!C9 -> 2696.8577 | D9: =B9+C9 -> 3004.7467 | E9: =+'Calculos Sin Estabilizacion'!E9 -> 17
A10: 43709 | B10: =+'Calculos Sin Estabilizacion'!B10 -> 580.23667 | C10: =+'Calculos Sin Estabilizacion'!C10 -> 3233.1895 | D10: =B10+C10 -> 3813.4262 | E10: =+'Calculos Sin Estabilizacion'!E10 -> 17
A11: 43739 | B11: =+'Calculos Sin Estabilizacion'!B11 -> 693.05387 | C11: =+'Calculos Sin Estabilizacion'!C11 -> 3565.0645 | D11: =B11+C11 -> 4258.1184 | E11: =+'Calculos Sin Estabilizacion'!E11 -> 17
A12: 43770 | B12: =+'Calculos Sin Estabilizacion'!B12 -> 1151.4333 | C12: =+'Calculos Sin Estabilizacion'!C12 -> 3919.1772 | D12: =B12+C12 -> 5070.6105 | E12: =+'Calculos Sin Estabilizacion'!E12 -> 17
A13: 43800 | B13: =+'Calculos Sin Estabilizacion'!B13 -> 1068.0998 | C13: =+'Calculos Sin Estabilizacion'!C13 -> 3231.3831 | D13: =B13+C13 -> 4299.4829 | E13: =+'Calculos Sin Estabilizacion'!E13 -> 17
A14: 43831 | B14: =+'Calculos Sin Estabilizacion'!B14 -> 548.65858 | C14: =+'Calculos Sin Estabilizacion'!C14 -> 3452.8356 | D14: =B14+C14 -> 4001.4941 | E14: =+'Calculos Sin Estabilizacion'!E14 -> 17
A15: 43862 | B15: =+'Calculos Sin Estabilizacion'!B15 -> 488.59307 | C15: =+'Calculos Sin Estabilizacion'!C15 -> 2912.3755 | D15: =B15+C15 -> 3400.9686 | E15: =+'Calculos Sin Estabilizacion'!E15 -> 17
A16: 43891 | B16: =+'Calculos Sin Estabilizacion'!B16 -> 245.68723 | C16: =+'Calculos Sin Estabilizacion'!C16 -> 2761.0768 | D16: =B16+C16 -> 3006.7641 | E16: =+'Calculos Sin Estabilizacion'!E16 -> 17
A17: 43922 | B17: =+'Calculos Sin Estabilizacion'!B17 -> 306.29329 | C17: =+'Calculos Sin Estabilizacion'!C17 -> 1892.132 | D17: =B17+C17 -> 2198.4253 | E17: =+'Calculos Sin Estabilizacion'!E17 -> 17
A18: 43952 | B18: =+'Calculos Sin Estabilizacion'!B18 -> 65.021645 | C18: =+'Calculos Sin Estabilizacion'!C18 -> 1628.0047 | D18: =B18+C18 -> 1693.0264 | E18: =+'Calculos Sin Estabilizacion'!E18 -> 17
A19: 43983 | B19: =+'Calculos Sin Estabilizacion'!B19 -> 129.39679 | C19: =+'Calculos Sin Estabilizacion'!C19 -> 1062.0252 | D19: =B19+C19 -> 1191.422 | E19: =+'Calculos Sin Estabilizacion'!E19 -> 17
... A32: 44378 | B32: =+'Calculos Sin Estabilizacion'!B32 -> 76.417749 | C32: =+'Calculos Sin Estabilizacion'!C32 -> 1618.5065 | D32: =B32+C32 -> 1694.9242 | E32: =+'Calculos Sin Estabilizacion'!E32 -> 17
A33: 44409 | B33: =AVERAGE('Calculos Sin Estabilizacion'!B28:B33) -> 188.45095 | C33: =AVERAGE('Calculos Sin Estabilizacion'!C28:C33) -> 1943.1005 | D33: =B33+C33 -> 2131.5515 | E33: =+'Calculos Sin Estabilizacion'!E33 -> 17
A34: 44440 | B34: =AVERAGE('Calculos Sin Estabilizacion'!B29:B34) -> 244.20919 | C34: =AVERAGE('Calculos Sin Estabilizacion'!C29:C34) -> 2021.786 | D34: =B34+C34 -> 2265.9951 | E34: =+'Calculos Sin Estabilizacion'!E34 -> 17
A35: 44470 | B35: =AVERAGE('Calculos Sin Estabilizacion'!B30:B35) -> 308.66928 | C35: =AVERAGE('Calculos Sin Estabilizacion'!C30:C35) -> 2300.608 | D35: =B35+C35 -> 2609.2773 | E35: =+'Calculos Sin Estabilizacion'!E35 -> 17
A36: 44501 | B36: =AVERAGE('Calculos Sin Estabilizacion'!B31:B36) -> 489.73789 | C36: =AVERAGE('Calculos Sin Estabilizacion'!C31:C36) -> 2682.4701 | D36: =B36+C36 -> 3172.208 | E36: =+'Calculos Sin Estabilizacion'!E36 -> 17
A37: 44531 | B37: =AVERAGE('Calculos Sin Estabilizacion'!B32:B37) -> 646.18839 | C37: =AVERAGE('Calculos Sin Estabilizacion'!C32:C37) -> 3044.0297 | D37: =B37+C37 -> 3690.2181 | E37: =+'Calculos Sin Estabilizacion'!E37 -> 17
A38: 44562 | B38: =AVERAGE('Calculos Sin Estabilizacion'!B33:B38) -> 724.89519 | C38: =AVERAGE('Calculos Sin Estabilizacion'!C33:C38) -> 3349.7513 | D38: =B38+C38 -> 4074.6465 | E38: =+'Calculos Sin Estabilizacion'!E38 -> 17
A39: 44593 | B39: =AVERAGE('Calculos Sin Estabilizacion'!B34:B39) -> 755.01254 | C39: =AVERAGE('Calculos Sin Estabilizacion'!C34:C39) -> 3385.6709 | D39: =B39+C39 -> 4140.6834 | E39: =+'Calculos Sin Estabilizacion'!E39 -> 17
A40: 44621 | B40: =AVERAGE('Calculos Sin Estabilizacion'!B35:B40) -> 699.2543 | C40: =AVERAGE('Calculos Sin Estabilizacion'!C35:C40) -> 3306.9855 | D40: =B40+C40 -> 4006.2398 | E40: =+'Calculos Sin Estabilizacion'!E40 -> 17
A41: 44652 | B41: =AVERAGE('Calculos Sin Estabilizacion'!B36:B41) -> 634.79421 | C41: =AVERAGE('Calculos Sin Estabilizacion'!C36:C41) -> 3028.1634 | D41: =B41+C41 -> 3662.9576 | E41: =+'Calculos Sin Estabilizacion'!E41 -> 17
A42: 44682 | B42: =AVERAGE('Calculos Sin Estabilizacion'!B37:B42) -> 453.7256 | C42: =AVERAGE('Calculos Sin Estabilizacion'!C37:C42) -> 2646.3013 | D42: =B42+C42 -> 3100.0269 | E42: =+'Calculos Sin Estabilizacion'!E42 -> 17
A43: 44713 | B43: =AVERAGE('Calculos Sin Estabilizacion'!B38:B43) -> 297.2751 | C43: =AVERAGE('Calculos Sin Estabilizacion'!C38:C43) -> 2284.7417 | D43: =B43+C43 -> 2582.0168 | E43: =+'Calculos Sin Estabilizacion'!E43 -> 17
A44: 44743 | B44: =AVERAGE('Calculos Sin Estabilizacion'!B39:B44) -> 218.5683 | C44: =AVERAGE('Calculos Sin Estabilizacion'!C39:C44) -> 1979.0201 | D44: =B44+C44 -> 2197.5884 | E44: =+'Calculos Sin Estabilizacion'!E44 -> 17
... A49: 44896 | B49: =AVERAGE('Calculos Sin Estabilizacion'!B44:B49) -> 646.18839 | C49: =AVERAGE('Calculos Sin Estabilizacion'!C44:C49) -> 3044.0297 | D49: =B49+C49 -> 3690.2181 | E49: =+'Calculos Sin Estabilizacion'!E49 -> 17
A53: COMPENSADO | E53: 43466 | G53: COMPENSADO | K53: 43497 | M53: COMPENSADO | Q53: 43525 | S53: COMPENSADO | W53: 43556 | Y53: COMPENSADO | AC53: 43586 | AE53: COMPENSADO | AI53: 43617 | AK53: COMPENSADO | AO53: 43647 | AQ53: COMPENSADO | AU53: 43678 | AW53: COMPENSADO | BA53: 43709 | BC53: COMPENSADO | BG53: 43739 | BI53: COMPENSADO | BM53: 43770 | BO53: COMPENSADO | BS53: 43800
A54: USUARIO XXXXXXXXXXXX | G54: USUARIO XXXXXXXXXXXX | M54: USUARIO XXXXXXXXXXXX | S54: USUARIO XXXXXXXXXXXX | Y54: USUARIO XXXXXXXXXXXX | AE54: USUARIO XXXXXXXXXXXX | AK54: USUARIO XXXXXXXXXXXX | AQ54: USUARIO XXXXXXXXXXXX | AW54: USUARIO XXXXXXXXXXXX | BC54: USUARIO XXXXXXXXXXXX | BI54: USUARIO XXXXXXXXXXXX | BO54: USUARIO XXXXXXXXXXXX
A55: Tarifa: RA BT | G55: Tarifa: RA BT | M55: Tarifa: RA BT | S55: Tarifa: RA BT | Y55: Tarifa: RA BT | AE55: Tarifa: RA BT | AK55: Tarifa: RA BT | AQ55: Tarifa: RA BT | AW55: Tarifa: RA BT | BC55: Tarifa: RA BT | BI55: Tarifa: RA BT | BO55: Tarifa: RA BT
A57: Descripción | B57: Consumo | C57: Cargos | D57: Monto | G57: Descripción | H57: Consumo | I57: Cargos | J57: Monto | M57: Descripción | N57: Consumo | O57: Cargos | P57: Monto | S57: Descripción | T57: Consumo | U57: Cargos | V57: Monto | Y57: Descripción | Z57: Consumo | AA57: Cargos | AB57: Monto | AE57: Descripción | AF57: Consumo | AG57: Cargos | AH57: Monto | AK57: Descripción | AL57: Consumo | AM57: Cargos | AN57: Monto | AQ57: Descripción | AR57: Consumo | AS57: Cargos | AT57: Monto | AW57: Descripción | AX57: Consumo | AY57: Cargos | AZ57: Monto | BC57: Descripción | BD57: Consumo | BE57: Cargos | BF57: Monto | BI57: Descripción | BJ57: Consumo | BK57: Cargos | BL57: Monto | BO57: Descripción | BP57: Consumo | BQ57: Cargos | BR57: Monto
A59: Cargo Comercialización | C59: ='Tarifas Riego Agricola'!$AY$5 -> 381.762 | D59: =+C59 -> 381.762 | E59: =+D59 -> 381.762 | G59: Cargo Comercialización | I59: ='Tarifas Riego Agricola'!$AZ$5 -> 393.143 | J59: =+I59 -> 393.143 | K59: =+J59 -> 393.143 | M59: Cargo Comercialización | O59: ='Tarifas Riego Agricola'!$BA$5 -> 393.143 | P59: =+O59 -> 393.143 | Q59: =+P59 -> 393.143 | S59: Cargo Comercialización | U59: ='Tarifas Riego Agricola'!$BB$5 -> 393.143 | V59: =+U59 -> 393.143 | W59: =+V59 -> 393.143 | Y59: Cargo Comercialización | AA59: ='Tarifas Riego Agricola'!$BC$5 -> 393.143 | AB59: =+AA59 -> 393.143 | AC59: =+AB59 -> 393.143 | AE59: Cargo Comercialización | AG59: ='Tarifas Riego Agricola'!$BD$5 -> 394.143 | AH59: =+AG59 -> 394.143 | AI59: =+AH59 -> 394.143 | AK59: Cargo Comercialización | AM59: ='Tarifas Riego Agricola'!$BE$5 -> 645.804 | AN59: =+AM59 -> 645.804 | AO59: =+AN59 -> 645.804 | AQ59: Cargo Comercialización | AS59: ='Tarifas Riego Agricola'!$BF$5 -> 645.804 | AT59: =+AS59 -> 645.804 | AU59: =+AT59 -> 645.804 | AW59: Cargo Comercialización | AY59: ='Tarifas Riego Agricola'!$BG$5 -> 645.804 | AZ59: =+AY59 -> 645.804 | BA59: =+AZ59 -> 645.804 | BC59: Cargo Comercialización | BE59: ='Tarifas Riego Agricola'!$BH$5 -> 645.804 | BF59: =+BE59 -> 645.804 | BG59: =+BF59 -> 645.804 | BI59: Cargo Comercialización | BK59: ='Tarifas Riego Agricola'!$BI$5 -> 645.804 | BL59: =+BK59 -> 645.804 | BM59: =+BL59 -> 645.804 | BO59: Cargo Comercialización | BQ59: ='Tarifas Riego Agricola'!$BJ$5 -> 645.804 | BR59: =+BQ59 -> 645.804 | BS59: =+BR59 -> 645.804
A60: Uso de Red | B60: =+E2 -> 0 | C60: ='Tarifas Riego Agricola'!$AY$6 -> 48.293 | D60: =+C60*B60 -> 0 | E60: =+D60 -> 0 | G60: Uso de Red | H60: =+E3 -> 0 | I60: ='Tarifas Riego Agricola'!$AZ$6 -> 48.293 | J60: =+I60*H60 -> 0 | K60: =+J60 -> 0 | M60: Uso de Red | N60: =+E4 -> 0 | O60: ='Tarifas Riego Agricola'!$BA$6 -> 48.293 | P60: =+O60*N60 -> 0 | Q60: =+P60 -> 0 | S60: Uso de Red | T60: =+E5 -> 0 | U60: ='Tarifas Riego Agricola'!$BB$6 -> 48.293 | V60: =+U60*T60 -> 0 | W60: =+V60 -> 0 | Y60: Uso de Red | Z60: =+E6 -> 0 | AA60: ='Tarifas Riego Agricola'!$BC$6 -> 48.293 | AB60: =+AA60*Z60 -> 0 | AC60: =+AB60 -> 0 | AE60: Uso de Red | AF60: =+E7 -> 0 | AG60: ='Tarifas Riego Agricola'!$BD$6 -> 48.293 | AH60: =+AG60*AF60 -> 0 | AI60: =+AH60 -> 0 | AK60: Uso de Red | AL60: =+E8 -> 17 | AM60: ='Tarifas Riego Agricola'!$BE$6 -> 80.408 | AN60: =+AM60*AL60 -> 1366.936 | AO60: =+AN60 -> 1366.936 | AQ60: Uso de Red | AR60: =+E9 -> 17 | AS60: ='Tarifas Riego Agricola'!$BF$6 -> 80.408 | AT60: =+AS60*AR60 -> 1366.936 | AU60: =+AT60 -> 1366.936 | AW60: Uso de Red | AX60: =+E10 -> 17 | AY60: ='Tarifas Riego Agricola'!$BG$6 -> 80.408 | AZ60: =+AY60*AX60 -> 1366.936 | BA60: =+AZ60 -> 1366.936 | BC60: Uso de Red | BD60: =+E11 -> 17 | BE60: ='Tarifas Riego Agricola'!$BH$6 -> 80.408 | BF60: =+BE60*BD60 -> 1366.936 | BG60: =+BF60 -> 1366.936 | BI60: Uso de Red | BJ60: =+E12 -> 17 | BK60: ='Tarifas Riego Agricola'!$BI$6 -> 80.408 | BL60: =+BK60*BJ60 -> 1366.936 | BM60: =+BL60 -> 1366.936 | BO60: Uso de Red | BP60: =+E13 -> 17 | BQ60: ='Tarifas Riego Agricola'!$BJ$6 -> 80.408 | BR60: =+BQ60*BP60 -> 1366.936 | BS60: =+BR60 -> 1366.936
A61: Energía Alta | B61: =+B2 -> 0 | C61: ='Tarifas Riego Agricola'!$AY$8 -> 2.4599 | D61: =+C61*B61 -> 0 | E61: =B61*'Tarifas Riego Agricola'!$AY$20 -> 0 | G61: Energía Alta | H61: =+B3 -> 0 | I61: ='Tarifas Riego Agricola'!$AZ$8 -> 3.1955 | J61: =+I61*H61 -> 0 | K61: =H61*'Tarifas Riego Agricola'!$AZ$20 -> 0 | M61: Energía Alta | N61: =+B4 -> 0 | O61: ='Tarifas Riego Agricola'!$BA$8 -> 3.1955 | P61: =+O61*N61 -> 0 | Q61: =N61*'Tarifas Riego Agricola'!$BA$20 -> 0 | S61: Energía Alta | T61: =+B5 -> 0 | U61: ='Tarifas Riego Agricola'!$BB$8 -> 3.1955 | V61: =+U61*T61 -> 0 | W61: =T61*'Tarifas Riego Agricola'!$BB$20 -> 0 | Y61: Energía Alta | Z61: =+B6 -> 0 | AA61: ='Tarifas Riego Agricola'!$BC$8 -> 3.345 | AB61: =+AA61*Z61 -> 0 | AC61: =Z61*'Tarifas Riego Agricola'!$BC$20 -> 0 | AE61: Energía Alta | AF61: =+B7 -> 0 | AG61: ='Tarifas Riego Agricola'!$BD$8 -> 3.345 | AH61: =+AG61*AF61 -> 0 | AI61: =AF61*'Tarifas Riego Agricola'!$BD$20 -> 0 | AK61: Energía Alta | AL61: =+B8 -> 76.417749 | AM61: ='Tarifas Riego Agricola'!$BE$8 -> 3.7376 | AN61: =+AM61*AL61 -> 285.61898 | AO61: =AL61*'Tarifas Riego Agricola'!$BE$20 -> 366.4766 | AQ61: Energía Alta | AR61: =+B9 -> 307.88897 | AS61: ='Tarifas Riego Agricola'!$BF$8 -> 3.7376 | AT61: =+AS61*AR61 -> 1150.7658 | AU61: =AR61*'Tarifas Riego Agricola'!$BF$20 -> 1525.6822 | AW61: Energía Alta | AX61: =+B10 -> 580.23667 | AY61: ='Tarifas Riego Agricola'!$BG$8 -> 3.7376 | AZ61: =+AY61*AX61 -> 2168.6926 | BA61: =AX61*'Tarifas Riego Agricola'!$BG$20 -> 2875.2468 | BC61: Energía Alta | BD61: =+B11 -> 693.05387 | BE61: ='Tarifas Riego Agricola'!$BH$8 -> 3.7376 | BF61: =+BE61*BD61 -> 2590.3581 | BG61: =BD61*'Tarifas Riego Agricola'!$BH$20 -> 3434.2898 | BI61: Energía Alta | BJ61: =+B12 -> 1151.4333 | BK61: ='Tarifas Riego Agricola'!$BI$8 -> 3.9208 | BL61: =+BK61*BJ61 -> 4514.5396 | BM61: =BJ61*'Tarifas Riego Agricola'!$BI$20 -> 5705.8124 | BO61: Energía Alta | BP61: =+B13 -> 1068.0998 | BQ61: ='Tarifas Riego Agricola'!$BJ$8 -> 3.9208 | BR61: =+BQ61*BP61 -> 4187.8057 | BS61: =BP61*'Tarifas Riego Agricola'!$BJ$20 -> 5292.8617
A62: Energía Baja | B62: =+C2 -> 0 | C62: ='Tarifas Riego Agricola'!$AY$9 -> 1.7165 | D62: =+C62*B62 -> 0 | E62: =+B62*'Tarifas Riego Agricola'!$AY$21 -> 0 | G62: Energía Baja | H62: =+C3 -> 0 | I62: ='Tarifas Riego Agricola'!$AZ$9 -> 2.2443 | J62: =+I62*H62 -> 0 | K62: =+H62*'Tarifas Riego Agricola'!$AZ$21 -> 0 | M62: Energía Baja | N62: =+C4 -> 0 | O62: ='Tarifas Riego Agricola'!$BA$9 -> 2.2443 | P62: =+O62*N62 -> 0 | Q62: =+N62*'Tarifas Riego Agricola'!$BA$21 -> 0 | S62: Energía Baja | T62: =+C5 -> 0 | U62: ='Tarifas Riego Agricola'!$BB$9 -> 2.2443 | V62: =+U62*T62 -> 0 | W62: =+T62*'Tarifas Riego Agricola'!$BB$21 -> 0 | Y62: Energía Baja | Z62: =+C6 -> 0 | AA62: ='Tarifas Riego Agricola'!$BC$9 -> 2.3886 | AB62: =+AA62*Z62 -> 0 | AC62: =+Z62*'Tarifas Riego Agricola'!$BC$21 -> 0 | AE62: Energía Baja | AF62: =+C7 -> 0 | AG62: ='Tarifas Riego Agricola'!$BD$9 -> 2.3886 | AH62: =+AG62*AF62 -> 0 | AI62: =+AF62*'Tarifas Riego Agricola'!$BD$21 -> 0 | AK62: Energía Baja | AL62: =+C8 -> 1618.5065 | AM62: ='Tarifas Riego Agricola'!$BE$9 -> 2.3886 | AN62: =+AM62*AL62 -> 3865.9646 | AO62: =+AL62*'Tarifas Riego Agricola'!$BE$21 -> 5460.5172 | AQ62: Energía Baja | AR62: =+C9 -> 2696.8577 | AS62: ='Tarifas Riego Agricola'!$BF$9 -> 2.3886 | AT62: =+AS62*AR62 -> 6441.7143 | AU62: =+AR62*'Tarifas Riego Agricola'!$BF$21 -> 9529.3467 | AW62: Energía Baja | AX62: =+C10 -> 3233.1895 | AY62: ='Tarifas Riego Agricola'!$BG$9 -> 2.3886 | AZ62: =+AY62*AX62 -> 7722.7965 | BA62: =+AX62*'Tarifas Riego Agricola'!$BG$21 -> 11424.475 | BC62: Energía Baja | BD62: =+C11 -> 3565.0645 | BE62: ='Tarifas Riego Agricola'!$BH$9 -> 2.3886 | BF62: =+BE62*BD62 -> 8515.5131 | BG62: =+BD62*'Tarifas Riego Agricola'!$BH$21 -> 12597.155 | BI62: Energía Baja | BJ62: =+C12 -> 3919.1772 | BK62: ='Tarifas Riego Agricola'!$BI$9 -> 2.5381 | BL62: =+BK62*BJ62 -> 9947.2637 | BM62: =+BJ62*'Tarifas Riego Agricola'!$BI$21 -> 13848.413 | BO62: Energía Baja | BP62: =+C13 -> 3231.3831 | BQ62: ='Tarifas Riego Agricola'!$BJ$9 -> 2.5381 | BR62: =+BQ62*BP62 -> 8201.5734 | BS62: =+BP62*'Tarifas Riego Agricola'!$BJ$21 -> 11418.092
A63: Cargo Transitorio Res 1866/05 | B63: =B61+B62 -> 0 | C63: 0.004107 | D63: =C63*B63 -> 0 | E63: =+C63*B63 -> 0 | G63: Cargo Transitorio Res 1866/05 | H63: =H61+H62 -> 0 | I63: 0.004107 | J63: =I63*H63 -> 0 | K63: =+I63*H63 -> 0 | M63: Cargo Transitorio Res 1866/05 | N63: =N61+N62 -> 0 | O63: 0.004107 | P63: =O63*N63 -> 0 | Q63: =+O63*N63 -> 0 | S63: Cargo Transitorio Res 1866/05 | T63: =T61+T62 -> 0 | U63: 0.004107 | V63: =U63*T63 -> 0 | W63: =+U63*T63 -> 0 | Y63: Cargo Transitorio Res 1866/05 | Z63: =Z61+Z62 -> 0 | AA63: 0.004107 | AB63: =AA63*Z63 -> 0 | AC63: =+AA63*Z63 -> 0 | AE63: Cargo Transitorio Res 1866/05 | AF63: =AF61+AF62 -> 0 | AG63: 0.004107 | AH63: =AG63*AF63 -> 0 | AI63: =+AG63*AF63 -> 0 | AK63: Cargo Transitorio Res 1866/05 | AL63: =AL61+AL62 -> 1694.9242 | AM63: 0.004107 | AN63: =AM63*AL63 -> 6.9610539 | AO63: =+AM63*AL63 -> 6.9610539 | AQ63: Cargo Transitorio Res 1866/05 | AR63: =AR61+AR62 -> 3004.7467 | AS63: 0.004107 | AT63: =AS63*AR63 -> 12.340495 | AU63: =+AS63*AR63 -> 12.340495 | AW63: Cargo Transitorio Res 1866/05 | AX63: =AX61+AX62 -> 3813.4262 | AY63: 0.004107 | AZ63: =AY63*AX63 -> 15.661741 | BA63: =+AY63*AX63 -> 15.661741 | BC63: Cargo Transitorio Res 1866/05 | BD63: =BD61+BD62 -> 4258.1184 | BE63: 0.004107 | BF63: =BE63*BD63 -> 17.488092 | BG63: =+BE63*BD63 -> 17.488092 | BI63: Cargo Transitorio Res 1866/05 | BJ63: =BJ61+BJ62 -> 5070.6105 | BK63: 0.004107 | BL63: =BK63*BJ63 -> 20.824997 | BM63: =+BK63*BJ63 -> 20.824997 | BO63: Cargo Transitorio Res 1866/05 | BP63: =BP61+BP62 -> 4299.4829 | BQ63: 0.004107 | BR63: =BQ63*BP63 -> 17.657976 | BS63: =+BQ63*BP63 -> 17.657976
A64: Subsidio Riego Agrícola | D64: =IF('Carga de datos'!$C$11=1,IF((B61*'Tarifas Riego Agricola'!$AY$16+B62*'Tarifas Riego Agricola'!$AY$17)>250*C62,(B61*'Tarifas Riego Agricola'!$AY$16+B62*'Tarifas Riego Agricola'!$AY$17),250*C62)-SUM(D59:D62),IF('Carga de datos'!$C$11=2,(IF((B61*'Tarifas Riego Agricola'!$AY$12+B62*'Tarifas Riego Agricola'!$AY$13)>250*C62,(B61*'Tarifas Riego Agricola'!$AY$12+B62*'Tarifas Riego Agricola'!$AY$13),250*C62)-SUM(D59:D62)),0)) -> 47.363 | E64: =D64 -> 47.363 | G64: Subsidio Riego Agrícola | J64: =IF('Carga de datos'!$C$11=1,IF((H61*'Tarifas Riego Agricola'!$AZ$16+H62*'Tarifas Riego Agricola'!$AZ$17)>250*I62,(H61*'Tarifas Riego Agricola'!$AZ$16+H62*'Tarifas Riego Agricola'!$AZ$17),250*I62)-SUM(J59:J62),IF('Carga de datos'!$C$11=2,(IF((H61*'Tarifas Riego Agricola'!$AZ$12+H62*'Tarifas Riego Agricola'!$AZ$13)>250*I62,(H61*'Tarifas Riego Agricola'!$AZ$12+H62*'Tarifas Riego Agricola'!$AZ$13),250*I62)-SUM(J59:J62)),0)) -> 167.932 | K64: =J64 -> 167.932 | M64: Subsidio Riego Agrícola | P64: =IF('Carga de datos'!$C$11=1,IF((N61*'Tarifas Riego Agricola'!$BA$16+N62*'Tarifas Riego Agricola'!$BA$17)>250*O62,(N61*'Tarifas Riego Agricola'!$BA$16+N62*'Tarifas Riego Agricola'!$BA$17),250*O62)-SUM(P59:P62),IF('Carga de datos'!$C$11=2,(IF((N61*'Tarifas Riego Agricola'!$BA$12+N62*'Tarifas Riego Agricola'!$BA$13)>250*O62,(N61*'Tarifas Riego Agricola'!$BA$12+N62*'Tarifas Riego Agricola'!$BA$13),250*O62)-SUM(P59:P62)),0)) -> 167.932 | Q64: =P64 -> 167.932 | S64: Subsidio Riego Agrícola | V64: =IF('Carga de datos'!$C$11=1,IF((T61*'Tarifas Riego Agricola'!$BB$16+T62*'Tarifas Riego Agricola'!$BB$17)>250*U62,(T61*'Tarifas Riego Agricola'!$BB$16+T62*'Tarifas Riego Agricola'!$BB$17),250*U62)-SUM(V59:V62),IF('Carga de datos'!$C$11=2,(IF((T61*'Tarifas Riego Agricola'!$BB$12+T62*'Tarifas Riego Agricola'!$BB$13)>250*U62,(T61*'Tarifas Riego Agricola'!$BB$12+T62*'Tarifas Riego Agricola'!$BB$13),250*U62)-SUM(V59:V62)),0)) -> 167.932 | W64: =V64 -> 167.932 | Y64: Subsidio Riego Agrícola | AB64: =IF('Carga de datos'!$C$11=1,IF((Z61*'Tarifas Riego Agricola'!$BC$16+Z62*'Tarifas Riego Agricola'!$BC$17)>250*AA62,(Z61*'Tarifas Riego Agricola'!$BC$16+Z62*'Tarifas Riego Agricola'!$BC$17),250*AA62)-SUM(AB59:AB62),IF('Carga de datos'!$C$11=2,(IF((Z61*'Tarifas Riego Agricola'!$BC$12+Z62*'Tarifas Riego Agricola'!$BC$13)>250*AA62,(Z61*'Tarifas Riego Agricola'!$BC$12+Z62*'Tarifas Riego Agricola'!$BC$13),250*AA62)-SUM(AB59:AB62)),0)) -> 204.007 | AC64: =AB64 -> 204.007 | AE64: Subsidio Riego Agrícola | AH64: =IF('Carga de datos'!$C$11=1,IF((AF61*'Tarifas Riego Agricola'!$BD$16+AF62*'Tarifas Riego Agricola'!$BD$17)>250*AG62,(AF61*'Tarifas Riego Agricola'!$BD$16+AF62*'Tarifas Riego Agricola'!$BD$17),250*AG62)-SUM(AH59:AH62),IF('Carga de datos'!$C$11=2,(IF((AF61*'Tarifas Riego Agricola'!$BD$12+AF62*'Tarifas Riego Agricola'!$BD$13)>250*AG62,(AF61*'Tarifas Riego Agricola'!$BD$12+AF62*'Tarifas Riego Agricola'!$BD$13),250*AG62)-SUM(AH59:AH62)),0)) -> 203.007 | AI64: =AH64 -> 203.007 | AK64: Subsidio Riego Agrícola | AN64: =IF('Carga de datos'!$C$11=1,IF((AL61*'Tarifas Riego Agricola'!$BE$16+AL62*'Tarifas Riego Agricola'!$BE$17)>250*AM62,(AL61*'Tarifas Riego Agricola'!$BE$16+AL62*'Tarifas Riego Agricola'!$BE$17),250*AM62)-SUM(AN59:AN62),IF('Carga de datos'!$C$11=2,(IF((AL61*'Tarifas Riego Agricola'!$BE$12+AL62*'Tarifas Riego Agricola'!$BE$13)>250*AM62,(AL61*'Tarifas Riego Agricola'!$BE$12+AL62*'Tarifas Riego Agricola'!$BE$13),250*AM62)-SUM(AN59:AN62)),0)) -> -4504.517 | AO64: =AN64 -> -4504.517 | AQ64: Subsidio Riego Agrícola | AT64: =IF('Carga de datos'!$C$11=1,IF((AR61*'Tarifas Riego Agricola'!$BF$16+AR62*'Tarifas Riego Agricola'!$BF$17)>250*AS62,(AR61*'Tarifas Riego Agricola'!$BF$16+AR62*'Tarifas Riego Agricola'!$BF$17),250*AS62)-SUM(AT59:AT62),IF('Carga de datos'!$C$11=2,(IF((AR61*'Tarifas Riego Agricola'!$BF$12+AR62*'Tarifas Riego Agricola'!$BF$13)>250*AS62,(AR61*'Tarifas Riego Agricola'!$BF$12+AR62*'Tarifas Riego Agricola'!$BF$13),250*AS62)-SUM(AT59:AT62)),0)) -> -6400.4674 | AU64: =AT64 -> -6400.4674 | AW64: Subsidio Riego Agrícola | AZ64: =IF('Carga de datos'!$C$11=1,IF((AX61*'Tarifas Riego Agricola'!$BG$16+AX62*'Tarifas Riego Agricola'!$BG$17)>250*AY62,(AX61*'Tarifas Riego Agricola'!$BG$16+AX62*'Tarifas Riego Agricola'!$BG$17),250*AY62)-SUM(AZ59:AZ62),IF('Carga de datos'!$C$11=2,(IF((AX61*'Tarifas Riego Agricola'!$BG$12+AX62*'Tarifas Riego Agricola'!$BG$13)>250*AY62,(AX61*'Tarifas Riego Agricola'!$BG$12+AX62*'Tarifas Riego Agricola'!$BG$13),250*AY62)-SUM(AZ59:AZ62)),0)) -> -7548.7438 | BA64: =AZ64 -> -7548.7438 | BC64: Subsidio Riego Agrícola | BF64: =IF('Carga de datos'!$C$11=1,IF((BD61*'Tarifas Riego Agricola'!$BH$16+BD62*'Tarifas Riego Agricola'!$BH$17)>250*BE62,(BD61*'Tarifas Riego Agricola'!$BH$16+BD62*'Tarifas Riego Agricola'!$BH$17),250*BE62)-SUM(BF59:BF62),IF('Carga de datos'!$C$11=2,(IF((BD61*'Tarifas Riego Agricola'!$BH$12+BD62*'Tarifas Riego Agricola'!$BH$13)>250*BE62,(BD61*'Tarifas Riego Agricola'!$BH$12+BD62*'Tarifas Riego Agricola'!$BH$13),250*BE62)-SUM(BF59:BF62)),0)) -> -8186.5386 | BG64: =BF64 -> -8186.5386 | BI64: Subsidio Riego Agrícola | BL64: =IF('Carga de datos'!$C$11=1,IF((BJ61*'Tarifas Riego Agricola'!$BI$16+BJ62*'Tarifas Riego Agricola'!$BI$17)>250*BK62,(BJ61*'Tarifas Riego Agricola'!$BI$16+BJ62*'Tarifas Riego Agricola'!$BI$17),250*BK62)-SUM(BL59:BL62),IF('Carga de datos'!$C$11=2,(IF((BJ61*'Tarifas Riego Agricola'!$BI$12+BJ62*'Tarifas Riego Agricola'!$BI$13)>250*BK62,(BJ61*'Tarifas Riego Agricola'!$BI$12+BJ62*'Tarifas Riego Agricola'!$BI$13),250*BK62)-SUM(BL59:BL62)),0)) -> -10105.293 | BM64: =BL64 -> -10105.293 | BO64: Subsidio Riego Agrícola | BR64: =IF('Carga de datos'!$C$11=1,IF((BP61*'Tarifas Riego Agricola'!$BJ$16+BP62*'Tarifas Riego Agricola'!$BJ$17)>250*BQ62,(BP61*'Tarifas Riego Agricola'!$BJ$16+BP62*'Tarifas Riego Agricola'!$BJ$17),250*BQ62)-SUM(BR59:BR62),IF('Carga de datos'!$C$11=2,(IF((BP61*'Tarifas Riego Agricola'!$BJ$12+BP62*'Tarifas Riego Agricola'!$BJ$13)>250*BQ62,(BP61*'Tarifas Riego Agricola'!$BJ$12+BP62*'Tarifas Riego Agricola'!$BJ$13),250*BQ62)-SUM(BR59:BR62)),0)) -> -8861.8934 | BS64: =BR64 -> -8861.8934
A65: Impuestos Provinciales Ley 6922/8398 | B65: 0.03 | D65: =SUM(D59:D64)*((100/97)-1) -> 13.271907 | E65: =D65 -> 13.271907 | G65: Impuestos Provinciales Ley 6922/8398 | H65: 0.03 | J65: =SUM(J59:J64)*((100/97)-1) -> 17.352835 | K65: =J65 -> 17.352835 | M65: Impuestos Provinciales Ley 6922/8398 | N65: 0.03 | P65: =SUM(P59:P64)*((100/97)-1) -> 17.352835 | Q65: =P65 -> 17.352835 | S65: Impuestos Provinciales Ley 6922/8398 | T65: 0.03 | V65: =SUM(V59:V64)*((100/97)-1) -> 17.352835 | W65: =V65 -> 17.352835 | Y65: Impuestos Provinciales Ley 6922/8398 | Z65: 0.03 | AB65: =SUM(AB59:AB64)*((100/97)-1) -> 18.468557 | AC65: =AB65 -> 18.468557 | AE65: Impuestos Provinciales Ley 6922/8398 | AF65: 0.03 | AH65: =SUM(AH59:AH64)*((100/97)-1) -> 18.468557 | AI65: =AH65 -> 18.468557 | AK65: Impuestos Provinciales Ley 6922/8398 | AL65: 0.03 | AN65: =SUM(AN59:AN64)*((100/97)-1) -> 51.549513 | AO65: =AN65 -> 51.549513 | AQ65: Impuestos Provinciales Ley 6922/8398 | AR65: 0.03 | AT65: =SUM(AT59:AT64)*((100/97)-1) -> 99.497728 | AU65: =AT65 -> 99.497728 | AW65: Impuestos Provinciales Ley 6922/8398 | AX65: 0.03 | AZ65: =SUM(AZ59:AZ64)*((100/97)-1) -> 135.19011 | BA65: =AZ65 -> 135.19011 | BC65: Impuestos Provinciales Ley 6922/8398 | BD65: 0.03 | BF65: =SUM(BF59:BF64)*((100/97)-1) -> 153.0792 | BG65: =BF65 -> 153.0792 | BI65: Impuestos Provinciales Ley 6922/8398 | BJ65: 0.03 | BL65: =SUM(BL59:BL64)*((100/97)-1) -> 197.63119 | BM65: =BL65 -> 197.63119 | BO65: Impuestos Provinciales Ley 6922/8398 | BP65: 0.03 | BR65: =SUM(BR59:BR64)*((100/97)-1) -> 171.89331 | BS65: =BR65 -> 171.89331
A66: SUB-TOTAL BÁSICO | D66: =IF('Carga de datos'!$C$11=3,IF((SUM(D59:D65)-'Calculos Sin Estabilizacion'!D65)>250*'Calculos Sin Estabilizacion'!C62,SUM(D59:D65),250*'Calculos Sin Estabilizacion'!C62+250*'Calculos Sin Estabilizacion'!C62*((100/97)-1)),SUM(D59:D65)) -> 442.39691 | E66: =IF('Carga de datos'!$C$11=3,IF((SUM(E59:E65)-'Calculos Sin Estabilizacion'!E65)>250*'Calculos Sin Estabilizacion'!C62,SUM(E59:E65),250*'Calculos Sin Estabilizacion'!C62+250*'Calculos Sin Estabilizacion'!C62*((100/97)-1)),SUM(E59:E65)) -> 442.39691 | G66: SUB-TOTAL BÁSICO | J66: =IF('Carga de datos'!$C$11=3,IF((SUM(J59:J65)-'Calculos Sin Estabilizacion'!J65)>250*'Calculos Sin Estabilizacion'!I62,SUM(J59:J65),250*'Calculos Sin Estabilizacion'!I62+250*'Calculos Sin Estabilizacion'!I62*((100/97)-1)),SUM(J59:J65)) -> 578.42784 | K66: =IF('Carga de datos'!$C$11=3,IF((SUM(K59:K65)-'Calculos Sin Estabilizacion'!K65)>250*'Calculos Sin Estabilizacion'!I62,SUM(K59:K65),250*'Calculos Sin Estabilizacion'!I62+250*'Calculos Sin Estabilizacion'!I62*((100/97)-1)),SUM(K59:K65)) -> 578.42784 | M66: SUB-TOTAL BÁSICO | P66: =IF('Carga de datos'!$C$11=3,IF((SUM(P59:P65)-'Calculos Sin Estabilizacion'!P65)>250*'Calculos Sin Estabilizacion'!O62,SUM(P59:P65),250*'Calculos Sin Estabilizacion'!O62+250*'Calculos Sin Estabilizacion'!O62*((100/97)-1)),SUM(P59:P65)) -> 578.42784 | Q66: =IF('Carga de datos'!$C$11=3,IF((SUM(Q59:Q65)-'Calculos Sin Estabilizacion'!Q65)>250*'Calculos Sin Estabilizacion'!O62,SUM(Q59:Q65),250*'Calculos Sin Estabilizacion'!O62+250*'Calculos Sin Estabilizacion'!O62*((100/97)-1)),SUM(Q59:Q65)) -> 578.42784 | S66: SUB-TOTAL BÁSICO | V66: =IF('Carga de datos'!$C$11=3,IF((SUM(V59:V65)-'Calculos Sin Estabilizacion'!V65)>250*'Calculos Sin Estabilizacion'!U62,SUM(V59:V65),250*'Calculos Sin Estabilizacion'!U62+250*'Calculos Sin Estabilizacion'!U62*((100/97)-1)),SUM(V59:V65)) -> 578.42784 | W66: =IF('Carga de datos'!$C$11=3,IF((SUM(W59:W65)-'Calculos Sin Estabilizacion'!W65)>250*'Calculos Sin Estabilizacion'!U62,SUM(W59:W65),250*'Calculos Sin Estabilizacion'!U62+250*'Calculos Sin Estabilizacion'!U62*((100/97)-1)),SUM(W59:W65)) -> 578.42784 | Y66: SUB-TOTAL BÁSICO | AB66: =IF('Carga de datos'!$C$11=3,IF((SUM(AB59:AB65)-'Calculos Sin Estabilizacion'!AB65)>250*'Calculos Sin Estabilizacion'!AA62,SUM(AB59:AB65),250*'Calculos Sin Estabilizacion'!AA62+250*'Calculos Sin Estabilizacion'!AA62*((100/97)-1)),SUM(AB59:AB65)) -> 615.61856 | AC66: =IF('Carga de datos'!$C$11=3,IF((SUM(AC59:AC65)-'Calculos Sin Estabilizacion'!AC65)>250*'Calculos Sin Estabilizacion'!AA62,SUM(AC59:AC65),250*'Calculos Sin Estabilizacion'!AA62+250*'Calculos Sin Estabilizacion'!AA62*((100/97)-1)),SUM(AC59:AC65)) -> 615.61856 | AE66: SUB-TOTAL BÁSICO | AH66: =IF('Carga de datos'!$C$11=3,IF((SUM(AH59:AH65)-'Calculos Sin Estabilizacion'!AH65)>250*'Calculos Sin Estabilizacion'!AG62,SUM(AH59:AH65),250*'Calculos Sin Estabilizacion'!AG62+250*'Calculos Sin Estabilizacion'!AG62*((100/97)-1)),SUM(AH59:AH65)) -> 615.61856 | AI66: =IF('Carga de datos'!$C$11=3,IF((SUM(AI59:AI65)-'Calculos Sin Estabilizacion'!AI65)>250*'Calculos Sin Estabilizacion'!AG62,SUM(AI59:AI65),250*'Calculos Sin Estabilizacion'!AG62+250*'Calculos Sin Estabilizacion'!AG62*((100/97)-1)),SUM(AI59:AI65)) -> 615.61856 | AK66: SUB-TOTAL BÁSICO | AN66: =IF('Carga de datos'!$C$11=3,IF((SUM(AN59:AN65)-'Calculos Sin Estabilizacion'!AN65)>250*'Calculos Sin Estabilizacion'!AM62,SUM(AN59:AN65),250*'Calculos Sin Estabilizacion'!AM62+250*'Calculos Sin Estabilizacion'!AM62*((100/97)-1)),SUM(AN59:AN65)) -> 1718.3171 | AO66: =IF('Carga de datos'!$C$11=3,IF((SUM(AO59:AO65)-'Calculos Sin Estabilizacion'!AO65)>250*'Calculos Sin Estabilizacion'!AM62,SUM(AO59:AO65),250*'Calculos Sin Estabilizacion'!AM62+250*'Calculos Sin Estabilizacion'!AM62*((100/97)-1)),SUM(AO59:AO65)) -> 3393.7273 | AQ66: SUB-TOTAL BÁSICO | AT66: =IF('Carga de datos'!$C$11=3,IF((SUM(AT59:AT65)-'Calculos Sin Estabilizacion'!AT65)>250*'Calculos Sin Estabilizacion'!AS62,SUM(AT59:AT65),250*'Calculos Sin Estabilizacion'!AS62+250*'Calculos Sin Estabilizacion'!AS62*((100/97)-1)),SUM(AT59:AT65)) -> 3316.5909 | AU66: =IF('Carga de datos'!$C$11=3,IF((SUM(AU59:AU65)-'Calculos Sin Estabilizacion'!AU65)>250*'Calculos Sin Estabilizacion'!AS62,SUM(AU59:AU65),250*'Calculos Sin Estabilizacion'!AS62+250*'Calculos Sin Estabilizacion'!AS62*((100/97)-1)),SUM(AU59:AU65)) -> 6779.1397 | AW66: SUB-TOTAL BÁSICO | AZ66: =IF('Carga de datos'!$C$11=3,IF((SUM(AZ59:AZ65)-'Calculos Sin Estabilizacion'!AZ65)>250*'Calculos Sin Estabilizacion'!AY62,SUM(AZ59:AZ65),250*'Calculos Sin Estabilizacion'!AY62+250*'Calculos Sin Estabilizacion'!AY62*((100/97)-1)),SUM(AZ59:AZ65)) -> 4506.3371 | BA66: =IF('Carga de datos'!$C$11=3,IF((SUM(BA59:BA65)-'Calculos Sin Estabilizacion'!BA65)>250*'Calculos Sin Estabilizacion'!AY62,SUM(BA59:BA65),250*'Calculos Sin Estabilizacion'!AY62+250*'Calculos Sin Estabilizacion'!AY62*((100/97)-1)),SUM(BA59:BA65)) -> 8914.5699 | BC66: SUB-TOTAL BÁSICO | BF66: =IF('Carga de datos'!$C$11=3,IF((SUM(BF59:BF65)-'Calculos Sin Estabilizacion'!BF65)>250*'Calculos Sin Estabilizacion'!BE62,SUM(BF59:BF65),250*'Calculos Sin Estabilizacion'!BE62+250*'Calculos Sin Estabilizacion'!BE62*((100/97)-1)),SUM(BF59:BF65)) -> 5102.6399 | BG66: =IF('Carga de datos'!$C$11=3,IF((SUM(BG59:BG65)-'Calculos Sin Estabilizacion'!BG65)>250*'Calculos Sin Estabilizacion'!BE62,SUM(BG59:BG65),250*'Calculos Sin Estabilizacion'!BE62+250*'Calculos Sin Estabilizacion'!BE62*((100/97)-1)),SUM(BG59:BG65)) -> 10028.214 | BI66: SUB-TOTAL BÁSICO | BL66: =IF('Carga de datos'!$C$11=3,IF((SUM(BL59:BL65)-'Calculos Sin Estabilizacion'!BL65)>250*'Calculos Sin Estabilizacion'!BK62,SUM(BL59:BL65),250*'Calculos Sin Estabilizacion'!BK62+250*'Calculos Sin Estabilizacion'!BK62*((100/97)-1)),SUM(BL59:BL65)) -> 6587.7063 | BM66: =IF('Carga de datos'!$C$11=3,IF((SUM(BM59:BM65)-'Calculos Sin Estabilizacion'!BM65)>250*'Calculos Sin Estabilizacion'!BK62,SUM(BM59:BM65),250*'Calculos Sin Estabilizacion'!BK62+250*'Calculos Sin Estabilizacion'!BK62*((100/97)-1)),SUM(BM59:BM65)) -> 11680.128 | BO66: SUB-TOTAL BÁSICO | BR66: =IF('Carga de datos'!$C$11=3,IF((SUM(BR59:BR65)-'Calculos Sin Estabilizacion'!BR65)>250*'Calculos Sin Estabilizacion'!BQ62,SUM(BR59:BR65),250*'Calculos Sin Estabilizacion'!BQ62+250*'Calculos Sin Estabilizacion'!BQ62*((100/97)-1)),SUM(BR59:BR65)) -> 5729.7769 | BS66: =IF('Carga de datos'!$C$11=3,IF((SUM(BS59:BS65)-'Calculos Sin Estabilizacion'!BS65)>250*'Calculos Sin Estabilizacion'!BQ62,SUM(BS59:BS65),250*'Calculos Sin Estabilizacion'!BQ62+250*'Calculos Sin Estabilizacion'!BQ62*((100/97)-1)),SUM(BS59:BS65)) -> 10051.352
A67: IVA Consumidor Final | B67: 0.27 | D67: =+D66*B67 -> 119.44716 | G67: IVA Consumidor Final | H67: 0.27 | J67: =+J66*H67 -> 156.17552 | M67: IVA Consumidor Final | N67: 0.27 | P67: =+P66*N67 -> 156.17552 | S67: IVA Consumidor Final | T67: 0.27 | V67: =+V66*T67 -> 156.17552 | Y67: IVA Consumidor Final | Z67: 0.27 | AB67: =+AB66*Z67 -> 166.21701 | AE67: IVA Consumidor Final | AF67: 0.27 | AH67: =+AH66*AF67 -> 166.21701 | AK67: IVA Consumidor Final | AL67: 0.27 | AN67: =+AN66*AL67 -> 463.94562 | AQ67: IVA Consumidor Final | AR67: 0.27 | AT67: =+AT66*AR67 -> 895.47955 | AW67: IVA Consumidor Final | AX67: 0.27 | AZ67: =+AZ66*AX67 -> 1216.711 | BC67: IVA Consumidor Final | BD67: 0.27 | BF67: =+BF66*BD67 -> 1377.7128 | BI67: IVA Consumidor Final | BJ67: 0.27 | BL67: =+BL66*BJ67 -> 1778.6807 | BO67: IVA Consumidor Final | BP67: 0.27 | BR67: =+BR66*BP67 -> 1547.0398
A68: Tasa Insp. y Control Prov. | B68: 0.015 | D68: =E66*B68 -> 6.6359536 | G68: Tasa Insp. y Control Prov. | H68: 0.015 | J68: =K66*H68 -> 8.6764175 | M68: Tasa Insp. y Control Prov. | N68: 0.015 | P68: =Q66*N68 -> 8.6764175 | S68: Tasa Insp. y Control Prov. | T68: 0.015 | V68: =W66*T68 -> 8.6764175 | Y68: Tasa Insp. y Control Prov. | Z68: 0.015 | AB68: =AC66*Z68 -> 9.2342784 | AE68: Tasa Insp. y Control Prov. | AF68: 0.015 | AH68: =AI66*AF68 -> 9.2342784 | AK68: Tasa Insp. y Control Prov. | AL68: 0.015 | AN68: =AO66*AL68 -> 50.90591 | AQ68: Tasa Insp. y Control Prov. | AR68: 0.015 | AT68: =AU66*AR68 -> 101.6871 | AW68: Tasa Insp. y Control Prov. | AX68: 0.015 | AZ68: =BA66*AX68 -> 133.71855 | BC68: Tasa Insp. y Control Prov. | BD68: 0.015 | BF68: =BG66*BD68 -> 150.42321 | BI68: Tasa Insp. y Control Prov. | BJ68: 0.015 | BL68: =BM66*BJ68 -> 175.20192 | BO68: Tasa Insp. y Control Prov. | BP68: 0.015 | BR68: =BS66*BP68 -> 150.77028
A69: CCCE-Art. 74 inc. d) Ley 6497- Ley 8530 | B69: 0.05 | D69: =E66*B69 -> 22.119845 | G69: CCCE-Art. 74 inc. d) Ley 6497- Ley 8530 | H69: 0.05 | J69: =K66*H69 -> 28.921392 | M69: CCCE-Art. 74 inc. d) Ley 6497- Ley 8530 | N69: 0.05 | P69: =Q66*N69 -> 28.921392 | S69: CCCE-Art. 74 inc. d) Ley 6497- Ley 8530 | T69: 0.05 | V69: =W66*T69 -> 28.921392 | Y69: CCCE-Art. 74 inc. d) Ley 6497- Ley 8530 | Z69: 0.05 | AB69: =AC66*Z69 -> 30.780928 | AE69: CCCE-Art. 74 inc. d) Ley 6497- Ley 8530 | AF69: 0.05 | AH69: =AI66*AF69 -> 30.780928 | AK69: CCCE-Art. 74 inc. d) Ley 6497- Ley 8530 | AL69: 0.05 | AN69: =AO66*AL69 -> 169.68637 | AQ69: CCCE-Art. 74 inc. d) Ley 6497- Ley 8530 | AR69: 0.05 | AT69: =AU66*AR69 -> 338.95699 | AW69: CCCE-Art. 74 inc. d) Ley 6497- Ley 8530 | AX69: 0.05 | AZ69: =BA66*AX69 -> 445.7285 | BC69: CCCE-Art. 74 inc. d) Ley 6497- Ley 8530 | BD69: 0.05 | BF69: =BG66*BD69 -> 501.4107 | BI69: CCCE-Art. 74 inc. d) Ley 6497- Ley 8530 | BJ69: 0.05 | BL69: =BM66*BJ69 -> 584.00641 | BO69: CCCE-Art. 74 inc. d) Ley 6497- Ley 8530 | BP69: 0.05 | BR69: =BS66*BP69 -> 502.56758
